Workbook

Sheet Anubis input
A1: =CONCATENATE('ALL Activities'!A3, " ", 'ALL Activities'!C3) -> Project No: GFL-2328-2716-[XXXX]
A2: =CONCATENATE('ALL Activities'!A4, " ", 'ALL Activities'!C4) -> Project Name: Institutional Capacity to Enhance Biosafety Practices in Malaysia
A3: =CONCATENATE('ALL Activities'!A5, " ", 'ALL Activities'!C5) -> Executing Agency: Ministry of Natural Resources and Environment
A5: UNEP BUDGET LINE/OBJECT OF EXPENDITURE | E5: GLOBAL BUDGET | J5: Budget | N5: Budget | R5: Budget | V5: Budget | Z5: Budget
F6: Total (all years) | I6: Y1 | M6: Y2 | Q6: Y3 | U6: Y4 | Y6: Y5
E7: GEF | F7: GOV | G7: TOT | I7: GEF | J7: GOV | K7: TOT | M7: GEF | N7: GOV | O7: TOT | Q7: GEF | R7: GOV | S7: TOT | U7: GEF | V7: GOV | W7: TOT | Y7: GEF | Z7: GOV | AA7: TOT
A8: 10 PROJECT PERSONNEL COMPONENT
A9: 1101 | B9: National Project Coordinator | E9: =SUM(I9,M9,Q9,U9,Y9) -> 72000 | F9: =SUM(J9,N9,R9,V9,Z9) -> 0 | G9: =SUM(K9,O9,S9,W9,AA9) -> 72000 | I9: =SUM('Activity A'!E37,'Activity B'!E37,'Activity C'!E37,'Activity D'!E37,'Activity E'!E37, 'Activity F'!E37, 'Activity G'!E37) -> 12000 | J9: =SUM('Activity A'!F37,'Activity B'!F37,'Activity C'!F37,'Activity D'!F37,'Activity E'!F37, 'Activity F'!F37, 'Activity G'!F37) -> 0 | K9: =SUM(I9:J9) -> 12000 | M9: =SUM('Activity A'!G37,'Activity B'!G37,'Activity C'!G37,'Activity D'!G37,'Activity E'!G37, 'Activity F'!G37, 'Activity G'!G37) -> 20000 | N9: =SUM('Activity A'!H37,'Activity B'!H37,'Activity C'!H37,'Activity D'!H37,'Activity E'!H37, 'Activity F'!H37, 'Activity G'!H37) -> 0 | O9: =SUM(M9:N9) -> 20000 | Q9: =SUM('Activity A'!I37,'Activity B'!I37,'Activity C'!I37,'Activity D'!I37,'Activity E'!I37, 'Activity F'!I37, 'Activity G'!I37) -> 20000 | R9: =SUM('Activity A'!J37,'Activity B'!J37,'Activity C'!J37,'Activity D'!J37,'Activity E'!J37, 'Activity F'!J37, 'Activity G'!J37) -> 0 | S9: =SUM(Q9:R9) -> 20000 | U9: =SUM('Activity A'!K37,'Activity B'!K37,'Activity C'!K37,'Activity D'!K37,'Activity E'!K37, 'Activity F'!K37, 'Activity G'!K37) -> 20000 | V9: =SUM('Activity A'!L37,'Activity B'!L37,'Activity C'!L37,'Activity D'!L37,'Activity E'!L37, 'Activity F'!L37, 'Activity G'!L37) -> 0 | W9: =SUM(U9:V9) -> 20000 | Y9: =SUM('Activity A'!M37,'Activity B'!M37,'Activity C'!M37,'Activity D'!M37,'Activity E'!M37, 'Activity F'!M37, 'Activity G'!M37) -> 0 | Z9: =SUM('Activity A'!N37,'Activity B'!N37,'Activity C'!N37,'Activity D'!N37,'Activity E'!N37, 'Activity F'!N37) -> 0 | AA9: =SUM(Y9:Z9) -> 0
A10: 1102 | B10: Project Staff | E10: =SUM(I10,M10,Q10,U10,Y10) -> 0 | F10: =SUM(J10,N10,R10,V10,Z10) -> 481000 | G10: =SUM(K10,O10,S10,W10,AA10) -> 481000 | I10: =SUM('Activity A'!E38,'Activity B'!E38,'Activity C'!E38,'Activity D'!E38,'Activity E'!E38, 'Activity F'!E38, 'Activity G'!E38) -> 0 | J10: =SUM('Activity A'!F38,'Activity B'!F38,'Activity C'!F38,'Activity D'!F38,'Activity E'!F38, 'Activity F'!F38, 'Activity G'!F38) -> 76500 | K10: =SUM(I10:J10) -> 76500 | M10: =SUM('Activity A'!G38,'Activity B'!G38,'Activity C'!G38,'Activity D'!G38,'Activity E'!G38, 'Activity F'!G38, 'Activity G'!G38) -> 0 | N10: =SUM('Activity A'!H38,'Activity B'!H38,'Activity C'!H38,'Activity D'!H38,'Activity E'!H38, 'Activity F'!H38, 'Activity G'!H38) -> 160500 | O10: =SUM(M10:N10) -> 160500 | Q10: =SUM('Activity A'!I38,'Activity B'!I38,'Activity C'!I38,'Activity D'!I38,'Activity E'!I38, 'Activity F'!I38, 'Activity G'!I38) -> 0 | R10: =SUM('Activity A'!J38,'Activity B'!J38,'Activity C'!J38,'Activity D'!J38,'Activity E'!J38, 'Activity F'!J38, 'Activity G'!J38) -> 123000 | S10: =SUM(Q10:R10) -> 123000 | U10: =SUM('Activity A'!K38,'Activity B'!K38,'Activity C'!K38,'Activity D'!K38,'Activity E'!K38, 'Activity F'!K38, 'Activity G'!K38) -> 0 | V10: =SUM('Activity A'!L38,'Activity B'!L38,'Activity C'!L38,'Activity D'!L38,'Activity E'!L38, 'Activity F'!L38, 'Activity G'!L38) -> 121000 | W10: =SUM(U10:V10) -> 121000 | Y10: =SUM('Activity A'!M38,'Activity B'!M38,'Activity C'!M38,'Activity D'!M38,'Activity E'!M38, 'Activity F'!M38, 'Activity G'!M38) -> 0 | Z10: =SUM('Activity A'!N38,'Activity B'!N38,'Activity C'!N38,'Activity D'!N38,'Activity E'!N38, 'Activity F'!N38) -> 0 | AA10: =SUM(Y10:Z10) -> 0
A11: 1120 | B11: Administrative Staff | E11: =SUM(I11,M11,Q11,U11,Y11) -> 0 | F11: =SUM(J11,N11,R11,V11,Z11) -> 0 | G11: =SUM(K11,O11,S11,W11,AA11) -> 0 | I11: =SUM('Activity A'!E39,'Activity B'!E39,'Activity C'!E39,'Activity D'!E39,'Activity E'!E39, 'Activity F'!E39, 'Activity G'!E39) -> 0 | J11: =SUM('Activity A'!F39,'Activity B'!F39,'Activity C'!F39,'Activity D'!F39,'Activity E'!F39, 'Activity F'!F39, 'Activity G'!F39) -> 0 | K11: =SUM(I11:J11) -> 0 | M11: =SUM('Activity A'!G39,'Activity B'!G39,'Activity C'!G39,'Activity D'!G39,'Activity E'!G39, 'Activity F'!G39, 'Activity G'!G39) -> 0 | N11: =SUM('Activity A'!H39,'Activity B'!H39,'Activity C'!H39,'Activity D'!H39,'Activity E'!H39, 'Activity F'!H39, 'Activity G'!H39) -> 0 | O11: =SUM(M11:N11) -> 0 | Q11: =SUM('Activity A'!I39,'Activity B'!I39,'Activity C'!I39,'Activity D'!I39,'Activity E'!I39, 'Activity F'!I39, 'Activity G'!I39) -> 0 | R11: =SUM('Activity A'!J39,'Activity B'!J39,'Activity C'!J39,'Activity D'!J39,'Activity E'!J39, 'Activity F'!J39, 'Activity G'!J39) -> 0 | S11: =SUM(Q11:R11) -> 0 | U11: =SUM('Activity A'!K39,'Activity B'!K39,'Activity C'!K39,'Activity D'!K39,'Activity E'!K39, 'Activity F'!K39, 'Activity G'!K39) -> 0 | V11: =SUM('Activity A'!L39,'Activity B'!L39,'Activity C'!L39,'Activity D'!L39,'Activity E'!L39, 'Activity F'!L39, 'Activity G'!L39) -> 0 | W11: =SUM(U11:V11) -> 0 | Y11: =SUM('Activity A'!M39,'Activity B'!M39,'Activity C'!M39,'Activity D'!M39,'Activity E'!M39, 'Activity F'!M39, 'Activity G'!M39) -> 0 | Z11: =SUM('Activity A'!N39,'Activity B'!N39,'Activity C'!N39,'Activity D'!N39,'Activity E'!N39, 'Activity F'!N39) -> 0 | AA11: =SUM(Y11:Z11) -> 0
A12: 1201 | B12: International Consultants | E12: =SUM(I12,M12,Q12,U12,Y12) -> 10000 | F12: =SUM(J12,N12,R12,V12,Z12) -> 0 | G12: =SUM(K12,O12,S12,W12,AA12) -> 10000 | I12: =SUM('Activity A'!E40,'Activity B'!E40,'Activity C'!E40,'Activity D'!E40,'Activity E'!E40, 'Activity F'!E40, 'Activity G'!E40) -> 0 | J12: =SUM('Activity A'!F40,'Activity B'!F40,'Activity C'!F40,'Activity D'!F40,'Activity E'!F40, 'Activity F'!F40, 'Activity G'!F40) -> 0 | K12: =SUM(I12:J12) -> 0 | M12: =SUM('Activity A'!G40,'Activity B'!G40,'Activity C'!G40,'Activity D'!G40,'Activity E'!G40, 'Activity F'!G40, 'Activity G'!G40) -> 8000 | N12: =SUM('Activity A'!H40,'Activity B'!H40,'Activity C'!H40,'Activity D'!H40,'Activity E'!H40, 'Activity F'!H40, 'Activity G'!H40) -> 0 | O12: =SUM(M12:N12) -> 8000 | Q12: =SUM('Activity A'!I40,'Activity B'!I40,'Activity C'!I40,'Activity D'!I40,'Activity E'!I40, 'Activity F'!I40, 'Activity G'!I40) -> 2000 | R12: =SUM('Activity A'!J40,'Activity B'!J40,'Activity C'!J40,'Activity D'!J40,'Activity E'!J40, 'Activity F'!J40, 'Activity G'!J40) -> 0 | S12: =SUM(Q12:R12) -> 2000 | U12: =SUM('Activity A'!K40,'Activity B'!K40,'Activity C'!K40,'Activity D'!K40,'Activity E'!K40, 'Activity F'!K40, 'Activity G'!K40) -> 0 | V12: =SUM('Activity A'!L40,'Activity B'!L40,'Activity C'!L40,'Activity D'!L40,'Activity E'!L40, 'Activity F'!L40, 'Activity G'!L40) -> 0 | W12: =SUM(U12:V12) -> 0 | Y12: =SUM('Activity A'!M40,'Activity B'!M40,'Activity C'!M40,'Activity D'!M40,'Activity E'!M40, 'Activity F'!M40, 'Activity G'!M40) -> 0 | Z12: =SUM('Activity A'!N40,'Activity B'!N40,'Activity C'!N40,'Activity D'!N40,'Activity E'!N40, 'Activity F'!N40) -> 0 | AA12: =SUM(Y12:Z12) -> 0
A13: 1202 | B13: National Consultants | E13: =SUM(I13,M13,Q13,U13,Y13) -> 60000 | F13: =SUM(J13,N13,R13,V13,Z13) -> 0 | G13: =SUM(K13,O13,S13,W13,AA13) -> 60000 | I13: =SUM('Activity A'!E41,'Activity B'!E41,'Activity C'!E41,'Activity D'!E41,'Activity E'!E41, 'Activity F'!E41, 'Activity G'!E41) -> 13500 | J13: =SUM('Activity A'!F41,'Activity B'!F41,'Activity C'!F41,'Activity D'!F41,'Activity E'!F41, 'Activity F'!F41, 'Activity G'!F41) -> 0 | K13: =SUM(I13:J13) -> 13500 | M13: =SUM('Activity A'!G41,'Activity B'!G41,'Activity C'!G41,'Activity D'!G41,'Activity E'!G41, 'Activity F'!G41, 'Activity G'!G41) -> 25500 | N13: =SUM('Activity A'!H41,'Activity B'!H41,'Activity C'!H41,'Activity D'!H41,'Activity E'!H41, 'Activity F'!H41, 'Activity G'!H41) -> 0 | O13: =SUM(M13:N13) -> 25500 | Q13: =SUM('Activity A'!I41,'Activity B'!I41,'Activity C'!I41,'Activity D'!I41,'Activity E'!I41, 'Activity F'!I41, 'Activity G'!I41) -> 19000 | R13: =SUM('Activity A'!J41,'Activity B'!J41,'Activity C'!J41,'Activity D'!J41,'Activity E'!J41, 'Activity F'!J41, 'Activity G'!J41) -> 0 | S13: =SUM(Q13:R13) -> 19000 | U13: =SUM('Activity A'!K41,'Activity B'!K41,'Activity C'!K41,'Activity D'!K41,'Activity E'!K41, 'Activity F'!K41, 'Activity G'!K41) -> 2000 | V13: =SUM('Activity A'!L41,'Activity B'!L41,'Activity C'!L41,'Activity D'!L41,'Activity E'!L41, 'Activity F'!L41, 'Activity G'!L41) -> 0 | W13: =SUM(U13:V13) -> 2000 | Y13: =SUM('Activity A'!M41,'Activity B'!M41,'Activity C'!M41,'Activity D'!M41,'Activity E'!M41, 'Activity F'!M41, 'Activity G'!M41) -> 0 | Z13: =SUM('Activity A'!N41,'Activity B'!N41,'Activity C'!N41,'Activity D'!N41,'Activity E'!N41, 'Activity F'!N41) -> 0 | AA13: =SUM(Y13:Z13) -> 0
A14: 1601 | B14: Staff Travel & Transport | E14: =SUM(I14,M14,Q14,U14,Y14) -> 36500 | F14: =SUM(J14,N14,R14,V14,Z14) -> 111000 | G14: =SUM(K14,O14,S14,W14,AA14) -> 147500 | I14: =SUM('Activity A'!E42,'Activity B'!E42,'Activity C'!E42,'Activity D'!E42,'Activity E'!E42, 'Activity F'!E42, 'Activity G'!E42) -> 5250 | J14: =SUM('Activity A'!F42,'Activity B'!F42,'Activity C'!F42,'Activity D'!F42,'Activity E'!F42, 'Activity F'!F42, 'Activity G'!F42) -> 15000 | K14: =SUM(I14:J14) -> 20250 | M14: =SUM('Activity A'!G42,'Activity B'!G42,'Activity C'!G42,'Activity D'!G42,'Activity E'!G42, 'Activity F'!G42, 'Activity G'!G42) -> 21750 | N14: =SUM('Activity A'!H42,'Activity B'!H42,'Activity C'!H42,'Activity D'!H42,'Activity E'!H42, 'Activity F'!H42, 'Activity G'!H42) -> 66000 | O14: =SUM(M14:N14) -> 87750 | Q14: =SUM('Activity A'!I42,'Activity B'!I42,'Activity C'!I42,'Activity D'!I42,'Activity E'!I42, 'Activity F'!I42, 'Activity G'!I42) -> 4750 | R14: =SUM('Activity A'!J42,'Activity B'!J42,'Activity C'!J42,'Activity D'!J42,'Activity E'!J42, 'Activity F'!J42, 'Activity G'!J42) -> 15000 | S14: =SUM(Q14:R14) -> 19750 | U14: =SUM('Activity A'!K42,'Activity B'!K42,'Activity C'!K42,'Activity D'!K42,'Activity E'!K42, 'Activity F'!K42, 'Activity G'!K42) -> 4750 | V14: =SUM('Activity A'!L42,'Activity B'!L42,'Activity C'!L42,'Activity D'!L42,'Activity E'!L42, 'Activity F'!L42, 'Activity G'!L42) -> 15000 | W14: =SUM(U14:V14) -> 19750 | Y14: =SUM('Activity A'!M42,'Activity B'!M42,'Activity C'!M42,'Activity D'!M42,'Activity E'!M42, 'Activity F'!M42, 'Activity G'!M42) -> 0 | Z14: =SUM('Activity A'!N42,'Activity B'!N42,'Activity C'!N42,'Activity D'!N42,'Activity E'!N42, 'Activity F'!N42) -> 0 | AA14: =SUM(Y14:Z14) -> 0
A15: 1999 | B15: Component Total | E15: =SUM(I15,M15,Q15,U15,Y15) -> 178500 | F15: =SUM(J15,N15,R15,V15,Z15) -> 592000 | G15: =SUM(K15,O15,S15,W15,AA15) -> 770500 | I15: =SUM(I9:I14) -> 30750 | J15: =SUM(J9:J14) -> 91500 | K15: =SUM(I15:J15) -> 122250 | M15: =SUM(M9:M14) -> 75250 | N15: =SUM(N9:N14) -> 226500 | O15: =SUM(M15:N15) -> 301750 | Q15: =SUM(Q9:Q14) -> 45750 | R15: =SUM(R9:R14) -> 138000 | S15: =SUM(Q15:R15) -> 183750 | U15: =SUM(U9:U14) -> 26750 | V15: =SUM(V9:V14) -> 136000 | W15: =SUM(U15:V15) -> 162750 | Y15: =SUM(Y9:Y14) -> 0 | Z15: =SUM(Z9:Z14) -> 0 | AA15: =SUM(Y15:Z15) -> 0
A16: 20 SUB-CONTRACT COMPONENT
A17: 2201 | B17: Sub-contract to governmental agencies | E17: =SUM(I17,M17,Q17,U17,Y17) -> 102500 | F17: =SUM(J17,N17,R17,V17,Z17) -> 313500 | G17: =SUM(K17,O17,S17,W17,AA17) -> 416000 | I17: =SUM('Activity A'!E43,'Activity B'!E43,'Activity C'!E43,'Activity D'!E43,'Activity E'!E43, 'Activity F'!E43, 'Activity G'!E43) -> 14500 | J17: =SUM('Activity A'!F43,'Activity B'!F43,'Activity C'!F43,'Activity D'!F43,'Activity E'!F43, 'Activity F'!F43, 'Activity G'!F43) -> 49500 | K17: =SUM(I17:J17) -> 64000 | M17: =SUM('Activity A'!G43,'Activity B'!G43,'Activity C'!G43,'Activity D'!G43,'Activity E'!G43, 'Activity F'!G43, 'Activity G'!G43) -> 43000 | N17: =SUM('Activity A'!H43,'Activity B'!H43,'Activity C'!H43,'Activity D'!H43,'Activity E'!H43, 'Activity F'!H43, 'Activity G'!H43) -> 129000 | O17: =SUM(M17:N17) -> 172000 | Q17: =SUM('Activity A'!I43,'Activity B'!I43,'Activity C'!I43,'Activity D'!I43, 'Activity E'!I43, 'Activity F'!I43, 'Activity G'!I43) -> 32000 | R17: =SUM('Activity A'!J43,'Activity B'!J43,'Activity C'!J43,'Activity D'!J43, 'Activity E'!J43, 'Activity F'!J43, 'Activity G'!J43) -> 96000 | S17: =SUM(Q17:R17) -> 128000 | U17: =SUM('Activity A'!K43,'Activity B'!K43,'Activity C'!K43,'Activity D'!K43,'Activity E'!K43, 'Activity F'!K43, 'Activity G'!K43) -> 13000 | V17: =SUM('Activity A'!L43,'Activity B'!L43,'Activity C'!L43,'Activity D'!L43,'Activity E'!L43, 'Activity F'!L43, 'Activity G'!L43) -> 39000 | W17: =SUM(U17:V17) -> 52000 | Y17: =SUM('Activity A'!M43,'Activity B'!M43,'Activity C'!M43,'Activity D'!M43,'Activity E'!M43, 'Activity F'!M43, 'Activity G'!M43) -> 0 | Z17: =SUM('Activity A'!N43,'Activity B'!N43,'Activity C'!N43,'Activity D'!N43,'Activity E'!N43, 'Activity F'!N43, 'Activity G'!N43) -> 0 | AA17: =SUM(Y17:Z17) -> 0
A18: 2301 | B18: Sub-contract to private firms | E18: =SUM(I18,M18,Q18,U18,Y18) -> 45000 | F18: =SUM(J18,N18,R18,V18,Z18) -> 129000 | G18: =SUM(K18,O18,S18,W18,AA18) -> 174000 | I18: =SUM('Activity A'!E44,'Activity B'!E44,'Activity C'!E44,'Activity D'!E44,'Activity E'!E44, 'Activity F'!E44, 'Activity G'!E44) -> 4000 | J18: =SUM('Activity A'!F44,'Activity B'!F44,'Activity C'!F44,'Activity D'!F44,'Activity E'!F44, 'Activity F'!F44, 'Activity G'!F44) -> 6000 | K18: =SUM(I18:J18) -> 10000 | M18: =SUM('Activity A'!G44,'Activity B'!G44,'Activity C'!G44,'Activity D'!G44,'Activity E'!G44, 'Activity F'!G44, 'Activity G'!G44) -> 25000 | N18: =SUM('Activity A'!H44,'Activity B'!H44,'Activity C'!H44,'Activity D'!H44,'Activity E'!H44, 'Activity F'!H44, 'Activity G'!H44) -> 75000 | O18: =SUM(M18:N18) -> 100000 | Q18: =SUM('Activity A'!I44,'Activity B'!I44,'Activity C'!I44,'Activity D'!I44, 'Activity E'!I44, 'Activity F'!I44, 'Activity G'!I44) -> 14000 | R18: =SUM('Activity A'!J44,'Activity B'!J44,'Activity C'!J44,'Activity D'!J44, 'Activity E'!J44, 'Activity F'!J44, 'Activity G'!J44) -> 42000 | S18: =SUM(Q18:R18) -> 56000 | U18: =SUM('Activity A'!K44,'Activity B'!K44,'Activity C'!K44,'Activity D'!K44,'Activity E'!K44, 'Activity F'!K44, 'Activity G'!K44) -> 2000 | V18: =SUM('Activity A'!L44,'Activity B'!L44,'Activity C'!L44,'Activity D'!L44,'Activity E'!L44, 'Activity F'!L44, 'Activity G'!L44) -> 6000 | W18: =SUM(U18:V18) -> 8000 | Y18: =SUM('Activity A'!M44,'Activity B'!M44,'Activity C'!M44,'Activity D'!M44,'Activity E'!M44, 'Activity F'!M44, 'Activity G'!M44) -> 0 | Z18: =SUM('Activity A'!N44,'Activity B'!N44,'Activity C'!N44,'Activity D'!N44,'Activity E'!N44, 'Activity F'!N44, 'Activity G'!N44) -> 0 | AA18: =SUM(Y18:Z18) -> 0
A19: 2999 | B19: Component Total | E19: =SUM(I19,M19,Q19,U19,Y19) -> 147500 | F19: =SUM(J19,N19,R19,V19,Z19) -> 442500 | G19: =SUM(K19,O19,S19,W19,AA19) -> 590000 | I19: =SUM(I17:I18) -> 18500 | J19: =SUM(J17:J18) -> 55500 | K19: =SUM(I19:J19) -> 74000 | M19: =SUM(M17:M18) -> 68000 | N19: =SUM(N17:N18) -> 204000 | O19: =SUM(M19:N19) -> 272000 | Q19: =SUM(Q17:Q18) -> 46000 | R19: =SUM(R17:R18) -> 138000 | S19: =SUM(Q19:R19) -> 184000 | U19: =SUM(U17:U18) -> 15000 | V19: =SUM(V17:V18) -> 45000 | W19: =SUM(U19:V19) -> 60000 | Y19: =SUM(Y17:Y18) -> 0 | Z19: =SUM(Z17:Z18) -> 0 | AA19: =SUM(Y19:Z19) -> 0
A20: 30 TRAINING COMPONENT
A21: 3201 | B21: Training | E21: =SUM(I21,M21,Q21,U21,Y21) -> 123000 | F21: =SUM(J21,N21,R21,V21,Z21) -> 369000 | G21: =SUM(K21,O21,S21,W21,AA21) -> 492000 | I21: =SUM('Activity A'!E45,'Activity B'!E45,'Activity C'!E45,'Activity D'!E45,'Activity E'!E45, 'Activity F'!E45, 'Activity G'!E45) -> 20500 | J21: =SUM('Activity A'!F45,'Activity B'!F45,'Activity C'!F45,'Activity D'!F45,'Activity E'!F45, 'Activity F'!F45, 'Activity G'!F45) -> 61500 | K21: =SUM(I21:J21) -> 82000 | M21: =SUM('Activity A'!G45,'Activity B'!G45,'Activity C'!G45,'Activity D'!G45,'Activity E'!G45, 'Activity F'!G45, 'Activity G'!G45) -> 47000 | N21: =SUM('Activity A'!H45,'Activity B'!H45,'Activity C'!H45,'Activity D'!H45,'Activity E'!H45, 'Activity F'!H45, 'Activity G'!H45) -> 141000 | O21: =SUM(M21:N21) -> 188000 | Q21: =SUM('Activity A'!I45,'Activity B'!I45,'Activity C'!I45,'Activity D'!I45,'Activity E'!I45, 'Activity F'!I45, 'Activity G'!I45) -> 35000 | R21: =SUM('Activity A'!J45,'Activity B'!J45,'Activity C'!J45,'Activity D'!J45,'Activity E'!J45, 'Activity F'!J45, 'Activity G'!J45) -> 105000 | S21: =SUM(Q21:R21) -> 140000 | U21: =SUM('Activity A'!K45,'Activity B'!K45,'Activity C'!K45,'Activity D'!K45,'Activity E'!K45, 'Activity F'!K45, 'Activity G'!K45) -> 20500 | V21: =SUM('Activity A'!L45,'Activity B'!L45,'Activity C'!L45,'Activity D'!L45,'Activity E'!L45, 'Activity F'!L45, 'Activity G'!L45) -> 61500 | W21: =SUM(U21:V21) -> 82000 | Y21: =SUM('Activity A'!M45,'Activity B'!M45,'Activity C'!M45,'Activity D'!M45,'Activity E'!M45, 'Activity F'!M45, 'Activity G'!M45) -> 0 | Z21: =SUM('Activity A'!N45,'Activity B'!N45,'Activity C'!N45,'Activity D'!N45,'Activity E'!N45, 'Activity F'!N45, 'Activity G'!N45) -> 0 | AA21: =SUM(Y21:Z21) -> 0
A22: 3301 | B22: Meetings | E22: =SUM(I22,M22,Q22,U22,Y22) -> 86500 | F22: =SUM(J22,N22,R22,V22,Z22) -> 259500 | G22: =SUM(K22,O22,S22,W22,AA22) -> 346000 | I22: =SUM('Activity A'!E46,'Activity B'!E46,'Activity C'!E46,'Activity D'!E46,'Activity E'!E46, 'Activity F'!E46, 'Activity G'!E46) -> 15500 | J22: =SUM('Activity A'!F46,'Activity B'!F46,'Activity C'!F46,'Activity D'!F46,'Activity E'!F46, 'Activity F'!F46, 'Activity G'!F46) -> 46500 | K22: =SUM(I22:J22) -> 62000 | M22: =SUM('Activity A'!G46,'Activity B'!G46,'Activity C'!G46,'Activity D'!G46,'Activity E'!G46, 'Activity F'!G46, 'Activity G'!G46) -> 38000 | N22: =SUM('Activity A'!H46,'Activity B'!H46,'Activity C'!H46,'Activity D'!H46,'Activity E'!H46, 'Activity F'!H46, 'Activity G'!H46) -> 114000 | O22: =SUM(M22:N22) -> 152000 | Q22: =SUM('Activity A'!I46,'Activity B'!I46,'Activity C'!I46,'Activity D'!I46,'Activity E'!I46, 'Activity F'!I46, 'Activity G'!I46) -> 25500 | R22: =SUM('Activity A'!J46,'Activity B'!J46,'Activity C'!J46,'Activity D'!J46,'Activity E'!J46, 'Activity F'!J46, 'Activity G'!J46) -> 76500 | S22: =SUM(Q22:R22) -> 102000 | U22: =SUM('Activity A'!K46,'Activity B'!K46,'Activity C'!K46,'Activity D'!K46,'Activity E'!K46, 'Activity F'!K46, 'Activity G'!K46) -> 7500 | V22: =SUM('Activity A'!L46,'Activity B'!L46,'Activity C'!L46,'Activity D'!L46,'Activity E'!L46, 'Activity F'!L46, 'Activity G'!L46) -> 22500 | W22: =SUM(U22:V22) -> 30000 | Y22: =SUM('Activity A'!M46,'Activity B'!M46,'Activity C'!M46,'Activity D'!M46,'Activity E'!M46, 'Activity F'!M46, 'Activity G'!M46) -> 0 | Z22: =SUM('Activity A'!N46,'Activity B'!N46,'Activity C'!N46,'Activity D'!N46,'Activity E'!N46, 'Activity F'!N46, 'Activity G'!N46) -> 0 | AA22: =SUM(Y22:Z22) -> 0
A23: 3999 | B23: Component Total | E23: =SUM(I23,M23,Q23,U23,Y23) -> 209500 | F23: =SUM(J23,N23,R23,V23,Z23) -> 628500 | G23: =SUM(K23,O23,S23,W23,AA23) -> 838000 | I23: =SUM(I21:I22) -> 36000 | J23: =SUM(J21:J22) -> 108000 | K23: =SUM(I23:J23) -> 144000 | M23: =SUM(M21:M22) -> 85000 | N23: =SUM(N21:N22) -> 255000 | O23: =SUM(M23:N23) -> 340000 | Q23: =SUM(Q21:Q22) -> 60500 | R23: =SUM(R21:R22) -> 181500 | S23: =SUM(Q23:R23) -> 242000 | U23: =SUM(U21:U22) -> 28000 | V23: =SUM(V21:V22) -> 84000 | W23: =SUM(U23:V23) -> 112000 | Y23: =SUM(Y21:Y22) -> 0 | Z23: =SUM(Z21:Z22) -> 0 | AA23: =SUM(Y23:Z23) -> 0
A24: 40 EQUIPMENT & PREMISES COMPONENT
A25: 4101 | B25: Office supplies and consummables | E25: =SUM(I25,M25,Q25,U25,Y25) -> 16000 | F25: =SUM(J25,N25,R25,V25,Z25) -> 48000 | G25: =SUM(K25,O25,S25,W25,AA25) -> 64000 | I25: =SUM('Activity A'!E47,'Activity B'!E47,'Activity C'!E47,'Activity D'!E47,'Activity E'!E47, 'Activity F'!E47, 'Activity G'!E47) -> 3000 | J25: =SUM('Activity A'!F47,'Activity B'!F47,'Activity C'!F47,'Activity D'!F47,'Activity E'!F47, 'Activity F'!F47, 'Activity G'!F47) -> 9000 | K25: =SUM(I25:J25) -> 12000 | M25: =SUM('Activity A'!G47,'Activity B'!G47,'Activity C'!G47,'Activity D'!G47,'Activity E'!G47, 'Activity F'!G47, 'Activity G'!G47) -> 5000 | N25: =SUM('Activity A'!H47,'Activity B'!H47,'Activity C'!H47,'Activity D'!H47,'Activity E'!H47, 'Activity F'!H47, 'Activity G'!H47) -> 15000 | O25: =SUM(M25:N25) -> 20000 | Q25: =SUM('Activity A'!I47,'Activity B'!I47,'Activity C'!I47,'Activity D'!I47,'Activity E'!I47, 'Activity F'!I47, 'Activity G'!I47) -> 5000 | R25: =SUM('Activity A'!J47,'Activity B'!J47,'Activity C'!J47,'Activity D'!J47,'Activity E'!J47, 'Activity F'!J47, 'Activity G'!J47) -> 15000 | S25: =SUM(Q25:R25) -> 20000 | U25: =SUM('Activity A'!K47,'Activity B'!K47,'Activity C'!K47,'Activity D'!K47,'Activity E'!K47, 'Activity F'!K47, 'Activity G'!K47) -> 3000 | V25: =SUM('Activity A'!L47,'Activity B'!L47,'Activity C'!L47,'Activity D'!L47,'Activity E'!L47, 'Activity F'!L47, 'Activity G'!L47) -> 9000 | W25: =SUM(U25:V25) -> 12000 | Y25: =SUM('Activity A'!M47,'Activity B'!M47,'Activity C'!M47,'Activity D'!M47,'Activity E'!M47, 'Activity F'!M47, 'Activity G'!M47) -> 0 | Z25: =SUM('Activity A'!N47,'Activity B'!N47,'Activity C'!N47,'Activity D'!N47,'Activity E'!N47, 'Activity F'!N47, 'Activity G'!N47) -> 0 | AA25: =SUM(Y25:Z25) -> 0
A26: 4102 | B26: Laboratory supplies and consummables | E26: =SUM(I26,M26,Q26,U26,Y26) -> 0 | F26: =SUM(J26,N26,R26,V26,Z26) -> 0 | G26: =SUM(K26,O26,S26,W26,AA26) -> 0 | I26: =SUM('Activity A'!E48,'Activity B'!E48,'Activity C'!E48,'Activity D'!E48,'Activity E'!E48, 'Activity F'!E48, 'Activity G'!E48) -> 0 | J26: =SUM('Activity A'!F48,'Activity B'!F48,'Activity C'!F48,'Activity D'!F48,'Activity E'!F48, 'Activity F'!F48, 'Activity G'!F48) -> 0 | K26: =SUM(I26:J26) -> 0 | M26: =SUM('Activity A'!G48,'Activity B'!G48,'Activity C'!G48,'Activity D'!G48,'Activity E'!G48, 'Activity F'!G48, 'Activity G'!G48) -> 0 | N26: =SUM('Activity A'!H48,'Activity B'!H48,'Activity C'!H48,'Activity D'!H48,'Activity E'!H48, 'Activity F'!H48, 'Activity G'!H48) -> 0 | O26: =SUM(M26:N26) -> 0 | Q26: =SUM('Activity A'!I48,'Activity B'!I48,'Activity C'!I48,'Activity D'!I48,'Activity E'!I48, 'Activity F'!I48, 'Activity G'!I48) -> 0 | R26: =SUM('Activity A'!J48,'Activity B'!J48,'Activity C'!J48,'Activity D'!J48,'Activity E'!J48, 'Activity F'!J48, 'Activity G'!J48) -> 0 | S26: =SUM(Q26:R26) -> 0 | U26: =SUM('Activity A'!K48,'Activity B'!K48,'Activity C'!K48,'Activity D'!K48,'Activity E'!K48, 'Activity F'!K48, 'Activity G'!K48) -> 0 | V26: =SUM('Activity A'!L48,'Activity B'!L48,'Activity C'!L48,'Activity D'!L48,'Activity E'!L48, 'Activity F'!L48, 'Activity G'!L48) -> 0 | W26: =SUM(U26:V26) -> 0 | Y26: =SUM('Activity A'!M48,'Activity B'!M48,'Activity C'!M48,'Activity D'!M48,'Activity E'!M48, 'Activity F'!M48, 'Activity G'!M48) -> 0 | Z26: =SUM('Activity A'!N48,'Activity B'!N48,'Activity C'!N48,'Activity D'!N48,'Activity E'!N48, 'Activity F'!N48, 'Activity G'!N48) -> 0 | AA26: =SUM(Y26:Z26) -> 0
A27: 4201 | B27: Non Laboratory Purchase | E27: =SUM(I27,M27,Q27,U27,Y27) -> 10000 | F27: =SUM(J27,N27,R27,V27,Z27) -> 30000 | G27: =SUM(K27,O27,S27,W27,AA27) -> 40000 | I27: =SUM('Activity A'!E49,'Activity B'!E49,'Activity C'!E49,'Activity D'!E49,'Activity E'!E49, 'Activity F'!E49, 'Activity G'!E49) -> 0 | J27: =SUM('Activity A'!F49,'Activity B'!F49,'Activity C'!F49,'Activity D'!F49,'Activity E'!F49, 'Activity F'!F49, 'Activity G'!F49) -> 0 | K27: =SUM(I27:J27) -> 0 | M27: =SUM('Activity A'!G49,'Activity B'!G49,'Activity C'!G49,'Activity D'!G49,'Activity E'!G49, 'Activity F'!G49, 'Activity G'!G49) -> 5000 | N27: =SUM('Activity A'!H49,'Activity B'!H49,'Activity C'!H49,'Activity D'!H49,'Activity E'!H49, 'Activity F'!H49, 'Activity G'!H49) -> 15000 | O27: =SUM(M27:N27) -> 20000 | Q27: =SUM('Activity A'!I49,'Activity B'!I49,'Activity C'!I49,'Activity D'!I49,'Activity E'!I49, 'Activity F'!I49, 'Activity G'!I49) -> 5000 | R27: =SUM('Activity A'!J49,'Activity B'!J49,'Activity C'!J49,'Activity D'!J49,'Activity E'!J49, 'Activity F'!J49, 'Activity G'!J49) -> 15000 | S27: =SUM(Q27:R27) -> 20000 | U27: =SUM('Activity A'!K49,'Activity B'!K49,'Activity C'!K49,'Activity D'!K49,'Activity E'!K49, 'Activity F'!K49, 'Activity G'!K49) -> 0 | V27: =SUM('Activity A'!L49,'Activity B'!L49,'Activity C'!L49,'Activity D'!L49,'Activity E'!L49, 'Activity F'!L49, 'Activity G'!L49) -> 0 | W27: =SUM(U27:V27) -> 0 | Y27: =SUM('Activity A'!M49,'Activity B'!M49,'Activity C'!M49,'Activity D'!M49,'Activity E'!M49, 'Activity F'!M49, 'Activity G'!M49) -> 0 | Z27: =SUM('Activity A'!N49,'Activity B'!N49,'Activity C'!N49,'Activity D'!N49,'Activity E'!N49, 'Activity F'!N49, 'Activity G'!N49) -> 0 | AA27: =SUM(Y27:Z27) -> 0
A28: 4202 | B28: Laboratory Equipment | E28: =SUM(I28,M28,Q28,U28,Y28) -> 15000 | F28: =SUM(J28,N28,R28,V28,Z28) -> 45000 | G28: =SUM(K28,O28,S28,W28,AA28) -> 60000 | I28: =SUM('Activity A'!E50,'Activity B'!E50,'Activity C'!E50,'Activity D'!E50,'Activity E'!E50, 'Activity F'!E50, 'Activity G'!E50) -> 2500 | J28: =SUM('Activity A'!F50,'Activity B'!F50,'Activity C'!F50,'Activity D'!F50,'Activity E'!F50, 'Activity F'!F50, 'Activity G'!F50) -> 7500 | K28: =SUM(I28:J28) -> 10000 | M28: =SUM('Activity A'!G50,'Activity B'!G50,'Activity C'!G50,'Activity D'!G50,'Activity E'!G50, 'Activity F'!G50, 'Activity G'!G50) -> 5000 | N28: =SUM('Activity A'!H50,'Activity B'!H50,'Activity C'!H50,'Activity D'!H50,'Activity E'!H50, 'Activity F'!H50, 'Activity G'!H50) -> 15000 | O28: =SUM(M28:N28) -> 20000 | Q28: =SUM('Activity A'!I50,'Activity B'!I50,'Activity C'!I50,'Activity D'!I50,'Activity E'!I50, 'Activity F'!I50, 'Activity G'!I50) -> 5000 | R28: =SUM('Activity A'!J50,'Activity B'!J50,'Activity C'!J50,'Activity D'!J50,'Activity E'!J50, 'Activity F'!J50, 'Activity G'!J50) -> 15000 | S28: =SUM(Q28:R28) -> 20000 | U28: =SUM('Activity A'!K50,'Activity B'!K50,'Activity C'!K50,'Activity D'!K50,'Activity E'!K50, 'Activity F'!K50, 'Activity G'!K50) -> 2500 | V28: =SUM('Activity A'!L50,'Activity B'!L50,'Activity C'!L50,'Activity D'!L50,'Activity E'!L50, 'Activity F'!L50, 'Activity G'!L50) -> 7500 | W28: =SUM(U28:V28) -> 10000 | Y28: =SUM('Activity A'!M50,'Activity B'!M50,'Activity C'!M50,'Activity D'!M50,'Activity E'!M50, 'Activity F'!M50, 'Activity G'!M50) -> 0 | Z28: =SUM('Activity A'!N50,'Activity B'!N50,'Activity C'!N50,'Activity D'!N50,'Activity E'!N50, 'Activity F'!N50, 'Activity G'!N50) -> 0 | AA28: =SUM(Y28:Z28) -> 0
A29: 4301 | B29: Office Premises | E29: =SUM(I29,M29,Q29,U29,Y29) -> 0 | F29: =SUM(J29,N29,R29,V29,Z29) -> 0 | G29: =SUM(K29,O29,S29,W29,AA29) -> 0 | I29: =SUM('Activity A'!E51,'Activity B'!E51,'Activity C'!E51,'Activity D'!E51,'Activity E'!E51, 'Activity F'!E51, 'Activity G'!E51) -> 0 | J29: =SUM('Activity A'!F51,'Activity B'!F51,'Activity C'!F51,'Activity D'!F51,'Activity E'!F51, 'Activity F'!F51, 'Activity G'!F51) -> 0 | K29: =SUM(I29:J29) -> 0 | M29: =SUM('Activity A'!G51,'Activity B'!G51,'Activity C'!G51,'Activity D'!G51,'Activity E'!G51, 'Activity F'!G51, 'Activity G'!G51) -> 0 | N29: =SUM('Activity A'!H51,'Activity B'!H51,'Activity C'!H51,'Activity D'!H51,'Activity E'!H51, 'Activity F'!H51, 'Activity G'!H51) -> 0 | O29: =SUM(M29:N29) -> 0 | Q29: =SUM('Activity A'!I51,'Activity B'!I51,'Activity C'!I51,'Activity D'!I51,'Activity E'!I51, 'Activity F'!I51, 'Activity G'!I51) -> 0 | R29: =SUM('Activity A'!J51,'Activity B'!J51,'Activity C'!J51,'Activity D'!J51,'Activity E'!J51, 'Activity F'!J51, 'Activity G'!J51) -> 0 | S29: =SUM(Q29:R29) -> 0 | U29: =SUM('Activity A'!K51,'Activity B'!K51,'Activity C'!K51,'Activity D'!K51,'Activity E'!K51, 'Activity F'!K51, 'Activity G'!K51) -> 0 | V29: =SUM('Activity A'!L51,'Activity B'!L51,'Activity C'!L51,'Activity D'!L51,'Activity E'!L51, 'Activity F'!L51, 'Activity G'!L51) -> 0 | W29: =SUM(U29:V29) -> 0 | Y29: =SUM('Activity A'!M51,'Activity B'!M51,'Activity C'!M51,'Activity D'!M51,'Activity E'!M51, 'Activity F'!M51, 'Activity G'!M51) -> 0 | Z29: =SUM('Activity A'!N51,'Activity B'!N51,'Activity C'!N51,'Activity D'!N51,'Activity E'!N51, 'Activity F'!N51, 'Activity G'!N51) -> 0 | AA29: =SUM(Y29:Z29) -> 0
A30: 4302 | B30: Research Facilities | E30: =SUM(I30,M30,Q30,U30,Y30) -> 0 | F30: =SUM(J30,N30,R30,V30,Z30) -> 0 | G30: =SUM(K30,O30,S30,W30,AA30) -> 0 | I30: =SUM('Activity A'!E52,'Activity B'!E52,'Activity C'!E52,'Activity D'!E52,'Activity E'!E52, 'Activity F'!E52, 'Activity G'!E52) -> 0 | J30: =SUM('Activity A'!F52,'Activity B'!F52,'Activity C'!F52,'Activity D'!F52,'Activity E'!F52, 'Activity F'!F52, 'Activity G'!F52) -> 0 | K30: =SUM(I30:J30) -> 0 | M30: =SUM('Activity A'!G52,'Activity B'!G52,'Activity C'!G52,'Activity D'!G52,'Activity E'!G52, 'Activity F'!G52, 'Activity G'!G52) -> 0 | N30: =SUM('Activity A'!H52,'Activity B'!H52,'Activity C'!H52,'Activity D'!H52,'Activity E'!H52, 'Activity F'!H52, 'Activity G'!H52) -> 0 | O30: =SUM(M30:N30) -> 0 | Q30: =SUM('Activity A'!I52,'Activity B'!I52,'Activity C'!I52,'Activity D'!I52,'Activity E'!I52, 'Activity F'!I52, 'Activity G'!I52) -> 0 | R30: =SUM('Activity A'!J52,'Activity B'!J52,'Activity C'!J52,'Activity D'!J52,'Activity E'!J52, 'Activity F'!J52, 'Activity G'!J52) -> 0 | S30: =SUM(Q30:R30) -> 0 | U30: =SUM('Activity A'!K52,'Activity B'!K52,'Activity C'!K52,'Activity D'!K52,'Activity E'!K52, 'Activity F'!K52, 'Activity G'!K52) -> 0 | V30: =SUM('Activity A'!L52,'Activity B'!L52,'Activity C'!L52,'Activity D'!L52,'Activity E'!L52, 'Activity F'!L52, 'Activity G'!L52) -> 0 | W30: =SUM(U30:V30) -> 0 | Y30: =SUM('Activity A'!M52,'Activity B'!M52,'Activity C'!M52,'Activity D'!M52,'Activity E'!M52, 'Activity F'!M52, 'Activity G'!M52) -> 0 | Z30: =SUM('Activity A'!N52,'Activity B'!N52,'Activity C'!N52,'Activity D'!N52,'Activity E'!N52, 'Activity F'!N52, 'Activity G'!N52) -> 0 | AA30: =SUM(Y30:Z30) -> 0
A31: 4999 | B31: Component Total | E31: =SUM(I31,M31,Q31,U31,Y31) -> 41000 | F31: =SUM(J31,N31,R31,V31,Z31) -> 123000 | G31: =SUM(K31,O31,S31,W31,AA31) -> 164000 | I31: =SUM(I25:I30) -> 5500 | J31: =SUM(J25:J30) -> 16500 | K31: =SUM(I31:J31) -> 22000 | M31: =SUM(M25:M30) -> 15000 | N31: =SUM(N25:N30) -> 45000 | O31: =SUM(M31:N31) -> 60000 | Q31: =SUM(Q25:Q30) -> 15000 | R31: =SUM(R25:R30) -> 45000 | S31: =SUM(Q31:R31) -> 60000 | U31: =SUM(U25:U30) -> 5500 | V31: =SUM(V25:V30) -> 16500 | W31: =SUM(U31:V31) -> 22000 | Y31: =SUM(Y25:Y30) -> 0 | Z31: =SUM(Z25:Z30) -> 0 | AA31: =SUM(Y31:Z31) -> 0
A32: 50 MISCELLANEOUS COMPONENT
A33: 5101 | B33: Equipment Maintenance | E33: =SUM(I33,M33,Q33,U33,Y33) -> 0 | F33: =SUM(J33,N33,R33,V33,Z33) -> 0 | G33: =SUM(K33,O33,S33,W33,AA33) -> 0 | I33: =SUM('Activity A'!E53,'Activity B'!E53,'Activity C'!E53,'Activity D'!E53,'Activity E'!E53, 'Activity F'!E53, 'Activity G'!E53) -> 0 | J33: =SUM('Activity A'!F53,'Activity B'!F53,'Activity C'!F53,'Activity D'!F53,'Activity E'!F53, 'Activity F'!F53, 'Activity G'!F53) -> 0 | K33: =SUM(I33:J33) -> 0 | M33: =SUM('Activity A'!G53,'Activity B'!G53,'Activity C'!G53,'Activity D'!G53,'Activity E'!G53, 'Activity F'!G53, 'Activity G'!G53) -> 0 | N33: =SUM('Activity A'!H53,'Activity B'!H53,'Activity C'!H53,'Activity D'!H53,'Activity E'!H53, 'Activity F'!H53, 'Activity G'!H53) -> 0 | O33: =SUM(M33:N33) -> 0 | Q33: =SUM('Activity A'!I53,'Activity B'!I53,'Activity C'!I53,'Activity D'!I53,'Activity E'!I53, 'Activity F'!I53, 'Activity G'!I53) -> 0 | R33: =SUM('Activity A'!J53,'Activity B'!J53,'Activity C'!J53,'Activity D'!J53,'Activity E'!J53, 'Activity F'!J53, 'Activity G'!J53) -> 0 | S33: =SUM(Q33:R33) -> 0 | U33: =SUM('Activity A'!K53,'Activity B'!K53,'Activity C'!K53,'Activity D'!K53,'Activity E'!K53, 'Activity F'!K53, 'Activity G'!K53) -> 0 | V33: =SUM('Activity A'!L53,'Activity B'!L53,'Activity C'!L53,'Activity D'!L53,'Activity E'!L53, 'Activity F'!L53, 'Activity G'!L53) -> 0 | W33: =SUM(U33:V33) -> 0 | Y33: =SUM('Activity A'!M53,'Activity B'!M53,'Activity C'!M53,'Activity D'!M53,'Activity E'!M53, 'Activity F'!M53, 'Activity G'!M53) -> 0 | Z33: =SUM('Activity A'!N53,'Activity B'!N53,'Activity C'!N53,'Activity D'!N53,'Activity E'!N53, 'Activity F'!N53, 'Activity G'!N53) -> 0 | AA33: =SUM(Y33:Z33) -> 0
A34: 5201 | B34: Publication, Translation, Dissemination and reporting costs | E34: =SUM(I34,M34,Q34,U34,Y34) -> 323500 | F34: =SUM(J34,N34,R34,V34,Z34) -> 970500 | G34: =SUM(K34,O34,S34,W34,AA34) -> 1294000 | I34: =SUM('Activity A'!E54,'Activity B'!E54,'Activity C'!E54,'Activity D'!E54,'Activity E'!E54, 'Activity F'!E54, 'Activity G'!E54) -> 42000 | J34: =SUM('Activity A'!F54,'Activity B'!F54,'Activity C'!F54,'Activity D'!F54,'Activity E'!F54, 'Activity F'!F54, 'Activity G'!F54) -> 126000 | K34: =SUM(I34:J34) -> 168000 | M34: =SUM('Activity A'!G54,'Activity B'!G54,'Activity C'!G54,'Activity D'!G54,'Activity E'!G54, 'Activity F'!G54, 'Activity G'!G54) -> 135500 | N34: =SUM('Activity A'!H54,'Activity B'!H54,'Activity C'!H54,'Activity D'!H54,'Activity E'!H54, 'Activity F'!H54, 'Activity G'!H54) -> 406500 | O34: =SUM(M34:N34) -> 542000 | Q34: =SUM('Activity A'!I54,'Activity B'!I54,'Activity C'!I54,'Activity D'!I54,'Activity E'!I54, 'Activity F'!I54, 'Activity G'!I54) -> 107000 | R34: =SUM('Activity A'!J54,'Activity B'!J54,'Activity C'!J54,'Activity D'!J54,'Activity E'!J54, 'Activity F'!J54, 'Activity G'!J54) -> 321000 | S34: =SUM(Q34:R34) -> 428000 | U34: =SUM('Activity A'!K54,'Activity B'!K54,'Activity C'!K54,'Activity D'!K54,'Activity E'!K54, 'Activity F'!K54, 'Activity G'!K54) -> 39000 | V34: =SUM('Activity A'!L54,'Activity B'!L54,'Activity C'!L54,'Activity D'!L54,'Activity E'!L54, 'Activity F'!L54, 'Activity G'!L54) -> 117000 | W34: =SUM(U34:V34) -> 156000 | Y34: =SUM('Activity A'!M54,'Activity B'!M54,'Activity C'!M54,'Activity D'!M54,'Activity E'!M54, 'Activity F'!M54, 'Activity G'!M54) -> 0 | Z34: =SUM('Activity A'!N54,'Activity B'!N54,'Activity C'!N54,'Activity D'!N54,'Activity E'!N54, 'Activity F'!N54, 'Activity G'!N54) -> 0 | AA34: =SUM(Y34:Z34) -> 0
A35: 5202 | B35: Audit Reports | E35: =SUM(I35,M35,Q35,U35,Y35) -> 5000 | F35: =SUM(J35,N35,R35,V35,Z35) -> 18000 | G35: =SUM(K35,O35,S35,W35,AA35) -> 23000 | I35: =SUM('Activity A'!E55,'Activity B'!E55,'Activity C'!E55,'Activity D'!E55,'Activity E'!E55, 'Activity F'!E55, 'Activity G'!E55) -> 1250 | J35: =SUM('Activity A'!F55,'Activity B'!F55,'Activity C'!F55,'Activity D'!F55,'Activity E'!F55, 'Activity F'!F55, 'Activity G'!F55) -> 3750 | K35: =SUM(I35:J35) -> 5000 | M35: =SUM('Activity A'!G55,'Activity B'!G55,'Activity C'!G55,'Activity D'!G55,'Activity E'!G55, 'Activity F'!G55, 'Activity G'!G55) -> 1250 | N35: =SUM('Activity A'!H55,'Activity B'!H55,'Activity C'!H55,'Activity D'!H55,'Activity E'!H55, 'Activity F'!H55, 'Activity G'!H55) -> 3750 | O35: =SUM(M35:N35) -> 5000 | Q35: =SUM('Activity A'!I55,'Activity B'!I55,'Activity C'!I55,'Activity D'!I55,'Activity E'!I55, 'Activity F'!I55, 'Activity G'!I55) -> 1250 | R35: =SUM('Activity A'!J55,'Activity B'!J55,'Activity C'!J55,'Activity D'!J55,'Activity E'!J55, 'Activity F'!J55, 'Activity G'!J55) -> 6750 | S35: =SUM(Q35:R35) -> 8000 | U35: =SUM('Activity A'!K55,'Activity B'!K55,'Activity C'!K55,'Activity D'!K55,'Activity E'!K55, 'Activity F'!K55, 'Activity G'!K55) -> 1250 | V35: =SUM('Activity A'!L55,'Activity B'!L55,'Activity C'!L55,'Activity D'!L55,'Activity E'!L55, 'Activity F'!L55, 'Activity G'!L55) -> 3750 | W35: =SUM(U35:V35) -> 5000 | Y35: =SUM('Activity A'!M55,'Activity B'!M55,'Activity C'!M55,'Activity D'!M55,'Activity E'!M55, 'Activity F'!M55, 'Activity G'!M55) -> 0 | Z35: =SUM('Activity A'!N55,'Activity B'!N55,'Activity C'!N55,'Activity D'!N55,'Activity E'!N55, 'Activity F'!N55, 'Activity G'!N55) -> 0 | AA35: =SUM(Y35:Z35) -> 0
A36: 5301 | B36: Communications (tel, fax, e-mail, etc..) | E36: =SUM(I36,M36,Q36,U36,Y36) -> 31000 | F36: =SUM(J36,N36,R36,V36,Z36) -> 97500 | G36: =SUM(K36,O36,S36,W36,AA36) -> 128500 | I36: =SUM('Activity A'!E56,'Activity B'!E56,'Activity C'!E56,'Activity D'!E56,'Activity E'!E56, 'Activity F'!E56, 'Activity G'!E56) -> 5000 | J36: =SUM('Activity A'!F56,'Activity B'!F56,'Activity C'!F56,'Activity D'!F56,'Activity E'!F56, 'Activity F'!F56, 'Activity G'!F56) -> 15000 | K36: =SUM(I36:J36) -> 20000 | M36: =SUM('Activity A'!G56,'Activity B'!G56,'Activity C'!G56,'Activity D'!G56,'Activity E'!G56, 'Activity F'!G56, 'Activity G'!G56) -> 12500 | N36: =SUM('Activity A'!H56,'Activity B'!H56,'Activity C'!H56,'Activity D'!H56,'Activity E'!H56, 'Activity F'!H56, 'Activity G'!H56) -> 37500 | O36: =SUM(M36:N36) -> 50000 | Q36: =SUM('Activity A'!I56,'Activity B'!I56,'Activity C'!I56,'Activity D'!I56,'Activity E'!I56, 'Activity F'!I56, 'Activity G'!I56) -> 10000 | R36: =SUM('Activity A'!J56,'Activity B'!J56,'Activity C'!J56,'Activity D'!J56,'Activity E'!J56, 'Activity F'!J56, 'Activity G'!J56) -> 34500 | S36: =SUM(Q36:R36) -> 44500 | U36: =SUM('Activity A'!K56,'Activity B'!K56,'Activity C'!K56,'Activity D'!K56,'Activity E'!K56, 'Activity F'!K56, 'Activity G'!K56) -> 3500 | V36: =SUM('Activity A'!L56,'Activity B'!L56,'Activity C'!L56,'Activity D'!L56,'Activity E'!L56, 'Activity F'!L56, 'Activity G'!L56) -> 10500 | W36: =SUM(U36:V36) -> 14000 | Y36: =SUM('Activity A'!M56,'Activity B'!M56,'Activity C'!M56,'Activity D'!M56,'Activity E'!M56, 'Activity F'!M56, 'Activity G'!M56) -> 0 | Z36: =SUM('Activity A'!N56,'Activity B'!N56,'Activity C'!N56,'Activity D'!N56,'Activity E'!N56, 'Activity F'!N56, 'Activity G'!N56) -> 0 | AA36: =SUM(Y36:Z36) -> 0
A37: 5302 | B37: Others | E37: =SUM(I37,M37,Q37,U37,Y37) -> 24000 | F37: =SUM(J37,N37,R37,V37,Z37) -> 94500 | G37: =SUM(K37,O37,S37,W37,AA37) -> 118500 | I37: =SUM('Activity A'!E57,'Activity B'!E57,'Activity C'!E57,'Activity D'!E57,'Activity E'!E57, 'Activity F'!E57, 'Activity G'!E57) -> 3000 | J37: =SUM('Activity A'!F57,'Activity B'!F57,'Activity C'!F57,'Activity D'!F57,'Activity E'!F57, 'Activity F'!F57, 'Activity G'!F57) -> 9000 | K37: =SUM(I37:J37) -> 12000 | M37: =SUM('Activity A'!G57,'Activity B'!G57,'Activity C'!G57,'Activity D'!G57,'Activity E'!G57, 'Activity F'!G57, 'Activity G'!G57) -> 14000 | N37: =SUM('Activity A'!H57,'Activity B'!H57,'Activity C'!H57,'Activity D'!H57,'Activity E'!H57, 'Activity F'!H57, 'Activity G'!H57) -> 57000 | O37: =SUM(M37:N37) -> 71000 | Q37: =SUM('Activity A'!I57,'Activity B'!I57,'Activity C'!I57,'Activity D'!I57,'Activity E'!I57, 'Activity F'!I57, 'Activity G'!I57) -> 4000 | R37: =SUM('Activity A'!J57,'Activity B'!J57,'Activity C'!J57,'Activity D'!J57,'Activity E'!J57, 'Activity F'!J57, 'Activity G'!J57) -> 19500 | S37: =SUM(Q37:R37) -> 23500 | U37: =SUM('Activity A'!K57,'Activity B'!K57,'Activity C'!K57,'Activity D'!K57,'Activity E'!K57, 'Activity F'!K57, 'Activity G'!K57) -> 3000 | V37: =SUM('Activity A'!L57,'Activity B'!L57,'Activity C'!L57,'Activity D'!L57,'Activity E'!L57, 'Activity F'!L57, 'Activity G'!L57) -> 9000 | W37: =SUM(U37:V37) -> 12000 | Y37: =SUM('Activity A'!M57,'Activity B'!M57,'Activity C'!M57,'Activity D'!M57,'Activity E'!M57, 'Activity F'!M57, 'Activity G'!M57) -> 0 | Z37: =SUM('Activity A'!N57,'Activity B'!N57,'Activity C'!N57,'Activity D'!N57,'Activity E'!N57, 'Activity F'!N57, 'Activity G'!N57) -> 0 | AA37: =SUM(Y37:Z37) -> 0
A38: 5303 | B38: Tech.Supp./Evaluation | E38: =SUM(I38,M38,Q38,U38,Y38) -> 35000 | F38: =SUM(J38,N38,R38,V38,Z38) -> 20000 | G38: =SUM(K38,O38,S38,W38,AA38) -> 55000 | I38: =SUM('Activity A'!E58,'Activity B'!E58,'Activity C'!E58,'Activity D'!E58,'Activity E'!E58, 'Activity F'!E58, 'Activity G'!E58) -> 0 | J38: =SUM('Activity A'!F58,'Activity B'!F58,'Activity C'!F58,'Activity D'!F58,'Activity E'!F58, 'Activity F'!F58, 'Activity G'!F58) -> 0 | K38: =SUM(I38:J38) -> 0 | M38: =SUM('Activity A'!G58,'Activity B'!G58,'Activity C'!G58,'Activity D'!G58,'Activity E'!G58, 'Activity F'!G58, 'Activity G'!G58) -> 10000 | N38: =SUM('Activity A'!H58,'Activity B'!H58,'Activity C'!H58,'Activity D'!H58,'Activity E'!H58, 'Activity F'!H58, 'Activity G'!H58) -> 10000 | O38: =SUM(M38:N38) -> 20000 | Q38: =SUM('Activity A'!I58,'Activity B'!I58,'Activity C'!I58,'Activity D'!I58,'Activity E'!I58, 'Activity F'!I58, 'Activity G'!I58) -> 0 | R38: =SUM('Activity A'!J58,'Activity B'!J58,'Activity C'!J58,'Activity D'!J58,'Activity E'!J58, 'Activity F'!J58, 'Activity G'!J58) -> 0 | S38: =SUM(Q38:R38) -> 0 | U38: =SUM('Activity A'!K58,'Activity B'!K58,'Activity C'!K58,'Activity D'!K58,'Activity E'!K58, 'Activity F'!K58, 'Activity G'!K58) -> 25000 | V38: =SUM('Activity A'!L58,'Activity B'!L58,'Activity C'!L58,'Activity D'!L58,'Activity E'!L58, 'Activity F'!L58, 'Activity G'!L58) -> 10000 | W38: =SUM(U38:V38) -> 35000 | Y38: =SUM('Activity A'!M58,'Activity B'!M58,'Activity C'!M58,'Activity D'!M58,'Activity E'!M58, 'Activity F'!M58, 'Activity G'!M58) -> 0 | Z38: =SUM('Activity A'!N58,'Activity B'!N58,'Activity C'!N58,'Activity D'!N58,'Activity E'!N58, 'Activity F'!N58, 'Activity G'!N58) -> 0 | AA38: =SUM(Y38:Z38) -> 0
A39: 5375 | B39: UN Agencies Support Charge | E39: =SUM(I39,M39,Q39,U39,Y39) -> 0 | F39: =SUM(J39,N39,R39,V39,Z39) -> 0 | G39: =SUM(K39,O39,S39,W39,AA39) -> 0 | I39: =SUM('Activity A'!E59,'Activity B'!E59,'Activity C'!E59,'Activity D'!E59,'Activity E'!E59, 'Activity F'!E59, 'Activity G'!E59) -> 0 | J39: =SUM('Activity A'!F59,'Activity B'!F59,'Activity C'!F59,'Activity D'!F59,'Activity E'!F59, 'Activity F'!F59, 'Activity G'!F59) -> 0 | K39: =SUM(I39:J39) -> 0 | M39: =SUM('Activity A'!G59,'Activity B'!G59,'Activity C'!G59,'Activity D'!G59,'Activity E'!G59, 'Activity F'!G59, 'Activity G'!G59) -> 0 | N39: =SUM('Activity A'!H59,'Activity B'!H59,'Activity C'!H59,'Activity D'!H59,'Activity E'!H59, 'Activity F'!H59, 'Activity G'!H59) -> 0 | O39: =SUM(M39:N39) -> 0 | Q39: =SUM('Activity A'!I59,'Activity B'!I59,'Activity C'!I59,'Activity D'!I59,'Activity E'!I59, 'Activity F'!I59, 'Activity G'!I59) -> 0 | R39: =SUM('Activity A'!J59,'Activity B'!J59,'Activity C'!J59,'Activity D'!J59,'Activity E'!J59, 'Activity F'!J59, 'Activity G'!J59) -> 0 | S39: =SUM(Q39:R39) -> 0 | U39: =SUM('Activity A'!K59,'Activity B'!K59,'Activity C'!K59,'Activity D'!K59,'Activity E'!K59, 'Activity F'!K59, 'Activity G'!K59) -> 0 | V39: =SUM('Activity A'!L59,'Activity B'!L59,'Activity C'!L59,'Activity D'!L59,'Activity E'!L59, 'Activity F'!L59, 'Activity G'!L59) -> 0 | W39: =SUM(U39:V39) -> 0 | Y39: =SUM('Activity A'!M59,'Activity B'!M59,'Activity C'!M59,'Activity D'!M59,'Activity E'!M59, 'Activity F'!M59, 'Activity G'!M59) -> 0 | Z39: =SUM('Activity A'!N59,'Activity B'!N59,'Activity C'!N59,'Activity D'!N59,'Activity E'!N59, 'Activity F'!N59, 'Activity G'!N59) -> 0 | AA39: =SUM(Y39:Z39) -> 0
A40: 5999 | B40: Component Total | E40: =SUM(I40,M40,Q40,U40,Y40) -> 418500 | F40: =SUM(J40,N40,R40,V40,Z40) -> 1200500 | G40: =SUM(K40,O40,S40,W40,AA40) -> 1619000 | I40: =SUM(I33:I39) -> 51250 | J40: =SUM(J33:J39) -> 153750 | K40: =SUM(I40:J40) -> 205000 | M40: =SUM(M33:M39) -> 173250 | N40: =SUM(N33:N39) -> 514750 | O40: =SUM(M40:N40) -> 688000 | Q40: =SUM(Q33:Q39) -> 122250 | R40: =SUM(R33:R39) -> 381750 | S40: =SUM(Q40:R40) -> 504000 | U40: =SUM(U33:U39) -> 71750 | V40: =SUM(V33:V39) -> 150250 | W40: =SUM(U40:V40) -> 222000 | Y40: =SUM(Y33:Y39) -> 0 | Z40: =SUM(Z33:Z39) -> 0 | AA40: =SUM(Y40:Z40) -> 0
A42: TOTAL COSTS | E42: =SUM(I42,M42,Q42,U42,Y42) -> 995000 | F42: =SUM(J42,N42,R42,V42,Z42) -> 2986500 | G42: =SUM(K42,O42,S42,W42,AA42) -> 3981500 | I42: =SUM(I40,I31,I23,I19,I15) -> 142000 | J42: =SUM(J40,J31,J23,J19,J15) -> 425250 | K42: =SUM(K40,K31,K23,K19,K15) -> 567250 | M42: =SUM(M40,M31,M23,M19,M15) -> 416500 | N42: =SUM(N40,N31,N23,N19,N15) -> 1245250 | O42: =SUM(O40,O31,O23,O19,O15) -> 1661750 | Q42: =SUM(Q40,Q31,Q23,Q19,Q15) -> 289500 | R42: =SUM(R40,R31,R23,R19,R15) -> 884250 | S42: =SUM(S40,S31,S23,S19,S15) -> 1173750 | U42: =SUM(U40,U31,U23,U19,U15) -> 147000 | V42: =SUM(V40,V31,V23,V19,V15) -> 431750 | W42: =SUM(W40,W31,W23,W19,W15) -> 578750 | Y42: =SUM(Y40,Y31,Y23,Y19,Y15) -> 0 | Z42: =SUM(Z40,Z31,Z23,Z19,Z15) -> 0 | AA42: =SUM(AA40,AA31,AA23,AA19,AA15) -> 0

Sheet ALL Activities
C2: Country details
A3: Project No: | C3: GFL-2328-2716-[XXXX]
A4: Project Name: | C4: Institutional Capacity to Enhance Biosafety Practices in Malaysia
A5: Executing Agency: | C5: Ministry of Natural Resources and Environment
A6: Activity code | B6: SubActivity code | C6: Project Activities / SubActivities
A8: A | C8: Needs assessment
A9: A | B9: 1 | C9: To develop consolidated action plan to guide the design of project
A10: A | B10: 2
A11: A | B11: 3
A12: A | B12: 4
A13: A | B13: 5
A14: A | B14: 6
A15: A | B15: 7
A16: A | B16: 8
A17: A | B17: 9
A18: A | B18: 10
A19: A | B19: 11
A20: A | B20: 12
A21: A | B21: 13
... A23: A | B23: 15
A25: B | C25: Risk and socio economic asssessment with related management framework
A26: B | B26: 1 | C26: To update RA and RM procedures and guidelines in line with recent developments under CPB
A27: B | B27: 2 | C27: To develop socio-economic guidelines and methodologies for assessment of LMO
A28: B | B28: 3
A29: B | B29: 4
A30: B | B30: 5
A31: B | B31: 6
A32: B | B32: 7
A33: B | B33: 8
A34: B | B34: 9
A35: B | B35: 10
A36: B | B36: 11
A37: B | B37: 12
A38: B | B38: 13
A39: B | B39: 14
A40: B | B40: 15
A42: C | C42: Framework for handling LMOs
A43: C | B43: 1 | C43: To develop procedural guidelines for handling, transport, packaging and identification of LMOs
A44: C | B44: 2 | C44: To develop implementation plan for the Nagoya – Kuala Lumpur Supplementary Protocol on Liability and Redress to the Cartagena Protocol on Biosafety developed
A45: C | B45: 3
A46: C | B46: 4
A47: C | B47: 5
A48: C | B48: 6
A49: C | B49: 7
A50: C | B50: 8
A51: C | B51: 9
A52: C | B52: 10
A53: C | B53: 11
A54: C | B54: 12
A55: C | B55: 13
A56: C | B56: 14
A57: C | B57: 15
A59: D | C59: Institutional Capacity Building
A60: D | B60: 1 | C60: To enhance institutional capacity on biosafety especially in the areas of risk evaluation and enforcement measures
A61: D | B61: 2
A62: D | B62: 3
A63: D | B63: 4
A64: D | B64: 5
A65: D | B65: 6
A66: D | B66: 7
A67: D | B67: 8
A68: D | B68: 9
A69: D | B69: 10
A70: D | B70: 11
A71: D | B71: 12
A72: D | B72: 13
... A74: D | B74: 15
A76: E | C76: Biosafety Communication Framework
A77: E | B77: 1 | C77: To increase public awareness on biosafety issues
A78: E | B78: 2
A79: E | B79: 3
A80: E | B80: 4
A81: E | B81: 5
A82: E | B82: 6
A83: E | B83: 7
A84: E | B84: 8
A85: E | B85: 9
A86: E | B86: 10
A87: E | B87: 11
A88: E | B88: 12
A89: E | B89: 13
... A91: E | B91: 15
A93: F | C93: Project Monitoring and Evaluation
A94: F | B94: 1 | C94: Project Monitoring and Evaluation at Mid-term and project termination
A95: F | B95: 2
A96: F | B96: 3
A97: F | B97: 4
A98: F | B98: 5
A99: F | B99: 6
A100: F | B100: 7
A101: F | B101: 8
A102: F | B102: 9
A103: F | B103: 10
A104: F | B104: 11
A105: F | B105: 12
A106: F | B106: 13
... A108: F | B108: 15
A110: G | C110: Project Management
A111: G | B111: 1 | C111: Establishment of a Project Management Unit
A112: G | B112: 2
...

Sheet Activity B
A1: =CONCATENATE("ACTIVITY ", 'ALL Activities'!A25, ": ", 'ALL Activities'!C25) -> ACTIVITY B: Risk and socio economic asssessment with related management framework | C1: Code: | E1: B1 | Q1: B2 | AC1: B3 | AO1: B4 | BA1: B5 | BM1: B6 | BY1: B7 | CK1: B8 | CW1: B9 | DI1: B10 | DU1: B11 | EG1: B12 | ES1: B13 | FE1: B14 | FQ1: B15
C2: SubActivity description: | E2: ='ALL Activities'!C26 -> To update RA and RM procedures and guidelines in line with recent developments under CPB | Q2: ='ALL Activities'!C27 -> To develop socio-economic guidelines and methodologies for assessment of LMO | AC2: ='ALL Activities'!C28 -> 0 | AO2: ='ALL Activities'!C29 -> 0 | BA2: ='ALL Activities'!C30 -> 0 | BM2: ='ALL Activities'!C31 -> 0 | BY2: ='ALL Activities'!C32 -> 0 | CK2: ='ALL Activities'!C33 -> 0 | CW2: ='ALL Activities'!C34 -> 0 | DI2: ='ALL Activities'!C35 -> 0 | DU2: ='ALL Activities'!C36 -> 0 | EG2: ='ALL Activities'!C37 -> 0 | ES2: ='ALL Activities'!C38 -> 0 | FE2: ='ALL Activities'!C39 -> 0 | FQ2: ='ALL Activities'!C40 -> 0
C3: Year: | E3: YEAR 1 | G3: YEAR 2 | I3: YEAR 3 | K3: YEAR 4 | M3: YEAR 5 | O3: TOTAL (specific activity) | Q3: YEAR 1 | S3: YEAR 2 | U3: YEAR 3 | W3: YEAR 4 | Y3: YEAR 5 | AA3: TOTAL (specific activity) | AC3: YEAR 1 | AE3: YEAR 2 | AG3: YEAR 3 | AI3: YEAR 4 | AK3: YEAR 5 | AM3: TOTAL (specific activity) | AO3: YEAR 1 | AQ3: YEAR 2 | AS3: YEAR 3 | AU3: YEAR 4 | AW3: YEAR 5 | AY3: TOTAL (specific activity) | BA3: YEAR 1 | BC3: YEAR 2 | BE3: YEAR 3 | BG3: YEAR 4 | BI3: YEAR 5 | BK3: TOTAL (specific activity) | BM3: YEAR 1 | BO3: YEAR 2 | BQ3: YEAR 3 | BS3: YEAR 4 | BU3: YEAR 5 | BW3: TOTAL (specific activity) | BY3: YEAR 1 | CA3: YEAR 2 | CC3: YEAR 3 | CE3: YEAR 4 | CG3: YEAR 5 | CI3: TOTAL (specific activity) | CK3: YEAR 1 | CM3: YEAR 2 | CO3: YEAR 3 | CQ3: YEAR 4 | CS3: YEAR 5 | CU3: TOTAL (specific activity) | CW3: YEAR 1 | CY3: YEAR 2 | DA3: YEAR 3 | DC3: YEAR 4 | DE3: YEAR 5 | DG3: TOTAL (specific activity) | DI3: YEAR 1 | DK3: YEAR 2 | DM3: YEAR 3 | DO3: YEAR 4 | DQ3: YEAR 5 | DS3: TOTAL (specific activity) | DU3: YEAR 1 | DW3: YEAR 2 | DY3: YEAR 3 | EA3: YEAR 4 | EC3: YEAR 5 | EE3: TOTAL (specific activity) | EG3: YEAR 1 | EI3: YEAR 2 | EK3: YEAR 3 | EM3: YEAR 4 | EO3: YEAR 5 | EQ3: TOTAL (specific activity) | ES3: YEAR 1 | EU3: YEAR 2 | EW3: YEAR 3 | EY3: YEAR 4 | FA3: YEAR 5 | FC3: TOTAL (specific activity) | FE3: YEAR 1 | FG3: YEAR 2 | FI3: YEAR 3 | FK3: YEAR 4 | FM3: YEAR 5 | FO3: TOTAL (specific activity) | FQ3: YEAR 1 | FS3: YEAR 2 | FU3: YEAR 3 | FW3: YEAR 4 | FY3: YEAR 5 | GA3: TOTAL (specific activity)
A4: Budget line justification | B4: BL number | C4: TOTAL (all sub-activities) | E4: GEF (US$) | F4: GOV (US$) | G4: GEF (US$) | H4: GOV (US$) | I4: GEF (US$) | J4: GOV (US$) | K4: GEF (US$) | L4: GOV (US$) | M4: GEF (US$) | N4: GOV (US$) | O4: GEF (US$) | P4: GOV (US$) | Q4: GEF (US$) | R4: GOV (US$) | S4: GEF (US$) | T4: GOV (US$) | U4: GEF (US$) | V4: GOV (US$) | W4: GEF (US$) | X4: GOV (US$) | Y4: GEF (US$) | Z4: GOV (US$) | AA4: GEF (US$) | AB4: GOV (US$) | AC4: GEF (US$) | AD4: GOV (US$) | AE4: GEF (US$) | AF4: GOV (US$) | AG4: GEF (US$) | AH4: GOV (US$) | AI4: GEF (US$) | AJ4: GOV (US$) | AK4: GEF (US$) | AL4: GOV (US$) | AM4: GEF (US$) | AN4: GOV (US$) | AO4: GEF (US$) | AP4: GOV (US$) | AQ4: GEF (US$) | AR4: GOV (US$) | AS4: GEF (US$) | AT4: GOV (US$) | AU4: GEF (US$) | AV4: GOV (US$) | AW4: GEF (US$) | AX4: GOV (US$) | AY4: GEF (US$) | AZ4: GOV (US$) | BA4: GEF (US$) | BB4: GOV (US$) | BC4: GEF (US$) | BD4: GOV (US$) | BE4: GEF (US$) | BF4: GOV (US$) | BG4: GEF (US$) | BH4: GOV (US$) | BI4: GEF (US$) | BJ4: GOV (US$) | BK4: GEF (US$) | BL4: GOV (US$) | BM4: GEF (US$) | BN4: GOV (US$) | BO4: GEF (US$) | BP4: GOV (US$) | BQ4: GEF (US$) | BR4: GOV (US$) | BS4: GEF (US$) | BT4: GOV (US$) | BU4: GEF (US$) | BV4: GOV (US$) | BW4: GEF (US$) | BX4: GOV (US$) | BY4: GEF (US$) | BZ4: GOV (US$) | CA4: GEF (US$) | CB4: GOV (US$) | CC4: GEF (US$) | CD4: GOV (US$) | CE4: GEF (US$) | CF4: GOV (US$) | CG4: GEF (US$) | CH4: GOV (US$) | CI4: GEF (US$) | CJ4: GOV (US$) | CK4: GEF (US$) | CL4: GOV (US$) | CM4: GEF (US$) | CN4: GOV (US$) | CO4: GEF (US$) | CP4: GOV (US$) | CQ4: GEF (US$) | CR4: GOV (US$) | CS4: GEF (US$) | CT4: GOV (US$) | CU4: GEF (US$) | CV4: GOV (US$) | CW4: GEF (US$) | CX4: GOV (US$) | CY4: GEF (US$) | CZ4: GOV (US$) | DA4: GEF (US$) | DB4: GOV (US$) | DC4: GEF (US$) | DD4: GOV (US$) | DE4: GEF (US$) | DF4: GOV (US$) | DG4: GEF (US$) | DH4: GOV (US$) | DI4: GEF (US$) | DJ4: GOV (US$) | DK4: GEF (US$) | DL4: GOV (US$) | DM4: GEF (US$) | DN4: GOV (US$) | DO4: GEF (US$) | DP4: GOV (US$) | DQ4: GEF (US$) | DR4: GOV (US$) | DS4: GEF (US$) | DT4: GOV (US$) | DU4: GEF (US$) | DV4: GOV (US$) | DW4: GEF (US$) | DX4: GOV (US$) | DY4: GEF (US$) | DZ4: GOV (US$) | EA4: GEF (US$) | EB4: GOV (US$) | EC4: GEF (US$) | ED4: GOV (US$) | EE4: GEF (US$) | EF4: GOV (US$) | EG4: GEF (US$) | EH4: GOV (US$) | EI4: GEF (US$) | EJ4: GOV (US$) | EK4: GEF (US$) | EL4: GOV (US$) | EM4: GEF (US$) | EN4: GOV (US$) | EO4: GEF (US$) | EP4: GOV (US$) | EQ4: GEF (US$) | ER4: GOV (US$) | ES4: GEF (US$) | ET4: GOV (US$) | EU4: GEF (US$) | EV4: GOV (US$) | EW4: GEF (US$) | EX4: GOV (US$) | EY4: GEF (US$) | EZ4: GOV (US$) | FA4: GEF (US$) | FB4: GOV (US$) | FC4: GEF (US$) | FD4: GOV (US$) | FE4: GEF (US$) | FF4: GOV (US$) | FG4: GEF (US$) | FH4: GOV (US$) | FI4: GEF (US$) | FJ4: GOV (US$) | FK4: GEF (US$) | FL4: GOV (US$) | FM4: GEF (US$) | FN4: GOV (US$) | FO4: GEF (US$) | FP4: GOV (US$) | FQ4: GEF (US$) | FR4: GOV (US$) | FS4: GEF (US$) | FT4: GOV (US$) | FU4: GEF (US$) | FV4: GOV (US$) | FW4: GEF (US$) | FX4: GOV (US$) | FY4: GEF (US$) | FZ4: GOV (US$) | GA4: GEF (US$) | GB4: GOV (US$)
C5: GEF (US$) | D5: GOV (US$)
A6: National Project Coordinator | B6: 1101 | C6: =SUM(O6,AA6,AM6,AY6,BK6,BW6,CI6,CU6,DG6,DS6,EE6,EQ6,FC6,FO6,GA6) -> 0 | D6: =SUM(P6,AB6,AN6,AZ6,BL6,BX6,CJ6,CV6,DH6,DT6,EF6,ER6,FD6,FP6,GB6) -> 0 | O6: =SUM(E6,G6,I6,K6,M6) -> 0 | P6: =SUM(F6,H6,J6,L6,N6) -> 0 | AA6: =SUM(Q6,S6,U6,W6,Y6) -> 0 | AB6: =SUM(R6,T6,V6,X6,Z6) -> 0 | AM6: =SUM(AC6,AE6,AG6,AI6,AK6) -> 0 | AN6: =SUM(AD6,AF6,AH6,AJ6,AL6) -> 0 | AY6: =SUM(AO6,AQ6,AS6,AU6,AW6) -> 0 | AZ6: =SUM(AP6,AR6,AT6,AV6,AX6) -> 0 | BK6: =SUM(BA6,BC6,BE6,BG6,BI6) -> 0 | BL6: =SUM(BB6,BD6,BF6,BH6,BJ6) -> 0 | BW6: =SUM(BM6,BO6,BQ6,BS6,BU6) -> 0 | BX6: =SUM(BN6,BP6,BR6,BT6,BV6) -> 0 | CI6: =SUM(BY6,CA6,CC6,CE6,CG6) -> 0 | CJ6: =SUM(BZ6,CB6,CD6,CF6,CH6) -> 0 | CU6: =SUM(CK6,CM6,CO6,CQ6,CS6) -> 0 | CV6: =SUM(CL6,CN6,CP6,CR6,CT6) -> 0 | DG6: =SUM(CW6,CY6,DA6,DC6,DE6) -> 0 | DH6: =SUM(CX6,CZ6,DB6,DD6,DF6) -> 0 | DS6: =SUM(DI6,DK6,DM6,DO6,DQ6) -> 0 | DT6: =SUM(DJ6,DL6,DN6,DP6,DR6) -> 0 | EE6: =SUM(DU6,DW6,DY6,EA6,EC6) -> 0 | EF6: =SUM(DV6,DX6,DZ6,EB6,ED6) -> 0 | EQ6: =SUM(EG6,EI6,EK6,EM6,EO6) -> 0 | ER6: =SUM(EH6,EJ6,EL6,EN6,EP6) -> 0 | FC6: =SUM(ES6,EU6,EW6,EY6,FA6) -> 0 | FD6: =SUM(ET6,EV6,EX6,EZ6,FB6) -> 0 | FO6: =SUM(FE6,FG6,FI6,FK6,FM6) -> 0 | FP6: =SUM(FF6,FH6,FJ6,FL6,FN6) -> 0 | GA6: =SUM(FQ6,FS6,FU6,FW6,FY6) -> 0 | GB6: =SUM(FR6,FT6,FV6,FX6,FZ6) -> 0
A7: Project Staff | B7: 1102 | C7: =SUM(O7,AA7,AM7,AY7,BK7,BW7,CI7,CU7,DG7,DS7,EE7,EQ7,FC7,FO7,GA7) -> 0 | D7: =SUM(P7,AB7,AN7,AZ7,BL7,BX7,CJ7,CV7,DH7,DT7,EF7,ER7,FD7,FP7,GB7) -> 72000 | F7: 6000 | H7: 24000 | J7: 6000 | O7: =SUM(E7,G7,I7,K7,M7) -> 0 | P7: =SUM(F7,H7,J7,L7,N7) -> 36000 | T7: 24000 | V7: 12000 | AA7: =SUM(Q7,S7,U7,W7,Y7) -> 0 | AB7: =SUM(R7,T7,V7,X7,Z7) -> 36000 | AM7: =SUM(AC7,AE7,AG7,AI7,AK7) -> 0 | AN7: =SUM(AD7,AF7,AH7,AJ7,AL7) -> 0 | AY7: =SUM(AO7,AQ7,AS7,AU7,AW7) -> 0 | AZ7: =SUM(AP7,AR7,AT7,AV7,AX7) -> 0 | BK7: =SUM(BA7,BC7,BE7,BG7,BI7) -> 0 | BL7: =SUM(BB7,BD7,BF7,BH7,BJ7) -> 0 | BW7: =SUM(BM7,BO7,BQ7,BS7,BU7) -> 0 | BX7: =SUM(BN7,BP7,BR7,BT7,BV7) -> 0 | CI7: =SUM(BY7,CA7,CC7,CE7,CG7) -> 0 | CJ7: =SUM(BZ7,CB7,CD7,CF7,CH7) -> 0 | CU7: =SUM(CK7,CM7,CO7,CQ7,CS7) -> 0 | CV7: =SUM(CL7,CN7,CP7,CR7,CT7) -> 0 | DG7: =SUM(CW7,CY7,DA7,DC7,DE7) -> 0 | DH7: =SUM(CX7,CZ7,DB7,DD7,DF7) -> 0 | DS7: =SUM(DI7,DK7,DM7,DO7,DQ7) -> 0 | DT7: =SUM(DJ7,DL7,DN7,DP7,DR7) -> 0 | EE7: =SUM(DU7,DW7,DY7,EA7,EC7) -> 0 | EF7: =SUM(DV7,DX7,DZ7,EB7,ED7) -> 0 | EQ7: =SUM(EG7,EI7,EK7,EM7,EO7) -> 0 | ER7: =SUM(EH7,EJ7,EL7,EN7,EP7) -> 0 | FC7: =SUM(ES7,EU7,EW7,EY7,FA7) -> 0 | FD7: =SUM(ET7,EV7,EX7,EZ7,FB7) -> 0 | FO7: =SUM(FE7,FG7,FI7,FK7,FM7) -> 0 | FP7: =SUM(FF7,FH7,FJ7,FL7,FN7) -> 0 | GA7: =SUM(FQ7,FS7,FU7,FW7,FY7) -> 0 | GB7: =SUM(FR7,FT7,FV7,FX7,FZ7) -> 0
A8: Administrative Staff | B8: 1120 | C8: =SUM(O8,AA8,AM8,AY8,BK8,BW8,CI8,CU8,DG8,DS8,EE8,EQ8,FC8,FO8,GA8) -> 0 | D8: =SUM(P8,AB8,AN8,AZ8,BL8,BX8,CJ8,CV8,DH8,DT8,EF8,ER8,FD8,FP8,GB8) -> 0 | O8: =SUM(E8,G8,I8,K8,M8) -> 0 | P8: =SUM(F8,H8,J8,L8,N8) -> 0 | AA8: =SUM(Q8,S8,U8,W8,Y8) -> 0 | AB8: =SUM(R8,T8,V8,X8,Z8) -> 0 | AM8: =SUM(AC8,AE8,AG8,AI8,AK8) -> 0 | AN8: =SUM(AD8,AF8,AH8,AJ8,AL8) -> 0 | AY8: =SUM(AO8,AQ8,AS8,AU8,AW8) -> 0 | AZ8: =SUM(AP8,AR8,AT8,AV8,AX8) -> 0 | BK8: =SUM(BA8,BC8,BE8,BG8,BI8) -> 0 | BL8: =SUM(BB8,BD8,BF8,BH8,BJ8) -> 0 | BW8: =SUM(BM8,BO8,BQ8,BS8,BU8) -> 0 | BX8: =SUM(BN8,BP8,BR8,BT8,BV8) -> 0 | CI8: =SUM(BY8,CA8,CC8,CE8,CG8) -> 0 | CJ8: =SUM(BZ8,CB8,CD8,CF8,CH8) -> 0 | CU8: =SUM(CK8,CM8,CO8,CQ8,CS8) -> 0 | CV8: =SUM(CL8,CN8,CP8,CR8,CT8) -> 0 | DG8: =SUM(CW8,CY8,DA8,DC8,DE8) -> 0 | DH8: =SUM(CX8,CZ8,DB8,DD8,DF8) -> 0 | DS8: =SUM(DI8,DK8,DM8,DO8,DQ8) -> 0 | DT8: =SUM(DJ8,DL8,DN8,DP8,DR8) -> 0 | EE8: =SUM(DU8,DW8,DY8,EA8,EC8) -> 0 | EF8: =SUM(DV8,DX8,DZ8,EB8,ED8) -> 0 | EQ8: =SUM(EG8,EI8,EK8,EM8,EO8) -> 0 | ER8: =SUM(EH8,EJ8,EL8,EN8,EP8) -> 0 | FC8: =SUM(ES8,EU8,EW8,EY8,FA8) -> 0 | FD8: =SUM(ET8,EV8,EX8,EZ8,FB8) -> 0 | FO8: =SUM(FE8,FG8,FI8,FK8,FM8) -> 0 | FP8: =SUM(FF8,FH8,FJ8,FL8,FN8) -> 0 | GA8: =SUM(FQ8,FS8,FU8,FW8,FY8) -> 0 | GB8: =SUM(FR8,FT8,FV8,FX8,FZ8) -> 0
A9: International Consultants | B9: 1201 | C9: =SUM(O9,AA9,AM9,AY9,BK9,BW9,CI9,CU9,DG9,DS9,EE9,EQ9,FC9,FO9,GA9) -> 4000 | D9: =SUM(P9,AB9,AN9,AZ9,BL9,BX9,CJ9,CV9,DH9,DT9,EF9,ER9,FD9,FP9,GB9) -> 0 | G9: 2000 | O9: =SUM(E9,G9,I9,K9,M9) -> 2000 | P9: =SUM(F9,H9,J9,L9,N9) -> 0 | S9: 2000 | AA9: =SUM(Q9,S9,U9,W9,Y9) -> 2000 | AB9: =SUM(R9,T9,V9,X9,Z9) -> 0 | AM9: =SUM(AC9,AE9,AG9,AI9,AK9) -> 0 | AN9: =SUM(AD9,AF9,AH9,AJ9,AL9) -> 0 | AY9: =SUM(AO9,AQ9,AS9,AU9,AW9) -> 0 | AZ9: =SUM(AP9,AR9,AT9,AV9,AX9) -> 0 | BK9: =SUM(BA9,BC9,BE9,BG9,BI9) -> 0 | BL9: =SUM(BB9,BD9,BF9,BH9,BJ9) -> 0 | BW9: =SUM(BM9,BO9,BQ9,BS9,BU9) -> 0 | BX9: =SUM(BN9,BP9,BR9,BT9,BV9) -> 0 | CI9: =SUM(BY9,CA9,CC9,CE9,CG9) -> 0 | CJ9: =SUM(BZ9,CB9,CD9,CF9,CH9) -> 0 | CU9: =SUM(CK9,CM9,CO9,CQ9,CS9) -> 0 | CV9: =SUM(CL9,CN9,CP9,CR9,CT9) -> 0 | DG9: =SUM(CW9,CY9,DA9,DC9,DE9) -> 0 | DH9: =SUM(CX9,CZ9,DB9,DD9,DF9) -> 0 | DS9: =SUM(DI9,DK9,DM9,DO9,DQ9) -> 0 | DT9: =SUM(DJ9,DL9,DN9,DP9,DR9) -> 0 | EE9: =SUM(DU9,DW9,DY9,EA9,EC9) -> 0 | EF9: =SUM(DV9,DX9,DZ9,EB9,ED9) -> 0 | EQ9: =SUM(EG9,EI9,EK9,EM9,EO9) -> 0 | ER9: =SUM(EH9,EJ9,EL9,EN9,EP9) -> 0 | FC9: =SUM(ES9,EU9,EW9,EY9,FA9) -> 0 | FD9: =SUM(ET9,EV9,EX9,EZ9,FB9) -> 0 | FO9: =SUM(FE9,FG9,FI9,FK9,FM9) -> 0 | FP9: =SUM(FF9,FH9,FJ9,FL9,FN9) -> 0 | GA9: =SUM(FQ9,FS9,FU9,FW9,FY9) -> 0 | GB9: =SUM(FR9,FT9,FV9,FX9,FZ9) -> 0
A10: National Consultants | B10: 1202 | C10: =SUM(O10,AA10,AM10,AY10,BK10,BW10,CI10,CU10,DG10,DS10,EE10,EQ10,FC10,FO10,GA10) -> 20000 | D10: =SUM(P10,AB10,AN10,AZ10,BL10,BX10,CJ10,CV10,DH10,DT10,EF10,ER10,FD10,FP10,GB10) -> 0 | E10: 2000 | G10: 6000 | I10: 2000 | O10: =SUM(E10,G10,I10,K10,M10) -> 10000 | P10: =SUM(F10,H10,J10,L10,N10) -> 0 | S10: 6000 | U10: 4000 | AA10: =SUM(Q10,S10,U10,W10,Y10) -> 10000 | AB10: =SUM(R10,T10,V10,X10,Z10) -> 0 | AM10: =SUM(AC10,AE10,AG10,AI10,AK10) -> 0 | AN10: =SUM(AD10,AF10,AH10,AJ10,AL10) -> 0 | AY10: =SUM(AO10,AQ10,AS10,AU10,AW10) -> 0 | AZ10: =SUM(AP10,AR10,AT10,AV10,AX10) -> 0 | BK10: =SUM(BA10,BC10,BE10,BG10,BI10) -> 0 | BL10: =SUM(BB10,BD10,BF10,BH10,BJ10) -> 0 | BW10: =SUM(BM10,BO10,BQ10,BS10,BU10) -> 0 | BX10: =SUM(BN10,BP10,BR10,BT10,BV10) -> 0 | CI10: =SUM(BY10,CA10,CC10,CE10,CG10) -> 0 | CJ10: =SUM(BZ10,CB10,CD10,CF10,CH10) -> 0 | CU10: =SUM(CK10,CM10,CO10,CQ10,CS10) -> 0 | CV10: =SUM(CL10,CN10,CP10,CR10,CT10) -> 0 | DG10: =SUM(CW10,CY10,DA10,DC10,DE10) -> 0 | DH10: =SUM(CX10,CZ10,DB10,DD10,DF10) -> 0 | DS10: =SUM(DI10,DK10,DM10,DO10,DQ10) -> 0 | DT10: =SUM(DJ10,DL10,DN10,DP10,DR10) -> 0 | EE10: =SUM(DU10,DW10,DY10,EA10,EC10) -> 0 | EF10: =SUM(DV10,DX10,DZ10,EB10,ED10) -> 0 | EQ10: =SUM(EG10,EI10,EK10,EM10,EO10) -> 0 | ER10: =SUM(EH10,EJ10,EL10,EN10,EP10) -> 0 | FC10: =SUM(ES10,EU10,EW10,EY10,FA10) -> 0 | FD10: =SUM(ET10,EV10,EX10,EZ10,FB10) -> 0 | FO10: =SUM(FE10,FG10,FI10,FK10,FM10) -> 0 | FP10: =SUM(FF10,FH10,FJ10,FL10,FN10) -> 0 | GA10: =SUM(FQ10,FS10,FU10,FW10,FY10) -> 0 | GB10: =SUM(FR10,FT10,FV10,FX10,FZ10) -> 0
A11: Staff Travel & Transport | B11: 1601 | C11: =SUM(O11,AA11,AM11,AY11,BK11,BW11,CI11,CU11,DG11,DS11,EE11,EQ11,FC11,FO11,GA11) -> 10000 | D11: =SUM(P11,AB11,AN11,AZ11,BL11,BX11,CJ11,CV11,DH11,DT11,EF11,ER11,FD11,FP11,GB11) -> 30000 | G11: 5000 | H11: 15000 | O11: =SUM(E11,G11,I11,K11,M11) -> 5000 | P11: =SUM(F11,H11,J11,L11,N11) -> 15000 | S11: 5000 | T11: 15000 | AA11: =SUM(Q11,S11,U11,W11,Y11) -> 5000 | AB11: =SUM(R11,T11,V11,X11,Z11) -> 15000 | AM11: =SUM(AC11,AE11,AG11,AI11,AK11) -> 0 | AN11: =SUM(AD11,AF11,AH11,AJ11,AL11) -> 0 | AY11: =SUM(AO11,AQ11,AS11,AU11,AW11) -> 0 | AZ11: =SUM(AP11,AR11,AT11,AV11,AX11) -> 0 | BK11: =SUM(BA11,BC11,BE11,BG11,BI11) -> 0 | BL11: =SUM(BB11,BD11,BF11,BH11,BJ11) -> 0 | BW11: =SUM(BM11,BO11,BQ11,BS11,BU11) -> 0 | BX11: =SUM(BN11,BP11,BR11,BT11,BV11) -> 0 | CI11: =SUM(BY11,CA11,CC11,CE11,CG11) -> 0 | CJ11: =SUM(BZ11,CB11,CD11,CF11,CH11) -> 0 | CU11: =SUM(CK11,CM11,CO11,CQ11,CS11) -> 0 | CV11: =SUM(CL11,CN11,CP11,CR11,CT11) -> 0 | DG11: =SUM(CW11,CY11,DA11,DC11,DE11) -> 0 | DH11: =SUM(CX11,CZ11,DB11,DD11,DF11) -> 0 | DS11: =SUM(DI11,DK11,DM11,DO11,DQ11) -> 0 | DT11: =SUM(DJ11,DL11,DN11,DP11,DR11) -> 0 | EE11: =SUM(DU11,DW11,DY11,EA11,EC11) -> 0 | EF11: =SUM(DV11,DX11,DZ11,EB11,ED11) -> 0 | EQ11: =SUM(EG11,EI11,EK11,EM11,EO11) -> 0 | ER11: =SUM(EH11,EJ11,EL11,EN11,EP11) -> 0 | FC11: =SUM(ES11,EU11,EW11,EY11,FA11) -> 0 | FD11: =SUM(ET11,EV11,EX11,EZ11,FB11) -> 0 | FO11: =SUM(FE11,FG11,FI11,FK11,FM11) -> 0 | FP11: =SUM(FF11,FH11,FJ11,FL11,FN11) -> 0 | GA11: =SUM(FQ11,FS11,FU11,FW11,FY11) -> 0 | GB11: =SUM(FR11,FT11,FV11,FX11,FZ11) -> 0
A12: Sub-contract to GOV (US$)ernmental agencies | B12: 2201 | C12: =SUM(O12,AA12,AM12,AY12,BK12,BW12,CI12,CU12,DG12,DS12,EE12,EQ12,FC12,FO12,GA12) -> 20000 | D12: =SUM(P12,AB12,AN12,AZ12,BL12,BX12,CJ12,CV12,DH12,DT12,EF12,ER12,FD12,FP12,GB12) -> 60000 | E12: 2500 | F12: 7500 | G12: 5000 | H12: 15000 | I12: 2500 | J12: 7500 | O12: =SUM(E12,G12,I12,K12,M12) -> 10000 | P12: =SUM(F12,H12,J12,L12,N12) -> 30000 | S12: 5000 | T12: 15000 | U12: 5000 | V12: 15000 | AA12: =SUM(Q12,S12,U12,W12,Y12) -> 10000 | AB12: =SUM(R12,T12,V12,X12,Z12) -> 30000 | AM12: =SUM(AC12,AE12,AG12,AI12,AK12) -> 0 | AN12: =SUM(AD12,AF12,AH12,AJ12,AL12) -> 0 | AY12: =SUM(AO12,AQ12,AS12,AU12,AW12) -> 0 | AZ12: =SUM(AP12,AR12,AT12,AV12,AX12) -> 0 | BK12: =SUM(BA12,BC12,BE12,BG12,BI12) -> 0 | BL12: =SUM(BB12,BD12,BF12,BH12,BJ12) -> 0 | BW12: =SUM(BM12,BO12,BQ12,BS12,BU12) -> 0 | BX12: =SUM(BN12,BP12,BR12,BT12,BV12) -> 0 | CI12: =SUM(BY12,CA12,CC12,CE12,CG12) -> 0 | CJ12: =SUM(BZ12,CB12,CD12,CF12,CH12) -> 0 | CU12: =SUM(CK12,CM12,CO12,CQ12,CS12) -> 0 | CV12: =SUM(CL12,CN12,CP12,CR12,CT12) -> 0 | DG12: =SUM(CW12,CY12,DA12,DC12,DE12) -> 0 | DH12: =SUM(CX12,CZ12,DB12,DD12,DF12) -> 0 | DS12: =SUM(DI12,DK12,DM12,DO12,DQ12) -> 0 | DT12: =SUM(DJ12,DL12,DN12,DP12,DR12) -> 0 | EE12: =SUM(DU12,DW12,DY12,EA12,EC12) -> 0 | EF12: =SUM(DV12,DX12,DZ12,EB12,ED12) -> 0 | EQ12: =SUM(EG12,EI12,EK12,EM12,EO12) -> 0 | ER12: =SUM(EH12,EJ12,EL12,EN12,EP12) -> 0 | FC12: =SUM(ES12,EU12,EW12,EY12,FA12) -> 0 | FD12: =SUM(ET12,EV12,EX12,EZ12,FB12) -> 0 | FO12: =SUM(FE12,FG12,FI12,FK12,FM12) -> 0 | FP12: =SUM(FF12,FH12,FJ12,FL12,FN12) -> 0 | GA12: =SUM(FQ12,FS12,FU12,FW12,FY12) -> 0 | GB12: =SUM(FR12,FT12,FV12,FX12,FZ12) -> 0
A13: Sub-contract to private firms | B13: 2301 | C13: =SUM(O13,AA13,AM13,AY13,BK13,BW13,CI13,CU13,DG13,DS13,EE13,EQ13,FC13,FO13,GA13) -> 10000 | D13: =SUM(P13,AB13,AN13,AZ13,BL13,BX13,CJ13,CV13,DH13,DT13,EF13,ER13,FD13,FP13,GB13) -> 30000 | G13: 5000 | H13: 15000 | O13: =SUM(E13,G13,I13,K13,M13) -> 5000 | P13: =SUM(F13,H13,J13,L13,N13) -> 15000 | S13: 5000 | T13: 15000 | AA13: =SUM(Q13,S13,U13,W13,Y13) -> 5000 | AB13: =SUM(R13,T13,V13,X13,Z13) -> 15000 | AM13: =SUM(AC13,AE13,AG13,AI13,AK13) -> 0 | AN13: =SUM(AD13,AF13,AH13,AJ13,AL13) -> 0 | AY13: =SUM(AO13,AQ13,AS13,AU13,AW13) -> 0 | AZ13: =SUM(AP13,AR13,AT13,AV13,AX13) -> 0 | BK13: =SUM(BA13,BC13,BE13,BG13,BI13) -> 0 | BL13: =SUM(BB13,BD13,BF13,BH13,BJ13) -> 0 | BW13: =SUM(BM13,BO13,BQ13,BS13,BU13) -> 0 | BX13: =SUM(BN13,BP13,BR13,BT13,BV13) -> 0 | CI13: =SUM(BY13,CA13,CC13,CE13,CG13) -> 0 | CJ13: =SUM(BZ13,CB13,CD13,CF13,CH13) -> 0 | CU13: =SUM(CK13,CM13,CO13,CQ13,CS13) -> 0 | CV13: =SUM(CL13,CN13,CP13,CR13,CT13) -> 0 | DG13: =SUM(CW13,CY13,DA13,DC13,DE13) -> 0 | DH13: =SUM(CX13,CZ13,DB13,DD13,DF13) -> 0 | DS13: =SUM(DI13,DK13,DM13,DO13,DQ13) -> 0 | DT13: =SUM(DJ13,DL13,DN13,DP13,DR13) -> 0 | EE13: =SUM(DU13,DW13,DY13,EA13,EC13) -> 0 | EF13: =SUM(DV13,DX13,DZ13,EB13,ED13) -> 0 | EQ13: =SUM(EG13,EI13,EK13,EM13,EO13) -> 0 | ER13: =SUM(EH13,EJ13,EL13,EN13,EP13) -> 0 | FC13: =SUM(ES13,EU13,EW13,EY13,FA13) -> 0 | FD13: =SUM(ET13,EV13,EX13,EZ13,FB13) -> 0 | FO13: =SUM(FE13,FG13,FI13,FK13,FM13) -> 0 | FP13: =SUM(FF13,FH13,FJ13,FL13,FN13) -> 0 | GA13: =SUM(FQ13,FS13,FU13,FW13,FY13) -> 0 | GB13: =SUM(FR13,FT13,FV13,FX13,FZ13) -> 0
A14: Training | B14: 3201 | C14: =SUM(O14,AA14,AM14,AY14,BK14,BW14,CI14,CU14,DG14,DS14,EE14,EQ14,FC14,FO14,GA14) -> 10000 | D14: =SUM(P14,AB14,AN14,AZ14,BL14,BX14,CJ14,CV14,DH14,DT14,EF14,ER14,FD14,FP14,GB14) -> 30000 | G14: 5000 | H14: 15000 | O14: =SUM(E14,G14,I14,K14,M14) -> 5000 | P14: =SUM(F14,H14,J14,L14,N14) -> 15000 | S14: 5000 | T14: 15000 | AA14: =SUM(Q14,S14,U14,W14,Y14) -> 5000 | AB14: =SUM(R14,T14,V14,X14,Z14) -> 15000 | AM14: =SUM(AC14,AE14,AG14,AI14,AK14) -> 0 | AN14: =SUM(AD14,AF14,AH14,AJ14,AL14) -> 0 | AY14: =SUM(AO14,AQ14,AS14,AU14,AW14) -> 0 | AZ14: =SUM(AP14,AR14,AT14,AV14,AX14) -> 0 | BK14: =SUM(BA14,BC14,BE14,BG14,BI14) -> 0 | BL14: =SUM(BB14,BD14,BF14,BH14,BJ14) -> 0 | BW14: =SUM(BM14,BO14,BQ14,BS14,BU14) -> 0 | BX14: =SUM(BN14,BP14,BR14,BT14,BV14) -> 0 | CI14: =SUM(BY14,CA14,CC14,CE14,CG14) -> 0 | CJ14: =SUM(BZ14,CB14,CD14,CF14,CH14) -> 0 | CU14: =SUM(CK14,CM14,CO14,CQ14,CS14) -> 0 | CV14: =SUM(CL14,CN14,CP14,CR14,CT14) -> 0 | DG14: =SUM(CW14,CY14,DA14,DC14,DE14) -> 0 | DH14: =SUM(CX14,CZ14,DB14,DD14,DF14) -> 0 | DS14: =SUM(DI14,DK14,DM14,DO14,DQ14) -> 0 | DT14: =SUM(DJ14,DL14,DN14,DP14,DR14) -> 0 | EE14: =SUM(DU14,DW14,DY14,EA14,EC14) -> 0 | EF14: =SUM(DV14,DX14,DZ14,EB14,ED14) -> 0 | EQ14: =SUM(EG14,EI14,EK14,EM14,EO14) -> 0 | ER14: =SUM(EH14,EJ14,EL14,EN14,EP14) -> 0 | FC14: =SUM(ES14,EU14,EW14,EY14,FA14) -> 0 | FD14: =SUM(ET14,EV14,EX14,EZ14,FB14) -> 0 | FO14: =SUM(FE14,FG14,FI14,FK14,FM14) -> 0 | FP14: =SUM(FF14,FH14,FJ14,FL14,FN14) -> 0 | GA14: =SUM(FQ14,FS14,FU14,FW14,FY14) -> 0 | GB14: =SUM(FR14,FT14,FV14,FX14,FZ14) -> 0
A15: Meetings | B15: 3301 | C15: =SUM(O15,AA15,AM15,AY15,BK15,BW15,CI15,CU15,DG15,DS15,EE15,EQ15,FC15,FO15,GA15) -> 20000 | D15: =SUM(P15,AB15,AN15,AZ15,BL15,BX15,CJ15,CV15,DH15,DT15,EF15,ER15,FD15,FP15,GB15) -> 60000 | E15: 1000 | F15: 3000 | G15: 8000 | H15: 24000 | I15: 1000 | J15: 3000 | O15: =SUM(E15,G15,I15,K15,M15) -> 10000 | P15: =SUM(F15,H15,J15,L15,N15) -> 30000 | S15: 8000 | T15: 24000 | U15: 2000 | V15: 6000 | AA15: =SUM(Q15,S15,U15,W15,Y15) -> 10000 | AB15: =SUM(R15,T15,V15,X15,Z15) -> 30000 | AM15: =SUM(AC15,AE15,AG15,AI15,AK15) -> 0 | AN15: =SUM(AD15,AF15,AH15,AJ15,AL15) -> 0 | AY15: =SUM(AO15,AQ15,AS15,AU15,AW15) -> 0 | AZ15: =SUM(AP15,AR15,AT15,AV15,AX15) -> 0 | BK15: =SUM(BA15,BC15,BE15,BG15,BI15) -> 0 | BL15: =SUM(BB15,BD15,BF15,BH15,BJ15) -> 0 | BW15: =SUM(BM15,BO15,BQ15,BS15,BU15) -> 0 | BX15: =SUM(BN15,BP15,BR15,BT15,BV15) -> 0 | CI15: =SUM(BY15,CA15,CC15,CE15,CG15) -> 0 | CJ15: =SUM(BZ15,CB15,CD15,CF15,CH15) -> 0 | CU15: =SUM(CK15,CM15,CO15,CQ15,CS15) -> 0 | CV15: =SUM(CL15,CN15,CP15,CR15,CT15) -> 0 | DG15: =SUM(CW15,CY15,DA15,DC15,DE15) -> 0 | DH15: =SUM(CX15,CZ15,DB15,DD15,DF15) -> 0 | DS15: =SUM(DI15,DK15,DM15,DO15,DQ15) -> 0 | DT15: =SUM(DJ15,DL15,DN15,DP15,DR15) -> 0 | EE15: =SUM(DU15,DW15,DY15,EA15,EC15) -> 0 | EF15: =SUM(DV15,DX15,DZ15,EB15,ED15) -> 0 | EQ15: =SUM(EG15,EI15,EK15,EM15,EO15) -> 0 | ER15: =SUM(EH15,EJ15,EL15,EN15,EP15) -> 0 | FC15: =SUM(ES15,EU15,EW15,EY15,FA15) -> 0 | FD15: =SUM(ET15,EV15,EX15,EZ15,FB15) -> 0 | FO15: =SUM(FE15,FG15,FI15,FK15,FM15) -> 0 | FP15: =SUM(FF15,FH15,FJ15,FL15,FN15) -> 0 | GA15: =SUM(FQ15,FS15,FU15,FW15,FY15) -> 0 | GB15: =SUM(FR15,FT15,FV15,FX15,FZ15) -> 0
A16: Office supplies and consummables | B16: 4101 | C16: =SUM(O16,AA16,AM16,AY16,BK16,BW16,CI16,CU16,DG16,DS16,EE16,EQ16,FC16,FO16,GA16) -> 0 | D16: =SUM(P16,AB16,AN16,AZ16,BL16,BX16,CJ16,CV16,DH16,DT16,EF16,ER16,FD16,FP16,GB16) -> 0 | O16: =SUM(E16,G16,I16,K16,M16) -> 0 | P16: =SUM(F16,H16,J16,L16,N16) -> 0 | AA16: =SUM(Q16,S16,U16,W16,Y16) -> 0 | AB16: =SUM(R16,T16,V16,X16,Z16) -> 0 | AM16: =SUM(AC16,AE16,AG16,AI16,AK16) -> 0 | AN16: =SUM(AD16,AF16,AH16,AJ16,AL16) -> 0 | AY16: =SUM(AO16,AQ16,AS16,AU16,AW16) -> 0 | AZ16: =SUM(AP16,AR16,AT16,AV16,AX16) -> 0 | BK16: =SUM(BA16,BC16,BE16,BG16,BI16) -> 0 | BL16: =SUM(BB16,BD16,BF16,BH16,BJ16) -> 0 | BW16: =SUM(BM16,BO16,BQ16,BS16,BU16) -> 0 | BX16: =SUM(BN16,BP16,BR16,BT16,BV16) -> 0 | CI16: =SUM(BY16,CA16,CC16,CE16,CG16) -> 0 | CJ16: =SUM(BZ16,CB16,CD16,CF16,CH16) -> 0 | CU16: =SUM(CK16,CM16,CO16,CQ16,CS16) -> 0 | CV16: =SUM(CL16,CN16,CP16,CR16,CT16) -> 0 | DG16: =SUM(CW16,CY16,DA16,DC16,DE16) -> 0 | DH16: =SUM(CX16,CZ16,DB16,DD16,DF16) -> 0 | DS16: =SUM(DI16,DK16,DM16,DO16,DQ16) -> 0 | DT16: =SUM(DJ16,DL16,DN16,DP16,DR16) -> 0 | EE16: =SUM(DU16,DW16,DY16,EA16,EC16) -> 0 | EF16: =SUM(DV16,DX16,DZ16,EB16,ED16) -> 0 | EQ16: =SUM(EG16,EI16,EK16,EM16,EO16) -> 0 | ER16: =SUM(EH16,EJ16,EL16,EN16,EP16) -> 0 | FC16: =SUM(ES16,EU16,EW16,EY16,FA16) -> 0 | FD16: =SUM(ET16,EV16,EX16,EZ16,FB16) -> 0 | FO16: =SUM(FE16,FG16,FI16,FK16,FM16) -> 0 | FP16: =SUM(FF16,FH16,FJ16,FL16,FN16) -> 0 | GA16: =SUM(FQ16,FS16,FU16,FW16,FY16) -> 0 | GB16: =SUM(FR16,FT16,FV16,FX16,FZ16) -> 0
A17: Laboratory supplies and consummables | B17: 4102 | C17: =SUM(O17,AA17,AM17,AY17,BK17,BW17,CI17,CU17,DG17,DS17,EE17,EQ17,FC17,FO17,GA17) -> 0 | D17: =SUM(P17,AB17,AN17,AZ17,BL17,BX17,CJ17,CV17,DH17,DT17,EF17,ER17,FD17,FP17,GB17) -> 0 | O17: =SUM(E17,G17,I17,K17,M17) -> 0 | P17: =SUM(F17,H17,J17,L17,N17) -> 0 | AA17: =SUM(Q17,S17,U17,W17,Y17) -> 0 | AB17: =SUM(R17,T17,V17,X17,Z17) -> 0 | AM17: =SUM(AC17,AE17,AG17,AI17,AK17) -> 0 | AN17: =SUM(AD17,AF17,AH17,AJ17,AL17) -> 0 | AY17: =SUM(AO17,AQ17,AS17,AU17,AW17) -> 0 | AZ17: =SUM(AP17,AR17,AT17,AV17,AX17) -> 0 | BK17: =SUM(BA17,BC17,BE17,BG17,BI17) -> 0 | BL17: =SUM(BB17,BD17,BF17,BH17,BJ17) -> 0 | BW17: =SUM(BM17,BO17,BQ17,BS17,BU17) -> 0 | BX17: =SUM(BN17,BP17,BR17,BT17,BV17) -> 0 | CI17: =SUM(BY17,CA17,CC17,CE17,CG17) -> 0 | CJ17: =SUM(BZ17,CB17,CD17,CF17,CH17) -> 0 | CU17: =SUM(CK17,CM17,CO17,CQ17,CS17) -> 0 | CV17: =SUM(CL17,CN17,CP17,CR17,CT17) -> 0 | DG17: =SUM(CW17,CY17,DA17,DC17,DE17) -> 0 | DH17: =SUM(CX17,CZ17,DB17,DD17,DF17) -> 0 | DS17: =SUM(DI17,DK17,DM17,DO17,DQ17) -> 0 | DT17: =SUM(DJ17,DL17,DN17,DP17,DR17) -> 0 | EE17: =SUM(DU17,DW17,DY17,EA17,EC17) -> 0 | EF17: =SUM(DV17,DX17,DZ17,EB17,ED17) -> 0 | EQ17: =SUM(EG17,EI17,EK17,EM17,EO17) -> 0 | ER17: =SUM(EH17,EJ17,EL17,EN17,EP17) -> 0 | FC17: =SUM(ES17,EU17,EW17,EY17,FA17) -> 0 | FD17: =SUM(ET17,EV17,EX17,EZ17,FB17) -> 0 | FO17: =SUM(FE17,FG17,FI17,FK17,FM17) -> 0 | FP17: =SUM(FF17,FH17,FJ17,FL17,FN17) -> 0 | GA17: =SUM(FQ17,FS17,FU17,FW17,FY17) -> 0 | GB17: =SUM(FR17,FT17,FV17,FX17,FZ17) -> 0
A18: Non Laboratory Purchase | B18: 4201 | C18: =SUM(O18,AA18,AM18,AY18,BK18,BW18,CI18,CU18,DG18,DS18,EE18,EQ18,FC18,FO18,GA18) -> 0 | D18: =SUM(P18,AB18,AN18,AZ18,BL18,BX18,CJ18,CV18,DH18,DT18,EF18,ER18,FD18,FP18,GB18) -> 0 | O18: =SUM(E18,G18,I18,K18,M18) -> 0 | P18: =SUM(F18,H18,J18,L18,N18) -> 0 | AA18: =SUM(Q18,S18,U18,W18,Y18) -> 0 | AB18: =SUM(R18,T18,V18,X18,Z18) -> 0 | AM18: =SUM(AC18,AE18,AG18,AI18,AK18) -> 0 | AN18: =SUM(AD18,AF18,AH18,AJ18,AL18) -> 0 | AY18: =SUM(AO18,AQ18,AS18,AU18,AW18) -> 0 | AZ18: =SUM(AP18,AR18,AT18,AV18,AX18) -> 0 | BK18: =SUM(BA18,BC18,BE18,BG18,BI18) -> 0 | BL18: =SUM(BB18,BD18,BF18,BH18,BJ18) -> 0 | BW18: =SUM(BM18,BO18,BQ18,BS18,BU18) -> 0 | BX18: =SUM(BN18,BP18,BR18,BT18,BV18) -> 0 | CI18: =SUM(BY18,CA18,CC18,CE18,CG18) -> 0 | CJ18: =SUM(BZ18,CB18,CD18,CF18,CH18) -> 0 | CU18: =SUM(CK18,CM18,CO18,CQ18,CS18) -> 0 | CV18: =SUM(CL18,CN18,CP18,CR18,CT18) -> 0 | DG18: =SUM(CW18,CY18,DA18,DC18,DE18) -> 0 | DH18: =SUM(CX18,CZ18,DB18,DD18,DF18) -> 0 | DS18: =SUM(DI18,DK18,DM18,DO18,DQ18) -> 0 | DT18: =SUM(DJ18,DL18,DN18,DP18,DR18) -> 0 | EE18: =SUM(DU18,DW18,DY18,EA18,EC18) -> 0 | EF18: =SUM(DV18,DX18,DZ18,EB18,ED18) -> 0 | EQ18: =SUM(EG18,EI18,EK18,EM18,EO18) -> 0 | ER18: =SUM(EH18,EJ18,EL18,EN18,EP18) -> 0 | FC18: =SUM(ES18,EU18,EW18,EY18,FA18) -> 0 | FD18: =SUM(ET18,EV18,EX18,EZ18,FB18) -> 0 | FO18: =SUM(FE18,FG18,FI18,FK18,FM18) -> 0 | FP18: =SUM(FF18,FH18,FJ18,FL18,FN18) -> 0 | GA18: =SUM(FQ18,FS18,FU18,FW18,FY18) -> 0 | GB18: =SUM(FR18,FT18,FV18,FX18,FZ18) -> 0
A19: Laboratory Equipment | B19: 4202 | C19: =SUM(O19,AA19,AM19,AY19,BK19,BW19,CI19,CU19,DG19,DS19,EE19,EQ19,FC19,FO19,GA19) -> 0 | D19: =SUM(P19,AB19,AN19,AZ19,BL19,BX19,CJ19,CV19,DH19,DT19,EF19,ER19,FD19,FP19,GB19) -> 0 | O19: =SUM(E19,G19,I19,K19,M19) -> 0 | P19: =SUM(F19,H19,J19,L19,N19) -> 0 | AA19: =SUM(Q19,S19,U19,W19,Y19) -> 0 | AB19: =SUM(R19,T19,V19,X19,Z19) -> 0 | AM19: =SUM(AC19,AE19,AG19,AI19,AK19) -> 0 | AN19: =SUM(AD19,AF19,AH19,AJ19,AL19) -> 0 | AY19: =SUM(AO19,AQ19,AS19,AU19,AW19) -> 0 | AZ19: =SUM(AP19,AR19,AT19,AV19,AX19) -> 0 | BK19: =SUM(BA19,BC19,BE19,BG19,BI19) -> 0 | BL19: =SUM(BB19,BD19,BF19,BH19,BJ19) -> 0 | BW19: =SUM(BM19,BO19,BQ19,BS19,BU19) -> 0 | BX19: =SUM(BN19,BP19,BR19,BT19,BV19) -> 0 | CI19: =SUM(BY19,CA19,CC19,CE19,CG19) -> 0 | CJ19: =SUM(BZ19,CB19,CD19,CF19,CH19) -> 0 | CU19: =SUM(CK19,CM19,CO19,CQ19,CS19) -> 0 | CV19: =SUM(CL19,CN19,CP19,CR19,CT19) -> 0 | DG19: =SUM(CW19,CY19,DA19,DC19,DE19) -> 0 | DH19: =SUM(CX19,CZ19,DB19,DD19,DF19) -> 0 | DS19: =SUM(DI19,DK19,DM19,DO19,DQ19) -> 0 | DT19: =SUM(DJ19,DL19,DN19,DP19,DR19) -> 0 | EE19: =SUM(DU19,DW19,DY19,EA19,EC19) -> 0 | EF19: =SUM(DV19,DX19,DZ19,EB19,ED19) -> 0 | EQ19: =SUM(EG19,EI19,EK19,EM19,EO19) -> 0 | ER19: =SUM(EH19,EJ19,EL19,EN19,EP19) -> 0 | FC19: =SUM(ES19,EU19,EW19,EY19,FA19) -> 0 | FD19: =SUM(ET19,EV19,EX19,EZ19,FB19) -> 0 | FO19: =SUM(FE19,FG19,FI19,FK19,FM19) -> 0 | FP19: =SUM(FF19,FH19,FJ19,FL19,FN19) -> 0 | GA19: =SUM(FQ19,FS19,FU19,FW19,FY19) -> 0 | GB19: =SUM(FR19,FT19,FV19,FX19,FZ19) -> 0
A20: Office Premises | B20: 4301 | C20: =SUM(O20,AA20,AM20,AY20,BK20,BW20,CI20,CU20,DG20,DS20,EE20,EQ20,FC20,FO20,GA20) -> 0 | D20: =SUM(P20,AB20,AN20,AZ20,BL20,BX20,CJ20,CV20,DH20,DT20,EF20,ER20,FD20,FP20,GB20) -> 0 | O20: =SUM(E20,G20,I20,K20,M20) -> 0 | P20: =SUM(F20,H20,J20,L20,N20) -> 0 | AA20: =SUM(Q20,S20,U20,W20,Y20) -> 0 | AB20: =SUM(R20,T20,V20,X20,Z20) -> 0 | AM20: =SUM(AC20,AE20,AG20,AI20,AK20) -> 0 | AN20: =SUM(AD20,AF20,AH20,AJ20,AL20) -> 0 | AY20: =SUM(AO20,AQ20,AS20,AU20,AW20) -> 0 | AZ20: =SUM(AP20,AR20,AT20,AV20,AX20) -> 0 | BK20: =SUM(BA20,BC20,BE20,BG20,BI20) -> 0 | BL20: =SUM(BB20,BD20,BF20,BH20,BJ20) -> 0 | BW20: =SUM(BM20,BO20,BQ20,BS20,BU20) -> 0 | BX20: =SUM(BN20,BP20,BR20,BT20,BV20) -> 0 | CI20: =SUM(BY20,CA20,CC20,CE20,CG20) -> 0 | CJ20: =SUM(BZ20,CB20,CD20,CF20,CH20) -> 0 | CU20: =SUM(CK20,CM20,CO20,CQ20,CS20) -> 0 | CV20: =SUM(CL20,CN20,CP20,CR20,CT20) -> 0 | DG20: =SUM(CW20,CY20,DA20,DC20,DE20) -> 0 | DH20: =SUM(CX20,CZ20,DB20,DD20,DF20) -> 0 | DS20: =SUM(DI20,DK20,DM20,DO20,DQ20) -> 0 | DT20: =SUM(DJ20,DL20,DN20,DP20,DR20) -> 0 | EE20: =SUM(DU20,DW20,DY20,EA20,EC20) -> 0 | EF20: =SUM(DV20,DX20,DZ20,EB20,ED20) -> 0 | EQ20: =SUM(EG20,EI20,EK20,EM20,EO20) -> 0 | ER20: =SUM(EH20,EJ20,EL20,EN20,EP20) -> 0 | FC20: =SUM(ES20,EU20,EW20,EY20,FA20) -> 0 | FD20: =SUM(ET20,EV20,EX20,EZ20,FB20) -> 0 | FO20: =SUM(FE20,FG20,FI20,FK20,FM20) -> 0 | FP20: =SUM(FF20,FH20,FJ20,FL20,FN20) -> 0 | GA20: =SUM(FQ20,FS20,FU20,FW20,FY20) -> 0 | GB20: =SUM(FR20,FT20,FV20,FX20,FZ20) -> 0
A21: Research Facilities | B21: 4302 | C21: =SUM(O21,AA21,AM21,AY21,BK21,BW21,CI21,CU21,DG21,DS21,EE21,EQ21,FC21,FO21,GA21) -> 0 | D21: =SUM(P21,AB21,AN21,AZ21,BL21,BX21,CJ21,CV21,DH21,DT21,EF21,ER21,FD21,FP21,GB21) -> 0 | O21: =SUM(E21,G21,I21,K21,M21) -> 0 | P21: =SUM(F21,H21,J21,L21,N21) -> 0 | AA21: =SUM(Q21,S21,U21,W21,Y21) -> 0 | AB21: =SUM(R21,T21,V21,X21,Z21) -> 0 | AM21: =SUM(AC21,AE21,AG21,AI21,AK21) -> 0 | AN21: =SUM(AD21,AF21,AH21,AJ21,AL21) -> 0 | AY21: =SUM(AO21,AQ21,AS21,AU21,AW21) -> 0 | AZ21: =SUM(AP21,AR21,AT21,AV21,AX21) -> 0 | BK21: =SUM(BA21,BC21,BE21,BG21,BI21) -> 0 | BL21: =SUM(BB21,BD21,BF21,BH21,BJ21) -> 0 | BW21: =SUM(BM21,BO21,BQ21,BS21,BU21) -> 0 | BX21: =SUM(BN21,BP21,BR21,BT21,BV21) -> 0 | CI21: =SUM(BY21,CA21,CC21,CE21,CG21) -> 0 | CJ21: =SUM(BZ21,CB21,CD21,CF21,CH21) -> 0 | CU21: =SUM(CK21,CM21,CO21,CQ21,CS21) -> 0 | CV21: =SUM(CL21,CN21,CP21,CR21,CT21) -> 0 | DG21: =SUM(CW21,CY21,DA21,DC21,DE21) -> 0 | DH21: =SUM(CX21,CZ21,DB21,DD21,DF21) -> 0 | DS21: =SUM(DI21,DK21,DM21,DO21,DQ21) -> 0 | DT21: =SUM(DJ21,DL21,DN21,DP21,DR21) -> 0 | EE21: =SUM(DU21,DW21,DY21,EA21,EC21) -> 0 | EF21: =SUM(DV21,DX21,DZ21,EB21,ED21) -> 0 | EQ21: =SUM(EG21,EI21,EK21,EM21,EO21) -> 0 | ER21: =SUM(EH21,EJ21,EL21,EN21,EP21) -> 0 | FC21: =SUM(ES21,EU21,EW21,EY21,FA21) -> 0 | FD21: =SUM(ET21,EV21,EX21,EZ21,FB21) -> 0 | FO21: =SUM(FE21,FG21,FI21,FK21,FM21) -> 0 | FP21: =SUM(FF21,FH21,FJ21,FL21,FN21) -> 0 | GA21: =SUM(FQ21,FS21,FU21,FW21,FY21) -> 0 | GB21: =SUM(FR21,FT21,FV21,FX21,FZ21) -> 0
A22: Equipment Maintenance | B22: 5101 | C22: =SUM(O22,AA22,AM22,AY22,BK22,BW22,CI22,CU22,DG22,DS22,EE22,EQ22,FC22,FO22,GA22) -> 0 | D22: =SUM(P22,AB22,AN22,AZ22,BL22,BX22,CJ22,CV22,DH22,DT22,EF22,ER22,FD22,FP22,GB22) -> 0 | O22: =SUM(E22,G22,I22,K22,M22) -> 0 | P22: =SUM(F22,H22,J22,L22,N22) -> 0 | AA22: =SUM(Q22,S22,U22,W22,Y22) -> 0 | AB22: =SUM(R22,T22,V22,X22,Z22) -> 0 | AM22: =SUM(AC22,AE22,AG22,AI22,AK22) -> 0 | AN22: =SUM(AD22,AF22,AH22,AJ22,AL22) -> 0 | AY22: =SUM(AO22,AQ22,AS22,AU22,AW22) -> 0 | AZ22: =SUM(AP22,AR22,AT22,AV22,AX22) -> 0 | BK22: =SUM(BA22,BC22,BE22,BG22,BI22) -> 0 | BL22: =SUM(BB22,BD22,BF22,BH22,BJ22) -> 0 | BW22: =SUM(BM22,BO22,BQ22,BS22,BU22) -> 0 | BX22: =SUM(BN22,BP22,BR22,BT22,BV22) -> 0 | CI22: =SUM(BY22,CA22,CC22,CE22,CG22) -> 0 | CJ22: =SUM(BZ22,CB22,CD22,CF22,CH22) -> 0 | CU22: =SUM(CK22,CM22,CO22,CQ22,CS22) -> 0 | CV22: =SUM(CL22,CN22,CP22,CR22,CT22) -> 0 | DG22: =SUM(CW22,CY22,DA22,DC22,DE22) -> 0 | DH22: =SUM(CX22,CZ22,DB22,DD22,DF22) -> 0 | DS22: =SUM(DI22,DK22,DM22,DO22,DQ22) -> 0 | DT22: =SUM(DJ22,DL22,DN22,DP22,DR22) -> 0 | EE22: =SUM(DU22,DW22,DY22,EA22,EC22) -> 0 | EF22: =SUM(DV22,DX22,DZ22,EB22,ED22) -> 0 | EQ22: =SUM(EG22,EI22,EK22,EM22,EO22) -> 0 | ER22: =SUM(EH22,EJ22,EL22,EN22,EP22) -> 0 | FC22: =SUM(ES22,EU22,EW22,EY22,FA22) -> 0 | FD22: =SUM(ET22,EV22,EX22,EZ22,FB22) -> 0 | FO22: =SUM(FE22,FG22,FI22,FK22,FM22) -> 0 | FP22: =SUM(FF22,FH22,FJ22,FL22,FN22) -> 0 | GA22: =SUM(FQ22,FS22,FU22,FW22,FY22) -> 0 | GB22: =SUM(FR22,FT22,FV22,FX22,FZ22) -> 0
A23: Publications, Translations, Dissemination and reporting costs | B23: 5201 | C23: =SUM(O23,AA23,AM23,AY23,BK23,BW23,CI23,CU23,DG23,DS23,EE23,EQ23,FC23,FO23,GA23) -> 40000 | D23: =SUM(P23,AB23,AN23,AZ23,BL23,BX23,CJ23,CV23,DH23,DT23,EF23,ER23,FD23,FP23,GB23) -> 120000 | E23: 1000 | F23: 3000 | G23: 18000 | H23: 54000 | I23: 1000 | J23: 3000 | O23: =SUM(E23,G23,I23,K23,M23) -> 20000 | P23: =SUM(F23,H23,J23,L23,N23) -> 60000 | S23: 18000 | T23: 54000 | U23: 2000 | V23: 6000 | AA23: =SUM(Q23,S23,U23,W23,Y23) -> 20000 | AB23: =SUM(R23,T23,V23,X23,Z23) -> 60000 | AM23: =SUM(AC23,AE23,AG23,AI23,AK23) -> 0 | AN23: =SUM(AD23,AF23,AH23,AJ23,AL23) -> 0 | AY23: =SUM(AO23,AQ23,AS23,AU23,AW23) -> 0 | AZ23: =SUM(AP23,AR23,AT23,AV23,AX23) -> 0 | BK23: =SUM(BA23,BC23,BE23,BG23,BI23) -> 0 | BL23: =SUM(BB23,BD23,BF23,BH23,BJ23) -> 0 | BW23: =SUM(BM23,BO23,BQ23,BS23,BU23) -> 0 | BX23: =SUM(BN23,BP23,BR23,BT23,BV23) -> 0 | CI23: =SUM(BY23,CA23,CC23,CE23,CG23) -> 0 | CJ23: =SUM(BZ23,CB23,CD23,CF23,CH23) -> 0 | CU23: =SUM(CK23,CM23,CO23,CQ23,CS23) -> 0 | CV23: =SUM(CL23,CN23,CP23,CR23,CT23) -> 0 | DG23: =SUM(CW23,CY23,DA23,DC23,DE23) -> 0 | DH23: =SUM(CX23,CZ23,DB23,DD23,DF23) -> 0 | DS23: =SUM(DI23,DK23,DM23,DO23,DQ23) -> 0 | DT23: =SUM(DJ23,DL23,DN23,DP23,DR23) -> 0 | EE23: =SUM(DU23,DW23,DY23,EA23,EC23) -> 0 | EF23: =SUM(DV23,DX23,DZ23,EB23,ED23) -> 0 | EQ23: =SUM(EG23,EI23,EK23,EM23,EO23) -> 0 | ER23: =SUM(EH23,EJ23,EL23,EN23,EP23) -> 0 | FC23: =SUM(ES23,EU23,EW23,EY23,FA23) -> 0 | FD23: =SUM(ET23,EV23,EX23,EZ23,FB23) -> 0 | FO23: =SUM(FE23,FG23,FI23,FK23,FM23) -> 0 | FP23: =SUM(FF23,FH23,FJ23,FL23,FN23) -> 0 | GA23: =SUM(FQ23,FS23,FU23,FW23,FY23) -> 0 | GB23: =SUM(FR23,FT23,FV23,FX23,FZ23) -> 0
A24: Audit Reports | B24: 5202 | C24: =SUM(O24,AA24,AM24,AY24,BK24,BW24,CI24,CU24,DG24,DS24,EE24,EQ24,FC24,FO24,GA24) -> 0 | D24: =SUM(P24,AB24,AN24,AZ24,BL24,BX24,CJ24,CV24,DH24,DT24,EF24,ER24,FD24,FP24,GB24) -> 0 | O24: =SUM(E24,G24,I24,K24,M24) -> 0 | P24: =SUM(F24,H24,J24,L24,N24) -> 0 | AA24: =SUM(Q24,S24,U24,W24,Y24) -> 0 | AB24: =SUM(R24,T24,V24,X24,Z24) -> 0 | AM24: =SUM(AC24,AE24,AG24,AI24,AK24) -> 0 | AN24: =SUM(AD24,AF24,AH24,AJ24,AL24) -> 0 | AY24: =SUM(AO24,AQ24,AS24,AU24,AW24) -> 0 | AZ24: =SUM(AP24,AR24,AT24,AV24,AX24) -> 0 | BK24: =SUM(BA24,BC24,BE24,BG24,BI24) -> 0 | BL24: =SUM(BB24,BD24,BF24,BH24,BJ24) -> 0 | BW24: =SUM(BM24,BO24,BQ24,BS24,BU24) -> 0 | BX24: =SUM(BN24,BP24,BR24,BT24,BV24) -> 0 | CI24: =SUM(BY24,CA24,CC24,CE24,CG24) -> 0 | CJ24: =SUM(BZ24,CB24,CD24,CF24,CH24) -> 0 | CU24: =SUM(CK24,CM24,CO24,CQ24,CS24) -> 0 | CV24: =SUM(CL24,CN24,CP24,CR24,CT24) -> 0 | DG24: =SUM(CW24,CY24,DA24,DC24,DE24) -> 0 | DH24: =SUM(CX24,CZ24,DB24,DD24,DF24) -> 0 | DS24: =SUM(DI24,DK24,DM24,DO24,DQ24) -> 0 | DT24: =SUM(DJ24,DL24,DN24,DP24,DR24) -> 0 | EE24: =SUM(DU24,DW24,DY24,EA24,EC24) -> 0 | EF24: =SUM(DV24,DX24,DZ24,EB24,ED24) -> 0 | EQ24: =SUM(EG24,EI24,EK24,EM24,EO24) -> 0 | ER24: =SUM(EH24,EJ24,EL24,EN24,EP24) -> 0 | FC24: =SUM(ES24,EU24,EW24,EY24,FA24) -> 0 | FD24: =SUM(ET24,EV24,EX24,EZ24,FB24) -> 0 | FO24: =SUM(FE24,FG24,FI24,FK24,FM24) -> 0 | FP24: =SUM(FF24,FH24,FJ24,FL24,FN24) -> 0 | GA24: =SUM(FQ24,FS24,FU24,FW24,FY24) -> 0 | GB24: =SUM(FR24,FT24,FV24,FX24,FZ24) -> 0
A25: Communications (tel, fax, e-mail, etc..) | B25: 5301 | C25: =SUM(O25,AA25,AM25,AY25,BK25,BW25,CI25,CU25,DG25,DS25,EE25,EQ25,FC25,FO25,GA25) -> 6000 | D25: =SUM(P25,AB25,AN25,AZ25,BL25,BX25,CJ25,CV25,DH25,DT25,EF25,ER25,FD25,FP25,GB25) -> 18000 | E25: 500 | F25: 1500 | G25: 2000 | H25: 6000 | I25: 500 | J25: 1500 | O25: =SUM(E25,G25,I25,K25,M25) -> 3000 | P25: =SUM(F25,H25,J25,L25,N25) -> 9000 | S25: 2000 | T25: 6000 | U25: 1000 | V25: 3000 | AA25: =SUM(Q25,S25,U25,W25,Y25) -> 3000 | AB25: =SUM(R25,T25,V25,X25,Z25) -> 9000 | AM25: =SUM(AC25,AE25,AG25,AI25,AK25) -> 0 | AN25: =SUM(AD25,AF25,AH25,AJ25,AL25) -> 0 | AY25: =SUM(AO25,AQ25,AS25,AU25,AW25) -> 0 | AZ25: =SUM(AP25,AR25,AT25,AV25,AX25) -> 0 | BK25: =SUM(BA25,BC25,BE25,BG25,BI25) -> 0 | BL25: =SUM(BB25,BD25,BF25,BH25,BJ25) -> 0 | BW25: =SUM(BM25,BO25,BQ25,BS25,BU25) -> 0 | BX25: =SUM(BN25,BP25,BR25,BT25,BV25) -> 0 | CI25: =SUM(BY25,CA25,CC25,CE25,CG25) -> 0 | CJ25: =SUM(BZ25,CB25,CD25,CF25,CH25) -> 0 | CU25: =SUM(CK25,CM25,CO25,CQ25,CS25) -> 0 | CV25: =SUM(CL25,CN25,CP25,CR25,CT25) -> 0 | DG25: =SUM(CW25,CY25,DA25,DC25,DE25) -> 0 | DH25: =SUM(CX25,CZ25,DB25,DD25,DF25) -> 0 | DS25: =SUM(DI25,DK25,DM25,DO25,DQ25) -> 0 | DT25: =SUM(DJ25,DL25,DN25,DP25,DR25) -> 0 | EE25: =SUM(DU25,DW25,DY25,EA25,EC25) -> 0 | EF25: =SUM(DV25,DX25,DZ25,EB25,ED25) -> 0 | EQ25: =SUM(EG25,EI25,EK25,EM25,EO25) -> 0 | ER25: =SUM(EH25,EJ25,EL25,EN25,EP25) -> 0 | FC25: =SUM(ES25,EU25,EW25,EY25,FA25) -> 0 | FD25: =SUM(ET25,EV25,EX25,EZ25,FB25) -> 0 | FO25: =SUM(FE25,FG25,FI25,FK25,FM25) -> 0 | FP25: =SUM(FF25,FH25,FJ25,FL25,FN25) -> 0 | GA25: =SUM(FQ25,FS25,FU25,FW25,FY25) -> 0 | GB25: =SUM(FR25,FT25,FV25,FX25,FZ25) -> 0
A26: Others | B26: 5302 | C26: =SUM(O26,AA26,AM26,AY26,BK26,BW26,CI26,CU26,DG26,DS26,EE26,EQ26,FC26,FO26,GA26) -> 10000 | D26: =SUM(P26,AB26,AN26,AZ26,BL26,BX26,CJ26,CV26,DH26,DT26,EF26,ER26,FD26,FP26,GB26) -> 30000 | G26: 5000 | H26: 15000 | O26: =SUM(E26,G26,I26,K26,M26) -> 5000 | P26: =SUM(F26,H26,J26,L26,N26) -> 15000 | S26: 5000 | T26: 15000 | AA26: =SUM(Q26,S26,U26,W26,Y26) -> 5000 | AB26: =SUM(R26,T26,V26,X26,Z26) -> 15000 | AM26: =SUM(AC26,AE26,AG26,AI26,AK26) -> 0 | AN26: =SUM(AD26,AF26,AH26,AJ26,AL26) -> 0 | AY26: =SUM(AO26,AQ26,AS26,AU26,AW26) -> 0 | AZ26: =SUM(AP26,AR26,AT26,AV26,AX26) -> 0 | BK26: =SUM(BA26,BC26,BE26,BG26,BI26) -> 0 | BL26: =SUM(BB26,BD26,BF26,BH26,BJ26) -> 0 | BW26: =SUM(BM26,BO26,BQ26,BS26,BU26) -> 0 | BX26: =SUM(BN26,BP26,BR26,BT26,BV26) -> 0 | CI26: =SUM(BY26,CA26,CC26,CE26,CG26) -> 0 | CJ26: =SUM(BZ26,CB26,CD26,CF26,CH26) -> 0 | CU26: =SUM(CK26,CM26,CO26,CQ26,CS26) -> 0 | CV26: =SUM(CL26,CN26,CP26,CR26,CT26) -> 0 | DG26: =SUM(CW26,CY26,DA26,DC26,DE26) -> 0 | DH26: =SUM(CX26,CZ26,DB26,DD26,DF26) -> 0 | DS26: =SUM(DI26,DK26,DM26,DO26,DQ26) -> 0 | DT26: =SUM(DJ26,DL26,DN26,DP26,DR26) -> 0 | EE26: =SUM(DU26,DW26,DY26,EA26,EC26) -> 0 | EF26: =SUM(DV26,DX26,DZ26,EB26,ED26) -> 0 | EQ26: =SUM(EG26,EI26,EK26,EM26,EO26) -> 0 | ER26: =SUM(EH26,EJ26,EL26,EN26,EP26) -> 0 | FC26: =SUM(ES26,EU26,EW26,EY26,FA26) -> 0 | FD26: =SUM(ET26,EV26,EX26,EZ26,FB26) -> 0 | FO26: =SUM(FE26,FG26,FI26,FK26,FM26) -> 0 | FP26: =SUM(FF26,FH26,FJ26,FL26,FN26) -> 0 | GA26: =SUM(FQ26,FS26,FU26,FW26,FY26) -> 0 | GB26: =SUM(FR26,FT26,FV26,FX26,FZ26) -> 0
A27: Tech.Supp./Evaluation | B27: 5303 | C27: =SUM(O27,AA27,AM27,AY27,BK27,BW27,CI27,CU27,DG27,DS27,EE27,EQ27,FC27,FO27,GA27) -> 0 | D27: =SUM(P27,AB27,AN27,AZ27,BL27,BX27,CJ27,CV27,DH27,DT27,EF27,ER27,FD27,FP27,GB27) -> 0 | O27: =SUM(E27,G27,I27,K27,M27) -> 0 | P27: =SUM(F27,H27,J27,L27,N27) -> 0 | AA27: =SUM(Q27,S27,U27,W27,Y27) -> 0 | AB27: =SUM(R27,T27,V27,X27,Z27) -> 0 | AM27: =SUM(AC27,AE27,AG27,AI27,AK27) -> 0 | AN27: =SUM(AD27,AF27,AH27,AJ27,AL27) -> 0 | AY27: =SUM(AO27,AQ27,AS27,AU27,AW27) -> 0 | AZ27: =SUM(AP27,AR27,AT27,AV27,AX27) -> 0 | BK27: =SUM(BA27,BC27,BE27,BG27,BI27) -> 0 | BL27: =SUM(BB27,BD27,BF27,BH27,BJ27) -> 0 | BW27: =SUM(BM27,BO27,BQ27,BS27,BU27) -> 0 | BX27: =SUM(BN27,BP27,BR27,BT27,BV27) -> 0 | CI27: =SUM(BY27,CA27,CC27,CE27,CG27) -> 0 | CJ27: =SUM(BZ27,CB27,CD27,CF27,CH27) -> 0 | CU27: =SUM(CK27,CM27,CO27,CQ27,CS27) -> 0 | CV27: =SUM(CL27,CN27,CP27,CR27,CT27) -> 0 | DG27: =SUM(CW27,CY27,DA27,DC27,DE27) -> 0 | DH27: =SUM(CX27,CZ27,DB27,DD27,DF27) -> 0 | DS27: =SUM(DI27,DK27,DM27,DO27,DQ27) -> 0 | DT27: =SUM(DJ27,DL27,DN27,DP27,DR27) -> 0 | EE27: =SUM(DU27,DW27,DY27,EA27,EC27) -> 0 | EF27: =SUM(DV27,DX27,DZ27,EB27,ED27) -> 0 | EQ27: =SUM(EG27,EI27,EK27,EM27,EO27) -> 0 | ER27: =SUM(EH27,EJ27,EL27,EN27,EP27) -> 0 | FC27: =SUM(ES27,EU27,EW27,EY27,FA27) -> 0 | FD27: =SUM(ET27,EV27,EX27,EZ27,FB27) -> 0 | FO27: =SUM(FE27,FG27,FI27,FK27,FM27) -> 0 | FP27: =SUM(FF27,FH27,FJ27,FL27,FN27) -> 0 | GA27: =SUM(FQ27,FS27,FU27,FW27,FY27) -> 0 | GB27: =SUM(FR27,FT27,FV27,FX27,FZ27) -> 0
A28: UN Agencies Support Charge | B28: 5375 | C28: =SUM(O28,AA28,AM28,AY28,BK28,BW28,CI28,CU28,DG28,DS28,EE28,EQ28,FC28,FO28,GA28) -> 0 | D28: =SUM(P28,AB28,AN28,AZ28,BL28,BX28,CJ28,CV28,DH28,DT28,EF28,ER28,FD28,FP28,GB28) -> 0 | O28: =SUM(E28,G28,I28,K28,M28) -> 0 | P28: =SUM(F28,H28,J28,L28,N28) -> 0 | AA28: =SUM(Q28,S28,U28,W28,Y28) -> 0 | AB28: =SUM(R28,T28,V28,X28,Z28) -> 0 | AM28: =SUM(AC28,AE28,AG28,AI28,AK28) -> 0 | AN28: =SUM(AD28,AF28,AH28,AJ28,AL28) -> 0 | AY28: =SUM(AO28,AQ28,AS28,AU28,AW28) -> 0 | AZ28: =SUM(AP28,AR28,AT28,AV28,AX28) -> 0 | BK28: =SUM(BA28,BC28,BE28,BG28,BI28) -> 0 | BL28: =SUM(BB28,BD28,BF28,BH28,BJ28) -> 0 | BW28: =SUM(BM28,BO28,BQ28,BS28,BU28) -> 0 | BX28: =SUM(BN28,BP28,BR28,BT28,BV28) -> 0 | CI28: =SUM(BY28,CA28,CC28,CE28,CG28) -> 0 | CJ28: =SUM(BZ28,CB28,CD28,CF28,CH28) -> 0 | CU28: =SUM(CK28,CM28,CO28,CQ28,CS28) -> 0 | CV28: =SUM(CL28,CN28,CP28,CR28,CT28) -> 0 | DG28: =SUM(CW28,CY28,DA28,DC28,DE28) -> 0 | DH28: =SUM(CX28,CZ28,DB28,DD28,DF28) -> 0 | DS28: =SUM(DI28,DK28,DM28,DO28,DQ28) -> 0 | DT28: =SUM(DJ28,DL28,DN28,DP28,DR28) -> 0 | EE28: =SUM(DU28,DW28,DY28,EA28,EC28) -> 0 | EF28: =SUM(DV28,DX28,DZ28,EB28,ED28) -> 0 | EQ28: =SUM(EG28,EI28,EK28,EM28,EO28) -> 0 | ER28: =SUM(EH28,EJ28,EL28,EN28,EP28) -> 0 | FC28: =SUM(ES28,EU28,EW28,EY28,FA28) -> 0 | FD28: =SUM(ET28,EV28,EX28,EZ28,FB28) -> 0 | FO28: =SUM(FE28,FG28,FI28,FK28,FM28) -> 0 | FP28: =SUM(FF28,FH28,FJ28,FL28,FN28) -> 0 | GA28: =SUM(FQ28,FS28,FU28,FW28,FY28) -> 0 | GB28: =SUM(FR28,FT28,FV28,FX28,FZ28) -> 0
A29: TOTAL | B29: 9999 | C29: =SUM(O29,AA29,AM29,AY29,BK29,BW29,CI29,CU29,DG29,DS29,EE29,EQ29,FC29,FO29,GA29) -> 150000 | D29: =SUM(P29,AB29,AN29,AZ29,BL29,BX29,CJ29,CV29,DH29,DT29,EF29,ER29,FD29,FP29,GB29) -> 450000 | E29: =SUM(E6:E28) -> 7000 | F29: =SUM(F6:F28) -> 21000 | G29: =SUM(G6:G28) -> 61000 | H29: =SUM(H6:H28) -> 183000 | I29: =SUM(I6:I28) -> 7000 | J29: =SUM(J6:J28) -> 21000 | K29: =SUM(K6:K28) -> 0 | L29: =SUM(L6:L28) -> 0 | ... N29: =SUM(N6:N28) -> 0 | O29: =IF(SUM(O6:O28)=SUM(E29,G29,I29,K29,M29),SUM(O6:O28),"[ERROR]") -> 75000 | P29: =SUM(P6:P28) -> 225000 | Q29: =SUM(Q6:Q28) -> 0 | R29: =SUM(R6:R28) -> 0 | S29: =SUM(S6:S28) -> 61000 | T29: =SUM(T6:T28) -> 183000 | U29: =SUM(U6:U28) -> 14000 | V29: =SUM(V6:V28) -> 42000 | W29: =SUM(W6:W28) -> 0 | ... Z29: =SUM(Z6:Z28) -> 0 | AA29: =IF(SUM(AA6:AA28)=SUM(Q29,S29,U29,W29,Y29),SUM(AA6:AA28),"[ERROR]") -> 75000 | AB29: =SUM(AB6:AB28) -> 225000 | AC29: =SUM(AC6:AC28) -> 0 | AD29: =SUM(AD6:AD28) -> 0 | AE29: =SUM(AE6:AE28) -> 0 | AF29: =SUM(AF6:AF28) -> 0 | AG29: =SUM(AG6:AG28) -> 0 | AH29: =SUM(AH6:AH28) -> 0 | AI29: =SUM(AI6:AI28) -> 0 | ... AL29: =SUM(AL6:AL28) -> 0 | AM29: =IF(SUM(AM6:AM28)=SUM(AC29,AE29,AG29,AI29,AK29),SUM(AM6:AM28),"[ERROR]") -> 0 | AN29: =SUM(AN6:AN28) -> 0 | AO29: =SUM(AO6:AO28) -> 0 | AP29: =SUM(AP6:AP28) -> 0 | AQ29: =SUM(AQ6:AQ28) -> 0 | AR29: =SUM(AR6:AR28) -> 0 | AS29: =SUM(AS6:AS28) -> 0 | AT29: =SUM(AT6:AT28) -> 0 | AU29: =SUM(AU6:AU28) -> 0 | ... AX29: =SUM(AX6:AX28) -> 0 | AY29: =IF(SUM(AY6:AY28)=SUM(AO29,AQ29,AS29,AU29,AW29),SUM(AY6:AY28),"[ERROR]") -> 0 | AZ29: =SUM(AZ6:AZ28) -> 0 | BA29: =SUM(BA6:BA28) -> 0 | BB29: =SUM(BB6:BB28) -> 0 | BC29: =SUM(BC6:BC28) -> 0 | BD29: =SUM(BD6:BD28) -> 0 | BE29: =SUM(BE6:BE28) -> 0 | BF29: =SUM(BF6:BF28) -> 0 | BG29: =SUM(BG6:BG28) -> 0 | ... BJ29: =SUM(BJ6:BJ28) -> 0 | BK29: =IF(SUM(BK6:BK28)=SUM(BA29,BC29,BE29,BG29,BI29),SUM(BK6:BK28),"[ERROR]") -> 0 | BL29: =SUM(BL6:BL28) -> 0 | BM29: =SUM(BM6:BM28) -> 0 | BN29: =SUM(BN6:BN28) -> 0 | BO29: =SUM(BO6:BO28) -> 0 | BP29: =SUM(BP6:BP28) -> 0 | BQ29: =SUM(BQ6:BQ28) -> 0 | BR29: =SUM(BR6:BR28) -> 0 | BS29: =SUM(BS6:BS28) -> 0 | ... BV29: =SUM(BV6:BV28) -> 0 | BW29: =IF(SUM(BW6:BW28)=SUM(BM29,BO29,BQ29,BS29,BU29),SUM(BW6:BW28),"[ERROR]") -> 0 | BX29: =SUM(BX6:BX28) -> 0 | BY29: =SUM(BY6:BY28) -> 0 | BZ29: =SUM(BZ6:BZ28) -> 0 | CA29: =SUM(CA6:CA28) -> 0 | CB29: =SUM(CB6:CB28) -> 0 | CC29: =SUM(CC6:CC28) -> 0 | CD29: =SUM(CD6:CD28) -> 0 | CE29: =SUM(CE6:CE28) -> 0 | ... CH29: =SUM(CH6:CH28) -> 0 | CI29: =IF(SUM(CI6:CI28)=SUM(BY29,CA29,CC29,CE29,CG29),SUM(CI6:CI28),"[ERROR]") -> 0 | CJ29: =SUM(CJ6:CJ28) -> 0 | CK29: =SUM(CK6:CK28) -> 0 | CL29: =SUM(CL6:CL28) -> 0 | CM29: =SUM(CM6:CM28) -> 0 | CN29: =SUM(CN6:CN28) -> 0 | CO29: =SUM(CO6:CO28) -> 0 | CP29: =SUM(CP6:CP28) -> 0 | CQ29: =SUM(CQ6:CQ28) -> 0 | ... CT29: =SUM(CT6:CT28) -> 0 | CU29: =IF(SUM(CU6:CU28)=SUM(CK29,CM29,CO29,CQ29,CS29),SUM(CU6:CU28),"[ERROR]") -> 0 | CV29: =SUM(CV6:CV28) -> 0 | CW29: =SUM(CW6:CW28) -> 0 | CX29: =SUM(CX6:CX28) -> 0 | CY29: =SUM(CY6:CY28) -> 0 | CZ29: =SUM(CZ6:CZ28) -> 0 | DA29: =SUM(DA6:DA28) -> 0 | DB29: =SUM(DB6:DB28) -> 0 | DC29: =SUM(DC6:DC28) -> 0 | ... DF29: =SUM(DF6:DF28) -> 0 | DG29: =IF(SUM(DG6:DG28)=SUM(CW29,CY29,DA29,DC29,DE29),SUM(DG6:DG28),"[ERROR]") -> 0 | DH29: =SUM(DH6:DH28) -> 0 | DI29: =SUM(DI6:DI28) -> 0 | DJ29: =SUM(DJ6:DJ28) -> 0 | DK29: =SUM(DK6:DK28) -> 0 | DL29: =SUM(DL6:DL28) -> 0 | DM29: =SUM(DM6:DM28) -> 0 | DN29: =SUM(DN6:DN28) -> 0 | DO29: =SUM(DO6:DO28) -> 0 | ... DR29: =SUM(DR6:DR28) -> 0 | DS29: =IF(SUM(DS6:DS28)=SUM(DI29,DK29,DM29,DO29,DQ29),SUM(DS6:DS28),"[ERROR]") -> 0 | DT29: =SUM(DT6:DT28) -> 0 | DU29: =SUM(DU6:DU28) -> 0 | DV29: =SUM(DV6:DV28) -> 0 | DW29: =SUM(DW6:DW28) -> 0 | DX29: =SUM(DX6:DX28) -> 0 | DY29: =SUM(DY6:DY28) -> 0 | DZ29: =SUM(DZ6:DZ28) -> 0 | EA29: =SUM(EA6:EA28) -> 0 | ... ED29: =SUM(ED6:ED28) -> 0 | EE29: =IF(SUM(EE6:EE28)=SUM(DU29,DW29,DY29,EA29,EC29),SUM(EE6:EE28),"[ERROR]") -> 0 | EF29: =SUM(EF6:EF28) -> 0 | EG29: =SUM(EG6:EG28) -> 0 | EH29: =SUM(EH6:EH28) -> 0 | EI29: =SUM(EI6:EI28) -> 0 | EJ29: =SUM(EJ6:EJ28) -> 0 | EK29: =SUM(EK6:EK28) -> 0 | EL29: =SUM(EL6:EL28) -> 0 | EM29: =SUM(EM6:EM28) -> 0 | ... EP29: =SUM(EP6:EP28) -> 0 | EQ29: =IF(SUM(EQ6:EQ28)=SUM(EG29,EI29,EK29,EM29,EO29),SUM(EQ6:EQ28),"[ERROR]") -> 0 | ER29: =SUM(ER6:ER28) -> 0 | ES29: =SUM(ES6:ES28) -> 0 | ET29: =SUM(ET6:ET28) -> 0 | EU29: =SUM(EU6:EU28) -> 0 | EV29: =SUM(EV6:EV28) -> 0 | EW29: =SUM(EW6:EW28) -> 0 | EX29: =SUM(EX6:EX28) -> 0 | EY29: =SUM(EY6:EY28) -> 0 | ... FB29: =SUM(FB6:FB28) -> 0 | FC29: =IF(SUM(FC6:FC28)=SUM(ES29,EU29,EW29,EY29,FA29),SUM(FC6:FC28),"[ERROR]") -> 0 | FD29: =SUM(FD6:FD28) -> 0 | FE29: =SUM(FE6:FE28) -> 0 | FF29: =SUM(FF6:FF28) -> 0 | FG29: =SUM(FG6:FG28) -> 0 | FH29: =SUM(FH6:FH28) -> 0 | FI29: =SUM(FI6:FI28) -> 0 | FJ29: =SUM(FJ6:FJ28) -> 0 | FK29: =SUM(FK6:FK28) -> 0 | ... FN29: =SUM(FN6:FN28) -> 0 | FO29: =IF(SUM(FO6:FO28)=SUM(FE29,FG29,FI29,FK29,FM29),SUM(FO6:FO28),"[ERROR]") -> 0 | FP29: =SUM(FP6:FP28) -> 0 | FQ29: =SUM(FQ6:FQ28) -> 0 | FR29: =SUM(FR6:FR28) -> 0 | FS29: =SUM(FS6:FS28) -> 0 | FT29: =SUM(FT6:FT28) -> 0 | FU29: =SUM(FU6:FU28) -> 0 | FV29: =SUM(FV6:FV28) -> 0 | FW29: =SUM(FW6:FW28) -> 0 | ... FZ29: =SUM(FZ6:FZ28) -> 0 | GA29: =IF(SUM(GA6:GA28)=SUM(FQ29,FS29,FU29,FW29,FY29),SUM(GA6:GA28),"[ERROR]") -> 0 | GB29: =SUM(GB6:GB28) -> 0
E33: Total Activity B by year
E34: YEAR 1 | G34: YEAR 2 | I34: YEAR 3 | K34: YEAR 4 | M34: YEAR 5
D35: BL number | E35: GEF (US$) | F35: GOV (US$) | G35: GEF (US$) | H35: GOV (US$) | I35: GEF (US$) | J35: GOV (US$) | K35: GEF (US$) | L35: GOV (US$) | M35: GEF (US$) | N35: GOV (US$)
D37: 1101 | E37: =SUM(E6,Q6,AC6,AO6,BA6,BM6,BY6,CK6,CW6,DI6,DU6, EG6, ES6, FE6, FQ6) -> 0 | F37: =SUM(F6,R6,AD6,AP6,BB6,BN6,BZ6,CL6,CX6,DJ6,DV6, EH6, ET6, FF6, FR6) -> 0 | G37: =SUM(G6,S6,AE6,AQ6,BC6,BO6,CA6,CM6,CY6,DK6,DW6, EI6, EU6, FG6, FS6) -> 0 | H37: =SUM(H6,T6,AF6,AR6,BD6,BP6,CB6,CN6,CZ6,DL6,DX6, EJ6, EV6, FH6, FT6) -> 0 | I37: =SUM(I6,U6,AG6,AS6,BE6,BQ6,CC6,CO6,DA6,DM6,DY6, EK6, EW6, FI6, FU6) -> 0 | J37: =SUM(J6,V6,AH6,AT6,BF6,BR6,CD6,CP6,DB6,DN6,DZ6, EL6, EX6, FJ6, FV6) -> 0 | K37: =SUM(K6,W6,AI6,AU6,BG6,BS6,CE6,CQ6,DC6,DO6,EA6, EM6, EY6, FK6, FW6) -> 0 | L37: =SUM(L6,X6,AJ6,AV6,BH6,BT6,CF6,CR6,DD6,DP6,EB6, EN6, EZ6, FL6, FX6) -> 0 | ... N37: =SUM(N6,Z6,AL6,AX6,BJ6,BV6,CH6,CT6,DF6,DR6,ED6, EP6, FB6, FN6, FZ6) -> 0
D38: 1102 | E38: =SUM(E7,Q7,AC7,AO7,BA7,BM7,BY7,CK7,CW7,DI7,DU7, EG7, ES7, FE7, FQ7) -> 0 | F38: =SUM(F7,R7,AD7,AP7,BB7,BN7,BZ7,CL7,CX7,DJ7,DV7, EH7, ET7, FF7, FR7) -> 6000 | G38: =SUM(G7,S7,AE7,AQ7,BC7,BO7,CA7,CM7,CY7,DK7,DW7, EI7, EU7, FG7, FS7) -> 0 | H38: =SUM(H7,T7,AF7,AR7,BD7,BP7,CB7,CN7,CZ7,DL7,DX7, EJ7, EV7, FH7, FT7) -> 48000 | I38: =SUM(I7,U7,AG7,AS7,BE7,BQ7,CC7,CO7,DA7,DM7,DY7, EK7, EW7, FI7, FU7) -> 0 | J38: =SUM(J7,V7,AH7,AT7,BF7,BR7,CD7,CP7,DB7,DN7,DZ7, EL7, EX7, FJ7, FV7) -> 18000 | K38: =SUM(K7,W7,AI7,AU7,BG7,BS7,CE7,CQ7,DC7,DO7,EA7, EM7, EY7, FK7, FW7) -> 0 | L38: =SUM(L7,X7,AJ7,AV7,BH7,BT7,CF7,CR7,DD7,DP7,EB7, EN7, EZ7, FL7, FX7) -> 0 | ... N38: =SUM(N7,Z7,AL7,AX7,BJ7,BV7,CH7,CT7,DF7,DR7,ED7, EP7, FB7, FN7, FZ7) -> 0
D39: 1120 | E39: =SUM(E8,Q8,AC8,AO8,BA8,BM8,BY8,CK8,CW8,DI8,DU8, EG8, ES8, FE8, FQ8) -> 0 | F39: =SUM(F8,R8,AD8,AP8,BB8,BN8,BZ8,CL8,CX8,DJ8,DV8, EH8, ET8, FF8, FR8) -> 0 | G39: =SUM(G8,S8,AE8,AQ8,BC8,BO8,CA8,CM8,CY8,DK8,DW8, EI8, EU8, FG8, FS8) -> 0 | H39: =SUM(H8,T8,AF8,AR8,BD8,BP8,CB8,CN8,CZ8,DL8,DX8, EJ8, EV8, FH8, FT8) -> 0 | I39: =SUM(I8,U8,AG8,AS8,BE8,BQ8,CC8,CO8,DA8,DM8,DY8, EK8, EW8, FI8, FU8) -> 0 | J39: =SUM(J8,V8,AH8,AT8,BF8,BR8,CD8,CP8,DB8,DN8,DZ8, EL8, EX8, FJ8, FV8) -> 0 | K39: =SUM(K8,W8,AI8,AU8,BG8,BS8,CE8,CQ8,DC8,DO8,EA8, EM8, EY8, FK8, FW8) -> 0 | L39: =SUM(L8,X8,AJ8,AV8,BH8,BT8,CF8,CR8,DD8,DP8,EB8, EN8, EZ8, FL8, FX8) -> 0 | ... N39: =SUM(N8,Z8,AL8,AX8,BJ8,BV8,CH8,CT8,DF8,DR8,ED8, EP8, FB8, FN8, FZ8) -> 0
D40: 1201 | E40: =SUM(E9,Q9,AC9,AO9,BA9,BM9,BY9,CK9,CW9,DI9,DU9, EG9, ES9, FE9, FQ9) -> 0 | F40: =SUM(F9,R9,AD9,AP9,BB9,BN9,BZ9,CL9,CX9,DJ9,DV9, EH9, ET9, FF9, FR9) -> 0 | G40: =SUM(G9,S9,AE9,AQ9,BC9,BO9,CA9,CM9,CY9,DK9,DW9, EI9, EU9, FG9, FS9) -> 4000 | H40: =SUM(H9,T9,AF9,AR9,BD9,BP9,CB9,CN9,CZ9,DL9,DX9, EJ9, EV9, FH9, FT9) -> 0 | I40: =SUM(I9,U9,AG9,AS9,BE9,BQ9,CC9,CO9,DA9,DM9,DY9, EK9, EW9, FI9, FU9) -> 0 | J40: =SUM(J9,V9,AH9,AT9,BF9,BR9,CD9,CP9,DB9,DN9,DZ9, EL9, EX9, FJ9, FV9) -> 0 | K40: =SUM(K9,W9,AI9,AU9,BG9,BS9,CE9,CQ9,DC9,DO9,EA9, EM9, EY9, FK9, FW9) -> 0 | L40: =SUM(L9,X9,AJ9,AV9,BH9,BT9,CF9,CR9,DD9,DP9,EB9, EN9, EZ9, FL9, FX9) -> 0 | ... N40: =SUM(N9,Z9,AL9,AX9,BJ9,BV9,CH9,CT9,DF9,DR9,ED9, EP9, FB9, FN9, FZ9) -> 0
D41: 1202 | E41: =SUM(E10,Q10,AC10,AO10,BA10,BM10,BY10,CK10,CW10,DI10,DU10, EG10, ES10, FE10, FQ10) -> 2000 | F41: =SUM(F10,R10,AD10,AP10,BB10,BN10,BZ10,CL10,CX10,DJ10,DV10, EH10, ET10, FF10, FR10) -> 0 | G41: =SUM(G10,S10,AE10,AQ10,BC10,BO10,CA10,CM10,CY10,DK10,DW10, EI10, EU10, FG10, FS10) -> 12000 | H41: =SUM(H10,T10,AF10,AR10,BD10,BP10,CB10,CN10,CZ10,DL10,DX10, EJ10, EV10, FH10, FT10) -> 0 | I41: =SUM(I10,U10,AG10,AS10,BE10,BQ10,CC10,CO10,DA10,DM10,DY10, EK10, EW10, FI10, FU10) -> 6000 | J41: =SUM(J10,V10,AH10,AT10,BF10,BR10,CD10,CP10,DB10,DN10,DZ10, EL10, EX10, FJ10, FV10) -> 0 | K41: =SUM(K10,W10,AI10,AU10,BG10,BS10,CE10,CQ10,DC10,DO10,EA10, EM10, EY10, FK10, FW10) -> 0 | L41: =SUM(L10,X10,AJ10,AV10,BH10,BT10,CF10,CR10,DD10,DP10,EB10, EN10, EZ10, FL10, FX10) -> 0 | ... N41: =SUM(N10,Z10,AL10,AX10,BJ10,BV10,CH10,CT10,DF10,DR10,ED10, EP10, FB10, FN10, FZ10) -> 0
D42: 1601 | E42: =SUM(E11,Q11,AC11,AO11,BA11,BM11,BY11,CK11,CW11,DI11,DU11, EG11, ES11, FE11, FQ11) -> 0 | F42: =SUM(F11,R11,AD11,AP11,BB11,BN11,BZ11,CL11,CX11,DJ11,DV11, EH11, ET11, FF11, FR11) -> 0 | G42: =SUM(G11,S11,AE11,AQ11,BC11,BO11,CA11,CM11,CY11,DK11,DW11, EI11, EU11, FG11, FS11) -> 10000 | H42: =SUM(H11,T11,AF11,AR11,BD11,BP11,CB11,CN11,CZ11,DL11,DX11, EJ11, EV11, FH11, FT11) -> 30000 | I42: =SUM(I11,U11,AG11,AS11,BE11,BQ11,CC11,CO11,DA11,DM11,DY11, EK11, EW11, FI11, FU11) -> 0 | J42: =SUM(J11,V11,AH11,AT11,BF11,BR11,CD11,CP11,DB11,DN11,DZ11, EL11, EX11, FJ11, FV11) -> 0 | K42: =SUM(K11,W11,AI11,AU11,BG11,BS11,CE11,CQ11,DC11,DO11,EA11, EM11, EY11, FK11, FW11) -> 0 | L42: =SUM(L11,X11,AJ11,AV11,BH11,BT11,CF11,CR11,DD11,DP11,EB11, EN11, EZ11, FL11, FX11) -> 0 | ... N42: =SUM(N11,Z11,AL11,AX11,BJ11,BV11,CH11,CT11,DF11,DR11,ED11, EP11, FB11, FN11, FZ11) -> 0
D43: 2201 | E43: =SUM(E12,Q12,AC12,AO12,BA12,BM12,BY12,CK12,CW12,DI12,DU12, EG12, ES12, FE12, FQ12) -> 2500 | F43: =SUM(F12,R12,AD12,AP12,BB12,BN12,BZ12,CL12,CX12,DJ12,DV12, EH12, ET12, FF12, FR12) -> 7500 | G43: =SUM(G12,S12,AE12,AQ12,BC12,BO12,CA12,CM12,CY12,DK12,DW12, EI12, EU12, FG12, FS12) -> 10000 | H43: =SUM(H12,T12,AF12,AR12,BD12,BP12,CB12,CN12,CZ12,DL12,DX12, EJ12, EV12, FH12, FT12) -> 30000 | I43: =SUM(I12,U12,AG12,AS12,BE12,BQ12,CC12,CO12,DA12,DM12,DY12, EK12, EW12, FI12, FU12) -> 7500 | J43: =SUM(J12,V12,AH12,AT12,BF12,BR12,CD12,CP12,DB12,DN12,DZ12, EL12, EX12, FJ12, FV12) -> 22500 | K43: =SUM(K12,W12,AI12,AU12,BG12,BS12,CE12,CQ12,DC12,DO12,EA12, EM12, EY12, FK12, FW12) -> 0 | L43: =SUM(L12,X12,AJ12,AV12,BH12,BT12,CF12,CR12,DD12,DP12,EB12, EN12, EZ12, FL12, FX12) -> 0 | ... N43: =SUM(N12,Z12,AL12,AX12,BJ12,BV12,CH12,CT12,DF12,DR12,ED12, EP12, FB12, FN12, FZ12) -> 0
D44: 2301 | E44: =SUM(E13,Q13,AC13,AO13,BA13,BM13,BY13,CK13,CW13,DI13,DU13, EG13, ES13, FE13, FQ13) -> 0 | F44: =SUM(F13,R13,AD13,AP13,BB13,BN13,BZ13,CL13,CX13,DJ13,DV13, EH13, ET13, FF13, FR13) -> 0 | G44: =SUM(G13,S13,AE13,AQ13,BC13,BO13,CA13,CM13,CY13,DK13,DW13, EI13, EU13, FG13, FS13) -> 10000 | H44: =SUM(H13,T13,AF13,AR13,BD13,BP13,CB13,CN13,CZ13,DL13,DX13, EJ13, EV13, FH13, FT13) -> 30000 | I44: =SUM(I13,U13,AG13,AS13,BE13,BQ13,CC13,CO13,DA13,DM13,DY13, EK13, EW13, FI13, FU13) -> 0 | J44: =SUM(J13,V13,AH13,AT13,BF13,BR13,CD13,CP13,DB13,DN13,DZ13, EL13, EX13, FJ13, FV13) -> 0 | K44: =SUM(K13,W13,AI13,AU13,BG13,BS13,CE13,CQ13,DC13,DO13,EA13, EM13, EY13, FK13, FW13) -> 0 | L44: =SUM(L13,X13,AJ13,AV13,BH13,BT13,CF13,CR13,DD13,DP13,EB13, EN13, EZ13, FL13, FX13) -> 0 | ... N44: =SUM(N13,Z13,AL13,AX13,BJ13,BV13,CH13,CT13,DF13,DR13,ED13, EP13, FB13, FN13, FZ13) -> 0
D45: 3201 | E45: =SUM(E14,Q14,AC14,AO14,BA14,BM14,BY14,CK14,CW14,DI14,DU14, EG14, ES14, FE14, FQ14) -> 0 | F45: =SUM(F14,R14,AD14,AP14,BB14,BN14,BZ14,CL14,CX14,DJ14,DV14, EH14, ET14, FF14, FR14) -> 0 | G45: =SUM(G14,S14,AE14,AQ14,BC14,BO14,CA14,CM14,CY14,DK14,DW14, EI14, EU14, FG14, FS14) -> 10000 | H45: =SUM(H14,T14,AF14,AR14,BD14,BP14,CB14,CN14,CZ14,DL14,DX14, EJ14, EV14, FH14, FT14) -> 30000 | I45: =SUM(I14,U14,AG14,AS14,BE14,BQ14,CC14,CO14,DA14,DM14,DY14, EK14, EW14, FI14, FU14) -> 0 | J45: =SUM(J14,V14,AH14,AT14,BF14,BR14,CD14,CP14,DB14,DN14,DZ14, EL14, EX14, FJ14, FV14) -> 0 | K45: =SUM(K14,W14,AI14,AU14,BG14,BS14,CE14,CQ14,DC14,DO14,EA14, EM14, EY14, FK14, FW14) -> 0 | L45: =SUM(L14,X14,AJ14,AV14,BH14,BT14,CF14,CR14,DD14,DP14,EB14, EN14, EZ14, FL14, FX14) -> 0 | ... N45: =SUM(N14,Z14,AL14,AX14,BJ14,BV14,CH14,CT14,DF14,DR14,ED14, EP14, FB14, FN14, FZ14) -> 0
D46: 3301 | E46: =SUM(E15,Q15,AC15,AO15,BA15,BM15,BY15,CK15,CW15,DI15,DU15, EG15, ES15, FE15, FQ15) -> 1000 | F46: =SUM(F15,R15,AD15,AP15,BB15,BN15,BZ15,CL15,CX15,DJ15,DV15, EH15, ET15, FF15, FR15) -> 3000 | G46: =SUM(G15,S15,AE15,AQ15,BC15,BO15,CA15,CM15,CY15,DK15,DW15, EI15, EU15, FG15, FS15) -> 16000 | H46: =SUM(H15,T15,AF15,AR15,BD15,BP15,CB15,CN15,CZ15,DL15,DX15, EJ15, EV15, FH15, FT15) -> 48000 | I46: =SUM(I15,U15,AG15,AS15,BE15,BQ15,CC15,CO15,DA15,DM15,DY15, EK15, EW15, FI15, FU15) -> 3000 | J46: =SUM(J15,V15,AH15,AT15,BF15,BR15,CD15,CP15,DB15,DN15,DZ15, EL15, EX15, FJ15, FV15) -> 9000 | K46: =SUM(K15,W15,AI15,AU15,BG15,BS15,CE15,CQ15,DC15,DO15,EA15, EM15, EY15, FK15, FW15) -> 0 | L46: =SUM(L15,X15,AJ15,AV15,BH15,BT15,CF15,CR15,DD15,DP15,EB15, EN15, EZ15, FL15, FX15) -> 0 | ... N46: =SUM(N15,Z15,AL15,AX15,BJ15,BV15,CH15,CT15,DF15,DR15,ED15, EP15, FB15, FN15, FZ15) -> 0
D47: 4101 | E47: =SUM(E16,Q16,AC16,AO16,BA16,BM16,BY16,CK16,CW16,DI16,DU16, EG16, ES16, FE16, FQ16) -> 0 | F47: =SUM(F16,R16,AD16,AP16,BB16,BN16,BZ16,CL16,CX16,DJ16,DV16, EH16, ET16, FF16, FR16) -> 0 | G47: =SUM(G16,S16,AE16,AQ16,BC16,BO16,CA16,CM16,CY16,DK16,DW16, EI16, EU16, FG16, FS16) -> 0 | H47: =SUM(H16,T16,AF16,AR16,BD16,BP16,CB16,CN16,CZ16,DL16,DX16, EJ16, EV16, FH16, FT16) -> 0 | I47: =SUM(I16,U16,AG16,AS16,BE16,BQ16,CC16,CO16,DA16,DM16,DY16, EK16, EW16, FI16, FU16) -> 0 | J47: =SUM(J16,V16,AH16,AT16,BF16,BR16,CD16,CP16,DB16,DN16,DZ16, EL16, EX16, FJ16, FV16) -> 0 | K47: =SUM(K16,W16,AI16,AU16,BG16,BS16,CE16,CQ16,DC16,DO16,EA16, EM16, EY16, FK16, FW16) -> 0 | L47: =SUM(L16,X16,AJ16,AV16,BH16,BT16,CF16,CR16,DD16,DP16,EB16, EN16, EZ16, FL16, FX16) -> 0 | ... N47: =SUM(N16,Z16,AL16,AX16,BJ16,BV16,CH16,CT16,DF16,DR16,ED16, EP16, FB16, FN16, FZ16) -> 0
D48: 4102 | E48: =SUM(E17,Q17,AC17,AO17,BA17,BM17,BY17,CK17,CW17,DI17,DU17, EG17, ES17, FE17, FQ17) -> 0 | F48: =SUM(F17,R17,AD17,AP17,BB17,BN17,BZ17,CL17,CX17,DJ17,DV17, EH17, ET17, FF17, FR17) -> 0 | G48: =SUM(G17,S17,AE17,AQ17,BC17,BO17,CA17,CM17,CY17,DK17,DW17, EI17, EU17, FG17, FS17) -> 0 | H48: =SUM(H17,T17,AF17,AR17,BD17,BP17,CB17,CN17,CZ17,DL17,DX17, EJ17, EV17, FH17, FT17) -> 0 | I48: =SUM(I17,U17,AG17,AS17,BE17,BQ17,CC17,CO17,DA17,DM17,DY17, EK17, EW17, FI17, FU17) -> 0 | J48: =SUM(J17,V17,AH17,AT17,BF17,BR17,CD17,CP17,DB17,DN17,DZ17, EL17, EX17, FJ17, FV17) -> 0 | K48: =SUM(K17,W17,AI17,AU17,BG17,BS17,CE17,CQ17,DC17,DO17,EA17, EM17, EY17, FK17, FW17) -> 0 | L48: =SUM(L17,X17,AJ17,AV17,BH17,BT17,CF17,CR17,DD17,DP17,EB17, EN17, EZ17, FL17, FX17) -> 0 | ... N48: =SUM(N17,Z17,AL17,AX17,BJ17,BV17,CH17,CT17,DF17,DR17,ED17, EP17, FB17, FN17, FZ17) -> 0
... D53: 5101 | E53: =SUM(E22,Q22,AC22,AO22,BA22,BM22,BY22,CK22,CW22,DI22,DU22, EG22, ES22, FE22, FQ22) -> 0 | F53: =SUM(F22,R22,AD22,AP22,BB22,BN22,BZ22,CL22,CX22,DJ22,DV22, EH22, ET22, FF22, FR22) -> 0 | G53: =SUM(G22,S22,AE22,AQ22,BC22,BO22,CA22,CM22,CY22,DK22,DW22, EI22, EU22, FG22, FS22) -> 0 | H53: =SUM(H22,T22,AF22,AR22,BD22,BP22,CB22,CN22,CZ22,DL22,DX22, EJ22, EV22, FH22, FT22) -> 0 | I53: =SUM(I22,U22,AG22,AS22,BE22,BQ22,CC22,CO22,DA22,DM22,DY22, EK22, EW22, FI22, FU22) -> 0 | J53: =SUM(J22,V22,AH22,AT22,BF22,BR22,CD22,CP22,DB22,DN22,DZ22, EL22, EX22, FJ22, FV22) -> 0 | K53: =SUM(K22,W22,AI22,AU22,BG22,BS22,CE22,CQ22,DC22,DO22,EA22, EM22, EY22, FK22, FW22) -> 0 | L53: =SUM(L22,X22,AJ22,AV22,BH22,BT22,CF22,CR22,DD22,DP22,EB22, EN22, EZ22, FL22, FX22) -> 0 | ... N53: =SUM(N22,Z22,AL22,AX22,BJ22,BV22,CH22,CT22,DF22,DR22,ED22, EP22, FB22, FN22, FZ22) -> 0
D54: 5201 | E54: =SUM(E23,Q23,AC23,AO23,BA23,BM23,BY23,CK23,CW23,DI23,DU23, EG23, ES23, FE23, FQ23) -> 1000 | F54: =SUM(F23,R23,AD23,AP23,BB23,BN23,BZ23,CL23,CX23,DJ23,DV23, EH23, ET23, FF23, FR23) -> 3000 | G54: =SUM(G23,S23,AE23,AQ23,BC23,BO23,CA23,CM23,CY23,DK23,DW23, EI23, EU23, FG23, FS23) -> 36000 | H54: =SUM(H23,T23,AF23,AR23,BD23,BP23,CB23,CN23,CZ23,DL23,DX23, EJ23, EV23, FH23, FT23) -> 108000 | I54: =SUM(I23,U23,AG23,AS23,BE23,BQ23,CC23,CO23,DA23,DM23,DY23, EK23, EW23, FI23, FU23) -> 3000 | J54: =SUM(J23,V23,AH23,AT23,BF23,BR23,CD23,CP23,DB23,DN23,DZ23, EL23, EX23, FJ23, FV23) -> 9000 | K54: =SUM(K23,W23,AI23,AU23,BG23,BS23,CE23,CQ23,DC23,DO23,EA23, EM23, EY23, FK23, FW23) -> 0 | L54: =SUM(L23,X23,AJ23,AV23,BH23,BT23,CF23,CR23,DD23,DP23,EB23, EN23, EZ23, FL23, FX23) -> 0 | ... N54: =SUM(N23,Z23,AL23,AX23,BJ23,BV23,CH23,CT23,DF23,DR23,ED23, EP23, FB23, FN23, FZ23) -> 0
D55: 5202 | E55: =SUM(E24,Q24,AC24,AO24,BA24,BM24,BY24,CK24,CW24,DI24,DU24, EG24, ES24, FE24, FQ24) -> 0 | F55: =SUM(F24,R24,AD24,AP24,BB24,BN24,BZ24,CL24,CX24,DJ24,DV24, EH24, ET24, FF24, FR24) -> 0 | G55: =SUM(G24,S24,AE24,AQ24,BC24,BO24,CA24,CM24,CY24,DK24,DW24, EI24, EU24, FG24, FS24) -> 0 | H55: =SUM(H24,T24,AF24,AR24,BD24,BP24,CB24,CN24,CZ24,DL24,DX24, EJ24, EV24, FH24, FT24) -> 0 | I55: =SUM(I24,U24,AG24,AS24,BE24,BQ24,CC24,CO24,DA24,DM24,DY24, EK24, EW24, FI24, FU24) -> 0 | J55: =SUM(J24,V24,AH24,AT24,BF24,BR24,CD24,CP24,DB24,DN24,DZ24, EL24, EX24, FJ24, FV24) -> 0 | K55: =SUM(K24,W24,AI24,AU24,BG24,BS24,CE24,CQ24,DC24,DO24,EA24, EM24, EY24, FK24, FW24) -> 0 | L55: =SUM(L24,X24,AJ24,AV24,BH24,BT24,CF24,CR24,DD24,DP24,EB24, EN24, EZ24, FL24, FX24) -> 0 | ... N55: =SUM(N24,Z24,AL24,AX24,BJ24,BV24,CH24,CT24,DF24,DR24,ED24, EP24, FB24, FN24, FZ24) -> 0
D56: 5301 | E56: =SUM(E25,Q25,AC25,AO25,BA25,BM25,BY25,CK25,CW25,DI25,DU25, EG25, ES25, FE25, FQ25) -> 500 | F56: =SUM(F25,R25,AD25,AP25,BB25,BN25,BZ25,CL25,CX25,DJ25,DV25, EH25, ET25, FF25, FR25) -> 1500 | G56: =SUM(G25,S25,AE25,AQ25,BC25,BO25,CA25,CM25,CY25,DK25,DW25, EI25, EU25, FG25, FS25) -> 4000 | H56: =SUM(H25,T25,AF25,AR25,BD25,BP25,CB25,CN25,CZ25,DL25,DX25, EJ25, EV25, FH25, FT25) -> 12000 | I56: =SUM(I25,U25,AG25,AS25,BE25,BQ25,CC25,CO25,DA25,DM25,DY25, EK25, EW25, FI25, FU25) -> 1500 | J56: =SUM(J25,V25,AH25,AT25,BF25,BR25,CD25,CP25,DB25,DN25,DZ25, EL25, EX25, FJ25, FV25) -> 4500 | K56: =SUM(K25,W25,AI25,AU25,BG25,BS25,CE25,CQ25,DC25,DO25,EA25, EM25, EY25, FK25, FW25) -> 0 | L56: =SUM(L25,X25,AJ25,AV25,BH25,BT25,CF25,CR25,DD25,DP25,EB25, EN25, EZ25, FL25, FX25) -> 0 | ... N56: =SUM(N25,Z25,AL25,AX25,BJ25,BV25,CH25,CT25,DF25,DR25,ED25, EP25, FB25, FN25, FZ25) -> 0
D57: 5302 | E57: =SUM(E26,Q26,AC26,AO26,BA26,BM26,BY26,CK26,CW26,DI26,DU26, EG26, ES26, FE26, FQ26) -> 0 | F57: =SUM(F26,R26,AD26,AP26,BB26,BN26,BZ26,CL26,CX26,DJ26,DV26, EH26, ET26, FF26, FR26) -> 0 | G57: =SUM(G26,S26,AE26,AQ26,BC26,BO26,CA26,CM26,CY26,DK26,DW26, EI26, EU26, FG26, FS26) -> 10000 | H57: =SUM(H26,T26,AF26,AR26,BD26,BP26,CB26,CN26,CZ26,DL26,DX26, EJ26, EV26, FH26, FT26) -> 30000 | I57: =SUM(I26,U26,AG26,AS26,BE26,BQ26,CC26,CO26,DA26,DM26,DY26, EK26, EW26, FI26, FU26) -> 0 | J57: =SUM(J26,V26,AH26,AT26,BF26,BR26,CD26,CP26,DB26,DN26,DZ26, EL26, EX26, FJ26, FV26) -> 0 | K57: =SUM(K26,W26,AI26,AU26,BG26,BS26,CE26,CQ26,DC26,DO26,EA26, EM26, EY26, FK26, FW26) -> 0 | L57: =SUM(L26,X26,AJ26,AV26,BH26,BT26,CF26,CR26,DD26,DP26,EB26, EN26, EZ26, FL26, FX26) -> 0 | ... N57: =SUM(N26,Z26,AL26,AX26,BJ26,BV26,CH26,CT26,DF26,DR26,ED26, EP26, FB26, FN26, FZ26) -> 0
D58: 5303 | E58: =SUM(E27,Q27,AC27,AO27,BA27,BM27,BY27,CK27,CW27,DI27,DU27, EG27, ES27, FE27, FQ27) -> 0 | F58: =SUM(F27,R27,AD27,AP27,BB27,BN27,BZ27,CL27,CX27,DJ27,DV27, EH27, ET27, FF27, FR27) -> 0 | G58: =SUM(G27,S27,AE27,AQ27,BC27,BO27,CA27,CM27,CY27,DK27,DW27, EI27, EU27, FG27, FS27) -> 0 | H58: =SUM(H27,T27,AF27,AR27,BD27,BP27,CB27,CN27,CZ27,DL27,DX27, EJ27, EV27, FH27, FT27) -> 0 | I58: =SUM(I27,U27,AG27,AS27,BE27,BQ27,CC27,CO27,DA27,DM27,DY27, EK27, EW27, FI27, FU27) -> 0 | J58: =SUM(J27,V27,AH27,AT27,BF27,BR27,CD27,CP27,DB27,DN27,DZ27, EL27, EX27, FJ27, FV27) -> 0 | K58: =SUM(K27,W27,AI27,AU27,BG27,BS27,CE27,CQ27,DC27,DO27,EA27, EM27, EY27, FK27, FW27) -> 0 | L58: =SUM(L27,X27,AJ27,AV27,BH27,BT27,CF27,CR27,DD27,DP27,EB27, EN27, EZ27, FL27, FX27) -> 0 | ... N58: =SUM(N27,Z27,AL27,AX27,BJ27,BV27,CH27,CT27,DF27,DR27,ED27, EP27, FB27, FN27, FZ27) -> 0
D59: 5375 | E59: =SUM(E28,Q28,AC28,AO28,BA28,BM28,BY28,CK28,CW28,DI28,DU28, EG28, ES28, FE28, FQ28) -> 0 | F59: =SUM(F28,R28,AD28,AP28,BB28,BN28,BZ28,CL28,CX28,DJ28,DV28, EH28, ET28, FF28, FR28) -> 0 | G59: =SUM(G28,S28,AE28,AQ28,BC28,BO28,CA28,CM28,CY28,DK28,DW28, EI28, EU28, FG28, FS28) -> 0 | H59: =SUM(H28,T28,AF28,AR28,BD28,BP28,CB28,CN28,CZ28,DL28,DX28, EJ28, EV28, FH28, FT28) -> 0 | I59: =SUM(I28,U28,AG28,AS28,BE28,BQ28,CC28,CO28,DA28,DM28,DY28, EK28, EW28, FI28, FU28) -> 0 | J59: =SUM(J28,V28,AH28,AT28,BF28,BR28,CD28,CP28,DB28,DN28,DZ28, EL28, EX28, FJ28, FV28) -> 0 | K59: =SUM(K28,W28,AI28,AU28,BG28,BS28,CE28,CQ28,DC28,DO28,EA28, EM28, EY28, FK28, FW28) -> 0 | L59: =SUM(L28,X28,AJ28,AV28,BH28,BT28,CF28,CR28,DD28,DP28,EB28, EN28, EZ28, FL28, FX28) -> 0 | ... N59: =SUM(N28,Z28,AL28,AX28,BJ28,BV28,CH28,CT28,DF28,DR28,ED28, EP28, FB28, FN28, FZ28) -> 0
D60: 9999 | E60: =SUM(E29,Q29,AC29,AO29,BA29,BM29,BY29,CK29,CW29,DI29,DU29,EG29,ES29,FE29) -> 7000 | F60: =SUM(F29,R29,AD29,AP29,BB29,BN29,BZ29,CL29,CX29,DJ29,DV29,EH29,ET29,FF29) -> 21000 | G60: =SUM(G29,S29,AE29,AQ29,BC29,BO29,CA29,CM29,CY29,DK29,DW29,EI29,EU29,FG29) -> 122000 | H60: =SUM(H29,T29,AF29,AR29,BD29,BP29,CB29,CN29,CZ29,DL29,DX29,EJ29,EV29,FH29) -> 366000 | I60: =SUM(I29,U29,AG29,AS29,BE29,BQ29,CC29,CO29,DA29,DM29,DY29,EK29,EW29,FI29) -> 21000 | J60: =SUM(J29,V29,AH29,AT29,BF29,BR29,CD29,CP29,DB29,DN29,DZ29,EL29,EX29,FJ29) -> 63000 | K60: =SUM(K29,W29,AI29,AU29,BG29,BS29,CE29,CQ29,DC29,DO29,EA29,EM29,EY29,FK29) -> 0 | L60: =SUM(L29,X29,AJ29,AV29,BH29,BT29,CF29,CR29,DD29,DP29,EB29,EN29,EZ29,FL29) -> 0 | ... N60: =SUM(N29,Z29,AL29,AX29,BJ29,BV29,CH29,CT29,DF29,DR29,ED29,EP29,FB29,FN29) -> 0

Sheet Activity C
A1: =CONCATENATE("ACTIVITY ", 'ALL Activities'!A42, ": ", 'ALL Activities'!C42) -> ACTIVITY C: Framework for handling LMOs | C1: Code: | E1: C1 | Q1: C2 | AC1: C3 | AO1: C4 | BA1: C5 | BM1: C6 | BY1: C7 | CK1: C8 | CW1: C9 | DI1: C10 | DU1: C11 | EG1: C12 | ES1: C13 | FE1: C14 | FQ1: C15
C2: SubActivity description: | E2: ='ALL Activities'!C43 -> To develop procedural guidelines for handling, transport, packaging and identification of LMOs | Q2: ='ALL Activities'!C44 -> To develop implementation plan for the Nagoya – Kuala Lumpur Supplementary Protocol on Liability and Redress to the Cartagena Protocol on Biosafety developed | AC2: ='ALL Activities'!C45 -> 0 | AO2: ='ALL Activities'!C46 -> 0 | BA2: ='ALL Activities'!C47 -> 0 | BM2: ='ALL Activities'!C48 -> 0 | BY2: ='ALL Activities'!C49 -> 0 | CK2: ='ALL Activities'!C50 -> 0 | CW2: ='ALL Activities'!C51 -> 0 | DI2: ='ALL Activities'!C52 -> 0 | DU2: ='ALL Activities'!C53 -> 0 | EG2: ='ALL Activities'!C54 -> 0 | ES2: ='ALL Activities'!C55 -> 0 | FE2: ='ALL Activities'!C56 -> 0 | FQ2: ='ALL Activities'!C57 -> 0
C3: Year: | E3: YEAR 1 | G3: YEAR 2 | I3: YEAR 3 | K3: YEAR 4 | M3: YEAR 5 | O3: TOTAL (specific activity) | Q3: YEAR 1 | S3: YEAR 2 | U3: YEAR 3 | W3: YEAR 4 | Y3: YEAR 5 | AA3: TOTAL (specific activity) | AC3: YEAR 1 | AE3: YEAR 2 | AG3: YEAR 3 | AI3: YEAR 4 | AK3: YEAR 5 | AM3: TOTAL (specific activity) | AO3: YEAR 1 | AQ3: YEAR 2 | AS3: YEAR 3 | AU3: YEAR 4 | AW3: YEAR 5 | AY3: TOTAL (specific activity) | BA3: YEAR 1 | BC3: YEAR 2 | BE3: YEAR 3 | BG3: YEAR 4 | BI3: YEAR 5 | BK3: TOTAL (specific activity) | BM3: YEAR 1 | BO3: YEAR 2 | BQ3: YEAR 3 | BS3: YEAR 4 | BU3: YEAR 5 | BW3: TOTAL (specific activity) | BY3: YEAR 1 | CA3: YEAR 2 | CC3: YEAR 3 | CE3: YEAR 4 | CG3: YEAR 5 | CI3: TOTAL (specific activity) | CK3: YEAR 1 | CM3: YEAR 2 | CO3: YEAR 3 | CQ3: YEAR 4 | CS3: YEAR 5 | CU3: TOTAL (specific activity) | CW3: YEAR 1 | CY3: YEAR 2 | DA3: YEAR 3 | DC3: YEAR 4 | DE3: YEAR 5 | DG3: TOTAL (specific activity) | DI3: YEAR 1 | DK3: YEAR 2 | DM3: YEAR 3 | DO3: YEAR 4 | DQ3: YEAR 5 | DS3: TOTAL (specific activity) | DU3: YEAR 1 | DW3: YEAR 2 | DY3: YEAR 3 | EA3: YEAR 4 | EC3: YEAR 5 | EE3: TOTAL (specific activity) | EG3: YEAR 1 | EI3: YEAR 2 | EK3: YEAR 3 | EM3: YEAR 4 | EO3: YEAR 5 | EQ3: TOTAL (specific activity) | ES3: YEAR 1 | EU3: YEAR 2 | EW3: YEAR 3 | EY3: YEAR 4 | FA3: YEAR 5 | FC3: TOTAL (specific activity) | FE3: YEAR 1 | FG3: YEAR 2 | FI3: YEAR 3 | FK3: YEAR 4 | FM3: YEAR 5 | FO3: TOTAL (specific activity) | FQ3: YEAR 1 | FS3: YEAR 2 | FU3: YEAR 3 | FW3: YEAR 4 | FY3: YEAR 5 | GA3: TOTAL (specific activity)
A4: Budget line justification | B4: BL number | C4: TOTAL (all sub-activities) | E4: GEF (US$) | F4: GOV (US$) | G4: GEF (US$) | H4: GOV (US$) | I4: GEF (US$) | J4: GOV (US$) | K4: GEF (US$) | L4: GOV (US$) | M4: GEF (US$) | N4: GOV (US$) | O4: GEF (US$) | P4: GOV (US$) | Q4: GEF (US$) | R4: GOV (US$) | S4: GEF (US$) | T4: GOV (US$) | U4: GEF (US$) | V4: GOV (US$) | W4: GEF (US$) | X4: GOV (US$) | Y4: GEF (US$) | Z4: GOV (US$) | AA4: GEF (US$) | AB4: GOV (US$) | AC4: GEF (US$) | AD4: GOV (US$) | AE4: GEF (US$) | AF4: GOV (US$) | AG4: GEF (US$) | AH4: GOV (US$) | AI4: GEF (US$) | AJ4: GOV (US$) | AK4: GEF (US$) | AL4: GOV (US$) | AM4: GEF (US$) | AN4: GOV (US$) | AO4: GEF (US$) | AP4: GOV (US$) | AQ4: GEF (US$) | AR4: GOV (US$) | AS4: GEF (US$) | AT4: GOV (US$) | AU4: GEF (US$) | AV4: GOV (US$) | AW4: GEF (US$) | AX4: GOV (US$) | AY4: GEF (US$) | AZ4: GOV (US$) | BA4: GEF (US$) | BB4: GOV (US$) | BC4: GEF (US$) | BD4: GOV (US$) | BE4: GEF (US$) | BF4: GOV (US$) | BG4: GEF (US$) | BH4: GOV (US$) | BI4: GEF (US$) | BJ4: GOV (US$) | BK4: GEF (US$) | BL4: GOV (US$) | BM4: GEF (US$) | BN4: GOV (US$) | BO4: GEF (US$) | BP4: GOV (US$) | BQ4: GEF (US$) | BR4: GOV (US$) | BS4: GEF (US$) | BT4: GOV (US$) | BU4: GEF (US$) | BV4: GOV (US$) | BW4: GEF (US$) | BX4: GOV (US$) | BY4: GEF (US$) | BZ4: GOV (US$) | CA4: GEF (US$) | CB4: GOV (US$) | CC4: GEF (US$) | CD4: GOV (US$) | CE4: GEF (US$) | CF4: GOV (US$) | CG4: GEF (US$) | CH4: GOV (US$) | CI4: GEF (US$) | CJ4: GOV (US$) | CK4: GEF (US$) | CL4: GOV (US$) | CM4: GEF (US$) | CN4: GOV (US$) | CO4: GEF (US$) | CP4: GOV (US$) | CQ4: GEF (US$) | CR4: GOV (US$) | CS4: GEF (US$) | CT4: GOV (US$) | CU4: GEF (US$) | CV4: GOV (US$) | CW4: GEF (US$) | CX4: GOV (US$) | CY4: GEF (US$) | CZ4: GOV (US$) | DA4: GEF (US$) | DB4: GOV (US$) | DC4: GEF (US$) | DD4: GOV (US$) | DE4: GEF (US$) | DF4: GOV (US$) | DG4: GEF (US$) | DH4: GOV (US$) | DI4: GEF (US$) | DJ4: GOV (US$) | DK4: GEF (US$) | DL4: GOV (US$) | DM4: GEF (US$) | DN4: GOV (US$) | DO4: GEF (US$) | DP4: GOV (US$) | DQ4: GEF (US$) | DR4: GOV (US$) | DS4: GEF (US$) | DT4: GOV (US$) | DU4: GEF (US$) | DV4: GOV (US$) | DW4: GEF (US$) | DX4: GOV (US$) | DY4: GEF (US$) | DZ4: GOV (US$) | EA4: GEF (US$) | EB4: GOV (US$) | EC4: GEF (US$) | ED4: GOV (US$) | EE4: GEF (US$) | EF4: GOV (US$) | EG4: GEF (US$) | EH4: GOV (US$) | EI4: GEF (US$) | EJ4: GOV (US$) | EK4: GEF (US$) | EL4: GOV (US$) | EM4: GEF (US$) | EN4: GOV (US$) | EO4: GEF (US$) | EP4: GOV (US$) | EQ4: GEF (US$) | ER4: GOV (US$) | ES4: GEF (US$) | ET4: GOV (US$) | EU4: GEF (US$) | EV4: GOV (US$) | EW4: GEF (US$) | EX4: GOV (US$) | EY4: GEF (US$) | EZ4: GOV (US$) | FA4: GEF (US$) | FB4: GOV (US$) | FC4: GEF (US$) | FD4: GOV (US$) | FE4: GEF (US$) | FF4: GOV (US$) | FG4: GEF (US$) | FH4: GOV (US$) | FI4: GEF (US$) | FJ4: GOV (US$) | FK4: GEF (US$) | FL4: GOV (US$) | FM4: GEF (US$) | FN4: GOV (US$) | FO4: GEF (US$) | FP4: GOV (US$) | FQ4: GEF (US$) | FR4: GOV (US$) | FS4: GEF (US$) | FT4: GOV (US$) | FU4: GEF (US$) | FV4: GOV (US$) | FW4: GEF (US$) | FX4: GOV (US$) | FY4: GEF (US$) | FZ4: GOV (US$) | GA4: GEF (US$) | GB4: GOV (US$)
C5: GEF (US$) | D5: GOV (US$)
A6: National Project Coordinator | B6: 1101 | C6: =SUM(O6,AA6,AM6,AY6,BK6,BW6,CI6,CU6,DG6,DS6,EE6,EQ6,FC6,FO6,GA6) -> 0 | D6: =SUM(P6,AB6,AN6,AZ6,BL6,BX6,CJ6,CV6,DH6,DT6,EF6,ER6,FD6,FP6,GB6) -> 0 | O6: =SUM(E6,G6,I6,K6,M6) -> 0 | P6: =SUM(F6,H6,J6,L6,N6) -> 0 | AA6: =SUM(Q6,S6,U6,W6,Y6) -> 0 | AB6: =SUM(R6,T6,V6,X6,Z6) -> 0 | AM6: =SUM(AC6,AE6,AG6,AI6,AK6) -> 0 | AN6: =SUM(AD6,AF6,AH6,AJ6,AL6) -> 0 | AY6: =SUM(AO6,AQ6,AS6,AU6,AW6) -> 0 | AZ6: =SUM(AP6,AR6,AT6,AV6,AX6) -> 0 | BK6: =SUM(BA6,BC6,BE6,BG6,BI6) -> 0 | BL6: =SUM(BB6,BD6,BF6,BH6,BJ6) -> 0 | BW6: =SUM(BM6,BO6,BQ6,BS6,BU6) -> 0 | BX6: =SUM(BN6,BP6,BR6,BT6,BV6) -> 0 | CI6: =SUM(BY6,CA6,CC6,CE6,CG6) -> 0 | CJ6: =SUM(BZ6,CB6,CD6,CF6,CH6) -> 0 | CU6: =SUM(CK6,CM6,CO6,CQ6,CS6) -> 0 | CV6: =SUM(CL6,CN6,CP6,CR6,CT6) -> 0 | DG6: =SUM(CW6,CY6,DA6,DC6,DE6) -> 0 | DH6: =SUM(CX6,CZ6,DB6,DD6,DF6) -> 0 | DS6: =SUM(DI6,DK6,DM6,DO6,DQ6) -> 0 | DT6: =SUM(DJ6,DL6,DN6,DP6,DR6) -> 0 | EE6: =SUM(DU6,DW6,DY6,EA6,EC6) -> 0 | EF6: =SUM(DV6,DX6,DZ6,EB6,ED6) -> 0 | EQ6: =SUM(EG6,EI6,EK6,EM6,EO6) -> 0 | ER6: =SUM(EH6,EJ6,EL6,EN6,EP6) -> 0 | FC6: =SUM(ES6,EU6,EW6,EY6,FA6) -> 0 | FD6: =SUM(ET6,EV6,EX6,EZ6,FB6) -> 0 | FO6: =SUM(FE6,FG6,FI6,FK6,FM6) -> 0 | FP6: =SUM(FF6,FH6,FJ6,FL6,FN6) -> 0 | GA6: =SUM(FQ6,FS6,FU6,FW6,FY6) -> 0 | GB6: =SUM(FR6,FT6,FV6,FX6,FZ6) -> 0
A7: Project Staff | B7: 1102 | C7: =SUM(O7,AA7,AM7,AY7,BK7,BW7,CI7,CU7,DG7,DS7,EE7,EQ7,FC7,FO7,GA7) -> 0 | D7: =SUM(P7,AB7,AN7,AZ7,BL7,BX7,CJ7,CV7,DH7,DT7,EF7,ER7,FD7,FP7,GB7) -> 72000 | F7: 1500 | H7: 21000 | J7: 19500 | O7: =SUM(E7,G7,I7,K7,M7) -> 0 | P7: =SUM(F7,H7,J7,L7,N7) -> 42000 | R7: 3000 | T7: 10500 | V7: 10500 | X7: 6000 | AA7: =SUM(Q7,S7,U7,W7,Y7) -> 0 | AB7: =SUM(R7,T7,V7,X7,Z7) -> 30000 | AM7: =SUM(AC7,AE7,AG7,AI7,AK7) -> 0 | AN7: =SUM(AD7,AF7,AH7,AJ7,AL7) -> 0 | AY7: =SUM(AO7,AQ7,AS7,AU7,AW7) -> 0 | AZ7: =SUM(AP7,AR7,AT7,AV7,AX7) -> 0 | BK7: =SUM(BA7,BC7,BE7,BG7,BI7) -> 0 | BL7: =SUM(BB7,BD7,BF7,BH7,BJ7) -> 0 | BW7: =SUM(BM7,BO7,BQ7,BS7,BU7) -> 0 | BX7: =SUM(BN7,BP7,BR7,BT7,BV7) -> 0 | CI7: =SUM(BY7,CA7,CC7,CE7,CG7) -> 0 | CJ7: =SUM(BZ7,CB7,CD7,CF7,CH7) -> 0 | CU7: =SUM(CK7,CM7,CO7,CQ7,CS7) -> 0 | CV7: =SUM(CL7,CN7,CP7,CR7,CT7) -> 0 | DG7: =SUM(CW7,CY7,DA7,DC7,DE7) -> 0 | DH7: =SUM(CX7,CZ7,DB7,DD7,DF7) -> 0 | DS7: =SUM(DI7,DK7,DM7,DO7,DQ7) -> 0 | DT7: =SUM(DJ7,DL7,DN7,DP7,DR7) -> 0 | EE7: =SUM(DU7,DW7,DY7,EA7,EC7) -> 0 | EF7: =SUM(DV7,DX7,DZ7,EB7,ED7) -> 0 | EQ7: =SUM(EG7,EI7,EK7,EM7,EO7) -> 0 | ER7: =SUM(EH7,EJ7,EL7,EN7,EP7) -> 0 | FC7: =SUM(ES7,EU7,EW7,EY7,FA7) -> 0 | FD7: =SUM(ET7,EV7,EX7,EZ7,FB7) -> 0 | FO7: =SUM(FE7,FG7,FI7,FK7,FM7) -> 0 | FP7: =SUM(FF7,FH7,FJ7,FL7,FN7) -> 0 | GA7: =SUM(FQ7,FS7,FU7,FW7,FY7) -> 0 | GB7: =SUM(FR7,FT7,FV7,FX7,FZ7) -> 0
A8: Administrative Staff | B8: 1120 | C8: =SUM(O8,AA8,AM8,AY8,BK8,BW8,CI8,CU8,DG8,DS8,EE8,EQ8,FC8,FO8,GA8) -> 0 | D8: =SUM(P8,AB8,AN8,AZ8,BL8,BX8,CJ8,CV8,DH8,DT8,EF8,ER8,FD8,FP8,GB8) -> 0 | O8: =SUM(E8,G8,I8,K8,M8) -> 0 | P8: =SUM(F8,H8,J8,L8,N8) -> 0 | AA8: =SUM(Q8,S8,U8,W8,Y8) -> 0 | AB8: =SUM(R8,T8,V8,X8,Z8) -> 0 | AM8: =SUM(AC8,AE8,AG8,AI8,AK8) -> 0 | AN8: =SUM(AD8,AF8,AH8,AJ8,AL8) -> 0 | AY8: =SUM(AO8,AQ8,AS8,AU8,AW8) -> 0 | AZ8: =SUM(AP8,AR8,AT8,AV8,AX8) -> 0 | BK8: =SUM(BA8,BC8,BE8,BG8,BI8) -> 0 | BL8: =SUM(BB8,BD8,BF8,BH8,BJ8) -> 0 | BW8: =SUM(BM8,BO8,BQ8,BS8,BU8) -> 0 | BX8: =SUM(BN8,BP8,BR8,BT8,BV8) -> 0 | CI8: =SUM(BY8,CA8,CC8,CE8,CG8) -> 0 | CJ8: =SUM(BZ8,CB8,CD8,CF8,CH8) -> 0 | CU8: =SUM(CK8,CM8,CO8,CQ8,CS8) -> 0 | CV8: =SUM(CL8,CN8,CP8,CR8,CT8) -> 0 | DG8: =SUM(CW8,CY8,DA8,DC8,DE8) -> 0 | DH8: =SUM(CX8,CZ8,DB8,DD8,DF8) -> 0 | DS8: =SUM(DI8,DK8,DM8,DO8,DQ8) -> 0 | DT8: =SUM(DJ8,DL8,DN8,DP8,DR8) -> 0 | EE8: =SUM(DU8,DW8,DY8,EA8,EC8) -> 0 | EF8: =SUM(DV8,DX8,DZ8,EB8,ED8) -> 0 | EQ8: =SUM(EG8,EI8,EK8,EM8,EO8) -> 0 | ER8: =SUM(EH8,EJ8,EL8,EN8,EP8) -> 0 | FC8: =SUM(ES8,EU8,EW8,EY8,FA8) -> 0 | FD8: =SUM(ET8,EV8,EX8,EZ8,FB8) -> 0 | FO8: =SUM(FE8,FG8,FI8,FK8,FM8) -> 0 | FP8: =SUM(FF8,FH8,FJ8,FL8,FN8) -> 0 | GA8: =SUM(FQ8,FS8,FU8,FW8,FY8) -> 0 | GB8: =SUM(FR8,FT8,FV8,FX8,FZ8) -> 0
A9: International Consultants | B9: 1201 | C9: =SUM(O9,AA9,AM9,AY9,BK9,BW9,CI9,CU9,DG9,DS9,EE9,EQ9,FC9,FO9,GA9) -> 4000 | D9: =SUM(P9,AB9,AN9,AZ9,BL9,BX9,CJ9,CV9,DH9,DT9,EF9,ER9,FD9,FP9,GB9) -> 0 | G9: 2000 | I9: 2000 | O9: =SUM(E9,G9,I9,K9,M9) -> 4000 | P9: =SUM(F9,H9,J9,L9,N9) -> 0 | AA9: =SUM(Q9,S9,U9,W9,Y9) -> 0 | AB9: =SUM(R9,T9,V9,X9,Z9) -> 0 | AM9: =SUM(AC9,AE9,AG9,AI9,AK9) -> 0 | AN9: =SUM(AD9,AF9,AH9,AJ9,AL9) -> 0 | AY9: =SUM(AO9,AQ9,AS9,AU9,AW9) -> 0 | AZ9: =SUM(AP9,AR9,AT9,AV9,AX9) -> 0 | BK9: =SUM(BA9,BC9,BE9,BG9,BI9) -> 0 | BL9: =SUM(BB9,BD9,BF9,BH9,BJ9) -> 0 | BW9: =SUM(BM9,BO9,BQ9,BS9,BU9) -> 0 | BX9: =SUM(BN9,BP9,BR9,BT9,BV9) -> 0 | CI9: =SUM(BY9,CA9,CC9,CE9,CG9) -> 0 | CJ9: =SUM(BZ9,CB9,CD9,CF9,CH9) -> 0 | CU9: =SUM(CK9,CM9,CO9,CQ9,CS9) -> 0 | CV9: =SUM(CL9,CN9,CP9,CR9,CT9) -> 0 | DG9: =SUM(CW9,CY9,DA9,DC9,DE9) -> 0 | DH9: =SUM(CX9,CZ9,DB9,DD9,DF9) -> 0 | DS9: =SUM(DI9,DK9,DM9,DO9,DQ9) -> 0 | DT9: =SUM(DJ9,DL9,DN9,DP9,DR9) -> 0 | EE9: =SUM(DU9,DW9,DY9,EA9,EC9) -> 0 | EF9: =SUM(DV9,DX9,DZ9,EB9,ED9) -> 0 | EQ9: =SUM(EG9,EI9,EK9,EM9,EO9) -> 0 | ER9: =SUM(EH9,EJ9,EL9,EN9,EP9) -> 0 | FC9: =SUM(ES9,EU9,EW9,EY9,FA9) -> 0 | FD9: =SUM(ET9,EV9,EX9,EZ9,FB9) -> 0 | FO9: =SUM(FE9,FG9,FI9,FK9,FM9) -> 0 | FP9: =SUM(FF9,FH9,FJ9,FL9,FN9) -> 0 | GA9: =SUM(FQ9,FS9,FU9,FW9,FY9) -> 0 | GB9: =SUM(FR9,FT9,FV9,FX9,FZ9) -> 0
A10: National Consultants | B10: 1202 | C10: =SUM(O10,AA10,AM10,AY10,BK10,BW10,CI10,CU10,DG10,DS10,EE10,EQ10,FC10,FO10,GA10) -> 20000 | D10: =SUM(P10,AB10,AN10,AZ10,BL10,BX10,CJ10,CV10,DH10,DT10,EF10,ER10,FD10,FP10,GB10) -> 0 | E10: 500 | G10: 5000 | I10: 4500 | O10: =SUM(E10,G10,I10,K10,M10) -> 10000 | P10: =SUM(F10,H10,J10,L10,N10) -> 0 | Q10: 1000 | S10: 3500 | U10: 3500 | W10: 2000 | AA10: =SUM(Q10,S10,U10,W10,Y10) -> 10000 | AB10: =SUM(R10,T10,V10,X10,Z10) -> 0 | AM10: =SUM(AC10,AE10,AG10,AI10,AK10) -> 0 | AN10: =SUM(AD10,AF10,AH10,AJ10,AL10) -> 0 | AY10: =SUM(AO10,AQ10,AS10,AU10,AW10) -> 0 | AZ10: =SUM(AP10,AR10,AT10,AV10,AX10) -> 0 | BK10: =SUM(BA10,BC10,BE10,BG10,BI10) -> 0 | BL10: =SUM(BB10,BD10,BF10,BH10,BJ10) -> 0 | BW10: =SUM(BM10,BO10,BQ10,BS10,BU10) -> 0 | BX10: =SUM(BN10,BP10,BR10,BT10,BV10) -> 0 | CI10: =SUM(BY10,CA10,CC10,CE10,CG10) -> 0 | CJ10: =SUM(BZ10,CB10,CD10,CF10,CH10) -> 0 | CU10: =SUM(CK10,CM10,CO10,CQ10,CS10) -> 0 | CV10: =SUM(CL10,CN10,CP10,CR10,CT10) -> 0 | DG10: =SUM(CW10,CY10,DA10,DC10,DE10) -> 0 | DH10: =SUM(CX10,CZ10,DB10,DD10,DF10) -> 0 | DS10: =SUM(DI10,DK10,DM10,DO10,DQ10) -> 0 | DT10: =SUM(DJ10,DL10,DN10,DP10,DR10) -> 0 | EE10: =SUM(DU10,DW10,DY10,EA10,EC10) -> 0 | EF10: =SUM(DV10,DX10,DZ10,EB10,ED10) -> 0 | EQ10: =SUM(EG10,EI10,EK10,EM10,EO10) -> 0 | ER10: =SUM(EH10,EJ10,EL10,EN10,EP10) -> 0 | FC10: =SUM(ES10,EU10,EW10,EY10,FA10) -> 0 | FD10: =SUM(ET10,EV10,EX10,EZ10,FB10) -> 0 | FO10: =SUM(FE10,FG10,FI10,FK10,FM10) -> 0 | FP10: =SUM(FF10,FH10,FJ10,FL10,FN10) -> 0 | GA10: =SUM(FQ10,FS10,FU10,FW10,FY10) -> 0 | GB10: =SUM(FR10,FT10,FV10,FX10,FZ10) -> 0
A11: Staff Travel & Transport | B11: 1601 | C11: =SUM(O11,AA11,AM11,AY11,BK11,BW11,CI11,CU11,DG11,DS11,EE11,EQ11,FC11,FO11,GA11) -> 7000 | D11: =SUM(P11,AB11,AN11,AZ11,BL11,BX11,CJ11,CV11,DH11,DT11,EF11,ER11,FD11,FP11,GB11) -> 21000 | G11: 2000 | H11: 6000 | O11: =SUM(E11,G11,I11,K11,M11) -> 2000 | P11: =SUM(F11,H11,J11,L11,N11) -> 6000 | S11: 5000 | T11: 15000 | AA11: =SUM(Q11,S11,U11,W11,Y11) -> 5000 | AB11: =SUM(R11,T11,V11,X11,Z11) -> 15000 | AM11: =SUM(AC11,AE11,AG11,AI11,AK11) -> 0 | AN11: =SUM(AD11,AF11,AH11,AJ11,AL11) -> 0 | AY11: =SUM(AO11,AQ11,AS11,AU11,AW11) -> 0 | AZ11: =SUM(AP11,AR11,AT11,AV11,AX11) -> 0 | BK11: =SUM(BA11,BC11,BE11,BG11,BI11) -> 0 | BL11: =SUM(BB11,BD11,BF11,BH11,BJ11) -> 0 | BW11: =SUM(BM11,BO11,BQ11,BS11,BU11) -> 0 | BX11: =SUM(BN11,BP11,BR11,BT11,BV11) -> 0 | CI11: =SUM(BY11,CA11,CC11,CE11,CG11) -> 0 | CJ11: =SUM(BZ11,CB11,CD11,CF11,CH11) -> 0 | CU11: =SUM(CK11,CM11,CO11,CQ11,CS11) -> 0 | CV11: =SUM(CL11,CN11,CP11,CR11,CT11) -> 0 | DG11: =SUM(CW11,CY11,DA11,DC11,DE11) -> 0 | DH11: =SUM(CX11,CZ11,DB11,DD11,DF11) -> 0 | DS11: =SUM(DI11,DK11,DM11,DO11,DQ11) -> 0 | DT11: =SUM(DJ11,DL11,DN11,DP11,DR11) -> 0 | EE11: =SUM(DU11,DW11,DY11,EA11,EC11) -> 0 | EF11: =SUM(DV11,DX11,DZ11,EB11,ED11) -> 0 | EQ11: =SUM(EG11,EI11,EK11,EM11,EO11) -> 0 | ER11: =SUM(EH11,EJ11,EL11,EN11,EP11) -> 0 | FC11: =SUM(ES11,EU11,EW11,EY11,FA11) -> 0 | FD11: =SUM(ET11,EV11,EX11,EZ11,FB11) -> 0 | FO11: =SUM(FE11,FG11,FI11,FK11,FM11) -> 0 | FP11: =SUM(FF11,FH11,FJ11,FL11,FN11) -> 0 | GA11: =SUM(FQ11,FS11,FU11,FW11,FY11) -> 0 | GB11: =SUM(FR11,FT11,FV11,FX11,FZ11) -> 0
A12: Sub-contract to GOV (US$)ernmental agencies | B12: 2201 | C12: =SUM(O12,AA12,AM12,AY12,BK12,BW12,CI12,CU12,DG12,DS12,EE12,EQ12,FC12,FO12,GA12) -> 17500 | D12: =SUM(P12,AB12,AN12,AZ12,BL12,BX12,CJ12,CV12,DH12,DT12,EF12,ER12,FD12,FP12,GB12) -> 52500 | E12: 1000 | F12: 3000 | G12: 3000 | H12: 9000 | I12: 2000 | J12: 6000 | K12: 1500 | L12: 4500 | O12: =SUM(E12,G12,I12,K12,M12) -> 7500 | P12: =SUM(F12,H12,J12,L12,N12) -> 22500 | Q12: 1000 | R12: 3000 | S12: 5000 | T12: 15000 | U12: 2500 | V12: 7500 | W12: 1500 | X12: 4500 | AA12: =SUM(Q12,S12,U12,W12,Y12) -> 10000 | AB12: =SUM(R12,T12,V12,X12,Z12) -> 30000 | AM12: =SUM(AC12,AE12,AG12,AI12,AK12) -> 0 | AN12: =SUM(AD12,AF12,AH12,AJ12,AL12) -> 0 | AY12: =SUM(AO12,AQ12,AS12,AU12,AW12) -> 0 | AZ12: =SUM(AP12,AR12,AT12,AV12,AX12) -> 0 | BK12: =SUM(BA12,BC12,BE12,BG12,BI12) -> 0 | BL12: =SUM(BB12,BD12,BF12,BH12,BJ12) -> 0 | BW12: =SUM(BM12,BO12,BQ12,BS12,BU12) -> 0 | BX12: =SUM(BN12,BP12,BR12,BT12,BV12) -> 0 | CI12: =SUM(BY12,CA12,CC12,CE12,CG12) -> 0 | CJ12: =SUM(BZ12,CB12,CD12,CF12,CH12) -> 0 | CU12: =SUM(CK12,CM12,CO12,CQ12,CS12) -> 0 | CV12: =SUM(CL12,CN12,CP12,CR12,CT12) -> 0 | DG12: =SUM(CW12,CY12,DA12,DC12,DE12) -> 0 | DH12: =SUM(CX12,CZ12,DB12,DD12,DF12) -> 0 | DS12: =SUM(DI12,DK12,DM12,DO12,DQ12) -> 0 | DT12: =SUM(DJ12,DL12,DN12,DP12,DR12) -> 0 | EE12: =SUM(DU12,DW12,DY12,EA12,EC12) -> 0 | EF12: =SUM(DV12,DX12,DZ12,EB12,ED12) -> 0 | EQ12: =SUM(EG12,EI12,EK12,EM12,EO12) -> 0 | ER12: =SUM(EH12,EJ12,EL12,EN12,EP12) -> 0 | FC12: =SUM(ES12,EU12,EW12,EY12,FA12) -> 0 | FD12: =SUM(ET12,EV12,EX12,EZ12,FB12) -> 0 | FO12: =SUM(FE12,FG12,FI12,FK12,FM12) -> 0 | FP12: =SUM(FF12,FH12,FJ12,FL12,FN12) -> 0 | GA12: =SUM(FQ12,FS12,FU12,FW12,FY12) -> 0 | GB12: =SUM(FR12,FT12,FV12,FX12,FZ12) -> 0
A13: Sub-contract to private firms | B13: 2301 | C13: =SUM(O13,AA13,AM13,AY13,BK13,BW13,CI13,CU13,DG13,DS13,EE13,EQ13,FC13,FO13,GA13) -> 9000 | D13: =SUM(P13,AB13,AN13,AZ13,BL13,BX13,CJ13,CV13,DH13,DT13,EF13,ER13,FD13,FP13,GB13) -> 27000 | G13: 2000 | H13: 6000 | I13: 2000 | J13: 6000 | O13: =SUM(E13,G13,I13,K13,M13) -> 4000 | P13: =SUM(F13,H13,J13,L13,N13) -> 12000 | S13: 3000 | T13: 9000 | U13: 2000 | V13: 6000 | AA13: =SUM(Q13,S13,U13,W13,Y13) -> 5000 | AB13: =SUM(R13,T13,V13,X13,Z13) -> 15000 | AM13: =SUM(AC13,AE13,AG13,AI13,AK13) -> 0 | AN13: =SUM(AD13,AF13,AH13,AJ13,AL13) -> 0 | AY13: =SUM(AO13,AQ13,AS13,AU13,AW13) -> 0 | AZ13: =SUM(AP13,AR13,AT13,AV13,AX13) -> 0 | BK13: =SUM(BA13,BC13,BE13,BG13,BI13) -> 0 | BL13: =SUM(BB13,BD13,BF13,BH13,BJ13) -> 0 | BW13: =SUM(BM13,BO13,BQ13,BS13,BU13) -> 0 | BX13: =SUM(BN13,BP13,BR13,BT13,BV13) -> 0 | CI13: =SUM(BY13,CA13,CC13,CE13,CG13) -> 0 | CJ13: =SUM(BZ13,CB13,CD13,CF13,CH13) -> 0 | CU13: =SUM(CK13,CM13,CO13,CQ13,CS13) -> 0 | CV13: =SUM(CL13,CN13,CP13,CR13,CT13) -> 0 | DG13: =SUM(CW13,CY13,DA13,DC13,DE13) -> 0 | DH13: =SUM(CX13,CZ13,DB13,DD13,DF13) -> 0 | DS13: =SUM(DI13,DK13,DM13,DO13,DQ13) -> 0 | DT13: =SUM(DJ13,DL13,DN13,DP13,DR13) -> 0 | EE13: =SUM(DU13,DW13,DY13,EA13,EC13) -> 0 | EF13: =SUM(DV13,DX13,DZ13,EB13,ED13) -> 0 | EQ13: =SUM(EG13,EI13,EK13,EM13,EO13) -> 0 | ER13: =SUM(EH13,EJ13,EL13,EN13,EP13) -> 0 | FC13: =SUM(ES13,EU13,EW13,EY13,FA13) -> 0 | FD13: =SUM(ET13,EV13,EX13,EZ13,FB13) -> 0 | FO13: =SUM(FE13,FG13,FI13,FK13,FM13) -> 0 | FP13: =SUM(FF13,FH13,FJ13,FL13,FN13) -> 0 | GA13: =SUM(FQ13,FS13,FU13,FW13,FY13) -> 0 | GB13: =SUM(FR13,FT13,FV13,FX13,FZ13) -> 0
A14: Training | B14: 3201 | C14: =SUM(O14,AA14,AM14,AY14,BK14,BW14,CI14,CU14,DG14,DS14,EE14,EQ14,FC14,FO14,GA14) -> 7000 | D14: =SUM(P14,AB14,AN14,AZ14,BL14,BX14,CJ14,CV14,DH14,DT14,EF14,ER14,FD14,FP14,GB14) -> 21000 | O14: =SUM(E14,G14,I14,K14,M14) -> 0 | P14: =SUM(F14,H14,J14,L14,N14) -> 0 | Q14: 500 | R14: 1500 | S14: 4000 | T14: 12000 | U14: 2000 | V14: 6000 | W14: 500 | X14: 1500 | AA14: =SUM(Q14,S14,U14,W14,Y14) -> 7000 | AB14: =SUM(R14,T14,V14,X14,Z14) -> 21000 | AM14: =SUM(AC14,AE14,AG14,AI14,AK14) -> 0 | AN14: =SUM(AD14,AF14,AH14,AJ14,AL14) -> 0 | AY14: =SUM(AO14,AQ14,AS14,AU14,AW14) -> 0 | AZ14: =SUM(AP14,AR14,AT14,AV14,AX14) -> 0 | BK14: =SUM(BA14,BC14,BE14,BG14,BI14) -> 0 | BL14: =SUM(BB14,BD14,BF14,BH14,BJ14) -> 0 | BW14: =SUM(BM14,BO14,BQ14,BS14,BU14) -> 0 | BX14: =SUM(BN14,BP14,BR14,BT14,BV14) -> 0 | CI14: =SUM(BY14,CA14,CC14,CE14,CG14) -> 0 | CJ14: =SUM(BZ14,CB14,CD14,CF14,CH14) -> 0 | CU14: =SUM(CK14,CM14,CO14,CQ14,CS14) -> 0 | CV14: =SUM(CL14,CN14,CP14,CR14,CT14) -> 0 | DG14: =SUM(CW14,CY14,DA14,DC14,DE14) -> 0 | DH14: =SUM(CX14,CZ14,DB14,DD14,DF14) -> 0 | DS14: =SUM(DI14,DK14,DM14,DO14,DQ14) -> 0 | DT14: =SUM(DJ14,DL14,DN14,DP14,DR14) -> 0 | EE14: =SUM(DU14,DW14,DY14,EA14,EC14) -> 0 | EF14: =SUM(DV14,DX14,DZ14,EB14,ED14) -> 0 | EQ14: =SUM(EG14,EI14,EK14,EM14,EO14) -> 0 | ER14: =SUM(EH14,EJ14,EL14,EN14,EP14) -> 0 | FC14: =SUM(ES14,EU14,EW14,EY14,FA14) -> 0 | FD14: =SUM(ET14,EV14,EX14,EZ14,FB14) -> 0 | FO14: =SUM(FE14,FG14,FI14,FK14,FM14) -> 0 | FP14: =SUM(FF14,FH14,FJ14,FL14,FN14) -> 0 | GA14: =SUM(FQ14,FS14,FU14,FW14,FY14) -> 0 | GB14: =SUM(FR14,FT14,FV14,FX14,FZ14) -> 0
A15: Meetings | B15: 3301 | C15: =SUM(O15,AA15,AM15,AY15,BK15,BW15,CI15,CU15,DG15,DS15,EE15,EQ15,FC15,FO15,GA15) -> 18000 | D15: =SUM(P15,AB15,AN15,AZ15,BL15,BX15,CJ15,CV15,DH15,DT15,EF15,ER15,FD15,FP15,GB15) -> 54000 | E15: 1000 | F15: 3000 | G15: 3000 | H15: 9000 | I15: 3000 | J15: 9000 | K15: 1000 | L15: 3000 | O15: =SUM(E15,G15,I15,K15,M15) -> 8000 | P15: =SUM(F15,H15,J15,L15,N15) -> 24000 | Q15: 1000 | R15: 3000 | S15: 4000 | T15: 12000 | U15: 4000 | V15: 12000 | W15: 1000 | X15: 3000 | AA15: =SUM(Q15,S15,U15,W15,Y15) -> 10000 | AB15: =SUM(R15,T15,V15,X15,Z15) -> 30000 | AM15: =SUM(AC15,AE15,AG15,AI15,AK15) -> 0 | AN15: =SUM(AD15,AF15,AH15,AJ15,AL15) -> 0 | AY15: =SUM(AO15,AQ15,AS15,AU15,AW15) -> 0 | AZ15: =SUM(AP15,AR15,AT15,AV15,AX15) -> 0 | BK15: =SUM(BA15,BC15,BE15,BG15,BI15) -> 0 | BL15: =SUM(BB15,BD15,BF15,BH15,BJ15) -> 0 | BW15: =SUM(BM15,BO15,BQ15,BS15,BU15) -> 0 | BX15: =SUM(BN15,BP15,BR15,BT15,BV15) -> 0 | CI15: =SUM(BY15,CA15,CC15,CE15,CG15) -> 0 | CJ15: =SUM(BZ15,CB15,CD15,CF15,CH15) -> 0 | CU15: =SUM(CK15,CM15,CO15,CQ15,CS15) -> 0 | CV15: =SUM(CL15,CN15,CP15,CR15,CT15) -> 0 | DG15: =SUM(CW15,CY15,DA15,DC15,DE15) -> 0 | DH15: =SUM(CX15,CZ15,DB15,DD15,DF15) -> 0 | DS15: =SUM(DI15,DK15,DM15,DO15,DQ15) -> 0 | DT15: =SUM(DJ15,DL15,DN15,DP15,DR15) -> 0 | EE15: =SUM(DU15,DW15,DY15,EA15,EC15) -> 0 | EF15: =SUM(DV15,DX15,DZ15,EB15,ED15) -> 0 | EQ15: =SUM(EG15,EI15,EK15,EM15,EO15) -> 0 | ER15: =SUM(EH15,EJ15,EL15,EN15,EP15) -> 0 | FC15: =SUM(ES15,EU15,EW15,EY15,FA15) -> 0 | FD15: =SUM(ET15,EV15,EX15,EZ15,FB15) -> 0 | FO15: =SUM(FE15,FG15,FI15,FK15,FM15) -> 0 | FP15: =SUM(FF15,FH15,FJ15,FL15,FN15) -> 0 | GA15: =SUM(FQ15,FS15,FU15,FW15,FY15) -> 0 | GB15: =SUM(FR15,FT15,FV15,FX15,FZ15) -> 0
A16: Office supplies and consummables | B16: 4101 | C16: =SUM(O16,AA16,AM16,AY16,BK16,BW16,CI16,CU16,DG16,DS16,EE16,EQ16,FC16,FO16,GA16) -> 0 | D16: =SUM(P16,AB16,AN16,AZ16,BL16,BX16,CJ16,CV16,DH16,DT16,EF16,ER16,FD16,FP16,GB16) -> 0 | O16: =SUM(E16,G16,I16,K16,M16) -> 0 | P16: =SUM(F16,H16,J16,L16,N16) -> 0 | AA16: =SUM(Q16,S16,U16,W16,Y16) -> 0 | AB16: =SUM(R16,T16,V16,X16,Z16) -> 0 | AM16: =SUM(AC16,AE16,AG16,AI16,AK16) -> 0 | AN16: =SUM(AD16,AF16,AH16,AJ16,AL16) -> 0 | AY16: =SUM(AO16,AQ16,AS16,AU16,AW16) -> 0 | AZ16: =SUM(AP16,AR16,AT16,AV16,AX16) -> 0 | BK16: =SUM(BA16,BC16,BE16,BG16,BI16) -> 0 | BL16: =SUM(BB16,BD16,BF16,BH16,BJ16) -> 0 | BW16: =SUM(BM16,BO16,BQ16,BS16,BU16) -> 0 | BX16: =SUM(BN16,BP16,BR16,BT16,BV16) -> 0 | CI16: =SUM(BY16,CA16,CC16,CE16,CG16) -> 0 | CJ16: =SUM(BZ16,CB16,CD16,CF16,CH16) -> 0 | CU16: =SUM(CK16,CM16,CO16,CQ16,CS16) -> 0 | CV16: =SUM(CL16,CN16,CP16,CR16,CT16) -> 0 | DG16: =SUM(CW16,CY16,DA16,DC16,DE16) -> 0 | DH16: =SUM(CX16,CZ16,DB16,DD16,DF16) -> 0 | DS16: =SUM(DI16,DK16,DM16,DO16,DQ16) -> 0 | DT16: =SUM(DJ16,DL16,DN16,DP16,DR16) -> 0 | EE16: =SUM(DU16,DW16,DY16,EA16,EC16) -> 0 | EF16: =SUM(DV16,DX16,DZ16,EB16,ED16) -> 0 | EQ16: =SUM(EG16,EI16,EK16,EM16,EO16) -> 0 | ER16: =SUM(EH16,EJ16,EL16,EN16,EP16) -> 0 | FC16: =SUM(ES16,EU16,EW16,EY16,FA16) -> 0 | FD16: =SUM(ET16,EV16,EX16,EZ16,FB16) -> 0 | FO16: =SUM(FE16,FG16,FI16,FK16,FM16) -> 0 | FP16: =SUM(FF16,FH16,FJ16,FL16,FN16) -> 0 | GA16: =SUM(FQ16,FS16,FU16,FW16,FY16) -> 0 | GB16: =SUM(FR16,FT16,FV16,FX16,FZ16) -> 0
A17: Laboratory supplies and consummables | B17: 4102 | C17: =SUM(O17,AA17,AM17,AY17,BK17,BW17,CI17,CU17,DG17,DS17,EE17,EQ17,FC17,FO17,GA17) -> 0 | D17: =SUM(P17,AB17,AN17,AZ17,BL17,BX17,CJ17,CV17,DH17,DT17,EF17,ER17,FD17,FP17,GB17) -> 0 | O17: =SUM(E17,G17,I17,K17,M17) -> 0 | P17: =SUM(F17,H17,J17,L17,N17) -> 0 | AA17: =SUM(Q17,S17,U17,W17,Y17) -> 0 | AB17: =SUM(R17,T17,V17,X17,Z17) -> 0 | AM17: =SUM(AC17,AE17,AG17,AI17,AK17) -> 0 | AN17: =SUM(AD17,AF17,AH17,AJ17,AL17) -> 0 | AY17: =SUM(AO17,AQ17,AS17,AU17,AW17) -> 0 | AZ17: =SUM(AP17,AR17,AT17,AV17,AX17) -> 0 | BK17: =SUM(BA17,BC17,BE17,BG17,BI17) -> 0 | BL17: =SUM(BB17,BD17,BF17,BH17,BJ17) -> 0 | BW17: =SUM(BM17,BO17,BQ17,BS17,BU17) -> 0 | BX17: =SUM(BN17,BP17,BR17,BT17,BV17) -> 0 | CI17: =SUM(BY17,CA17,CC17,CE17,CG17) -> 0 | CJ17: =SUM(BZ17,CB17,CD17,CF17,CH17) -> 0 | CU17: =SUM(CK17,CM17,CO17,CQ17,CS17) -> 0 | CV17: =SUM(CL17,CN17,CP17,CR17,CT17) -> 0 | DG17: =SUM(CW17,CY17,DA17,DC17,DE17) -> 0 | DH17: =SUM(CX17,CZ17,DB17,DD17,DF17) -> 0 | DS17: =SUM(DI17,DK17,DM17,DO17,DQ17) -> 0 | DT17: =SUM(DJ17,DL17,DN17,DP17,DR17) -> 0 | EE17: =SUM(DU17,DW17,DY17,EA17,EC17) -> 0 | EF17: =SUM(DV17,DX17,DZ17,EB17,ED17) -> 0 | EQ17: =SUM(EG17,EI17,EK17,EM17,EO17) -> 0 | ER17: =SUM(EH17,EJ17,EL17,EN17,EP17) -> 0 | FC17: =SUM(ES17,EU17,EW17,EY17,FA17) -> 0 | FD17: =SUM(ET17,EV17,EX17,EZ17,FB17) -> 0 | FO17: =SUM(FE17,FG17,FI17,FK17,FM17) -> 0 | FP17: =SUM(FF17,FH17,FJ17,FL17,FN17) -> 0 | GA17: =SUM(FQ17,FS17,FU17,FW17,FY17) -> 0 | GB17: =SUM(FR17,FT17,FV17,FX17,FZ17) -> 0
A18: Non Laboratory Purchase | B18: 4201 | C18: =SUM(O18,AA18,AM18,AY18,BK18,BW18,CI18,CU18,DG18,DS18,EE18,EQ18,FC18,FO18,GA18) -> 0 | D18: =SUM(P18,AB18,AN18,AZ18,BL18,BX18,CJ18,CV18,DH18,DT18,EF18,ER18,FD18,FP18,GB18) -> 0 | O18: =SUM(E18,G18,I18,K18,M18) -> 0 | P18: =SUM(F18,H18,J18,L18,N18) -> 0 | AA18: =SUM(Q18,S18,U18,W18,Y18) -> 0 | AB18: =SUM(R18,T18,V18,X18,Z18) -> 0 | AM18: =SUM(AC18,AE18,AG18,AI18,AK18) -> 0 | AN18: =SUM(AD18,AF18,AH18,AJ18,AL18) -> 0 | AY18: =SUM(AO18,AQ18,AS18,AU18,AW18) -> 0 | AZ18: =SUM(AP18,AR18,AT18,AV18,AX18) -> 0 | BK18: =SUM(BA18,BC18,BE18,BG18,BI18) -> 0 | BL18: =SUM(BB18,BD18,BF18,BH18,BJ18) -> 0 | BW18: =SUM(BM18,BO18,BQ18,BS18,BU18) -> 0 | BX18: =SUM(BN18,BP18,BR18,BT18,BV18) -> 0 | CI18: =SUM(BY18,CA18,CC18,CE18,CG18) -> 0 | CJ18: =SUM(BZ18,CB18,CD18,CF18,CH18) -> 0 | CU18: =SUM(CK18,CM18,CO18,CQ18,CS18) -> 0 | CV18: =SUM(CL18,CN18,CP18,CR18,CT18) -> 0 | DG18: =SUM(CW18,CY18,DA18,DC18,DE18) -> 0 | DH18: =SUM(CX18,CZ18,DB18,DD18,DF18) -> 0 | DS18: =SUM(DI18,DK18,DM18,DO18,DQ18) -> 0 | DT18: =SUM(DJ18,DL18,DN18,DP18,DR18) -> 0 | EE18: =SUM(DU18,DW18,DY18,EA18,EC18) -> 0 | EF18: =SUM(DV18,DX18,DZ18,EB18,ED18) -> 0 | EQ18: =SUM(EG18,EI18,EK18,EM18,EO18) -> 0 | ER18: =SUM(EH18,EJ18,EL18,EN18,EP18) -> 0 | FC18: =SUM(ES18,EU18,EW18,EY18,FA18) -> 0 | FD18: =SUM(ET18,EV18,EX18,EZ18,FB18) -> 0 | FO18: =SUM(FE18,FG18,FI18,FK18,FM18) -> 0 | FP18: =SUM(FF18,FH18,FJ18,FL18,FN18) -> 0 | GA18: =SUM(FQ18,FS18,FU18,FW18,FY18) -> 0 | GB18: =SUM(FR18,FT18,FV18,FX18,FZ18) -> 0
A19: Laboratory Equipment | B19: 4202 | C19: =SUM(O19,AA19,AM19,AY19,BK19,BW19,CI19,CU19,DG19,DS19,EE19,EQ19,FC19,FO19,GA19) -> 15000 | D19: =SUM(P19,AB19,AN19,AZ19,BL19,BX19,CJ19,CV19,DH19,DT19,EF19,ER19,FD19,FP19,GB19) -> 45000 | E19: 2500 | F19: 7500 | G19: 5000 | H19: 15000 | I19: 5000 | J19: 15000 | K19: 2500 | L19: 7500 | O19: =SUM(E19,G19,I19,K19,M19) -> 15000 | P19: =SUM(F19,H19,J19,L19,N19) -> 45000 | AA19: =SUM(Q19,S19,U19,W19,Y19) -> 0 | AB19: =SUM(R19,T19,V19,X19,Z19) -> 0 | AM19: =SUM(AC19,AE19,AG19,AI19,AK19) -> 0 | AN19: =SUM(AD19,AF19,AH19,AJ19,AL19) -> 0 | AY19: =SUM(AO19,AQ19,AS19,AU19,AW19) -> 0 | AZ19: =SUM(AP19,AR19,AT19,AV19,AX19) -> 0 | BK19: =SUM(BA19,BC19,BE19,BG19,BI19) -> 0 | BL19: =SUM(BB19,BD19,BF19,BH19,BJ19) -> 0 | BW19: =SUM(BM19,BO19,BQ19,BS19,BU19) -> 0 | BX19: =SUM(BN19,BP19,BR19,BT19,BV19) -> 0 | CI19: =SUM(BY19,CA19,CC19,CE19,CG19) -> 0 | CJ19: =SUM(BZ19,CB19,CD19,CF19,CH19) -> 0 | CU19: =SUM(CK19,CM19,CO19,CQ19,CS19) -> 0 | CV19: =SUM(CL19,CN19,CP19,CR19,CT19) -> 0 | DG19: =SUM(CW19,CY19,DA19,DC19,DE19) -> 0 | DH19: =SUM(CX19,CZ19,DB19,DD19,DF19) -> 0 | DS19: =SUM(DI19,DK19,DM19,DO19,DQ19) -> 0 | DT19: =SUM(DJ19,DL19,DN19,DP19,DR19) -> 0 | EE19: =SUM(DU19,DW19,DY19,EA19,EC19) -> 0 | EF19: =SUM(DV19,DX19,DZ19,EB19,ED19) -> 0 | EQ19: =SUM(EG19,EI19,EK19,EM19,EO19) -> 0 | ER19: =SUM(EH19,EJ19,EL19,EN19,EP19) -> 0 | FC19: =SUM(ES19,EU19,EW19,EY19,FA19) -> 0 | FD19: =SUM(ET19,EV19,EX19,EZ19,FB19) -> 0 | FO19: =SUM(FE19,FG19,FI19,FK19,FM19) -> 0 | FP19: =SUM(FF19,FH19,FJ19,FL19,FN19) -> 0 | GA19: =SUM(FQ19,FS19,FU19,FW19,FY19) -> 0 | GB19: =SUM(FR19,FT19,FV19,FX19,FZ19) -> 0
A20: Office Premises | B20: 4301 | C20: =SUM(O20,AA20,AM20,AY20,BK20,BW20,CI20,CU20,DG20,DS20,EE20,EQ20,FC20,FO20,GA20) -> 0 | D20: =SUM(P20,AB20,AN20,AZ20,BL20,BX20,CJ20,CV20,DH20,DT20,EF20,ER20,FD20,FP20,GB20) -> 0 | O20: =SUM(E20,G20,I20,K20,M20) -> 0 | P20: =SUM(F20,H20,J20,L20,N20) -> 0 | AA20: =SUM(Q20,S20,U20,W20,Y20) -> 0 | AB20: =SUM(R20,T20,V20,X20,Z20) -> 0 | AM20: =SUM(AC20,AE20,AG20,AI20,AK20) -> 0 | AN20: =SUM(AD20,AF20,AH20,AJ20,AL20) -> 0 | AY20: =SUM(AO20,AQ20,AS20,AU20,AW20) -> 0 | AZ20: =SUM(AP20,AR20,AT20,AV20,AX20) -> 0 | BK20: =SUM(BA20,BC20,BE20,BG20,BI20) -> 0 | BL20: =SUM(BB20,BD20,BF20,BH20,BJ20) -> 0 | BW20: =SUM(BM20,BO20,BQ20,BS20,BU20) -> 0 | BX20: =SUM(BN20,BP20,BR20,BT20,BV20) -> 0 | CI20: =SUM(BY20,CA20,CC20,CE20,CG20) -> 0 | CJ20: =SUM(BZ20,CB20,CD20,CF20,CH20) -> 0 | CU20: =SUM(CK20,CM20,CO20,CQ20,CS20) -> 0 | CV20: =SUM(CL20,CN20,CP20,CR20,CT20) -> 0 | DG20: =SUM(CW20,CY20,DA20,DC20,DE20) -> 0 | DH20: =SUM(CX20,CZ20,DB20,DD20,DF20) -> 0 | DS20: =SUM(DI20,DK20,DM20,DO20,DQ20) -> 0 | DT20: =SUM(DJ20,DL20,DN20,DP20,DR20) -> 0 | EE20: =SUM(DU20,DW20,DY20,EA20,EC20) -> 0 | EF20: =SUM(DV20,DX20,DZ20,EB20,ED20) -> 0 | EQ20: =SUM(EG20,EI20,EK20,EM20,EO20) -> 0 | ER20: =SUM(EH20,EJ20,EL20,EN20,EP20) -> 0 | FC20: =SUM(ES20,EU20,EW20,EY20,FA20) -> 0 | FD20: =SUM(ET20,EV20,EX20,EZ20,FB20) -> 0 | FO20: =SUM(FE20,FG20,FI20,FK20,FM20) -> 0 | FP20: =SUM(FF20,FH20,FJ20,FL20,FN20) -> 0 | GA20: =SUM(FQ20,FS20,FU20,FW20,FY20) -> 0 | GB20: =SUM(FR20,FT20,FV20,FX20,FZ20) -> 0
A21: Research Facilities | B21: 4302 | C21: =SUM(O21,AA21,AM21,AY21,BK21,BW21,CI21,CU21,DG21,DS21,EE21,EQ21,FC21,FO21,GA21) -> 0 | D21: =SUM(P21,AB21,AN21,AZ21,BL21,BX21,CJ21,CV21,DH21,DT21,EF21,ER21,FD21,FP21,GB21) -> 0 | O21: =SUM(E21,G21,I21,K21,M21) -> 0 | P21: =SUM(F21,H21,J21,L21,N21) -> 0 | AA21: =SUM(Q21,S21,U21,W21,Y21) -> 0 | AB21: =SUM(R21,T21,V21,X21,Z21) -> 0 | AM21: =SUM(AC21,AE21,AG21,AI21,AK21) -> 0 | AN21: =SUM(AD21,AF21,AH21,AJ21,AL21) -> 0 | AY21: =SUM(AO21,AQ21,AS21,AU21,AW21) -> 0 | AZ21: =SUM(AP21,AR21,AT21,AV21,AX21) -> 0 | BK21: =SUM(BA21,BC21,BE21,BG21,BI21) -> 0 | BL21: =SUM(BB21,BD21,BF21,BH21,BJ21) -> 0 | BW21: =SUM(BM21,BO21,BQ21,BS21,BU21) -> 0 | BX21: =SUM(BN21,BP21,BR21,BT21,BV21) -> 0 | CI21: =SUM(BY21,CA21,CC21,CE21,CG21) -> 0 | CJ21: =SUM(BZ21,CB21,CD21,CF21,CH21) -> 0 | CU21: =SUM(CK21,CM21,CO21,CQ21,CS21) -> 0 | CV21: =SUM(CL21,CN21,CP21,CR21,CT21) -> 0 | DG21: =SUM(CW21,CY21,DA21,DC21,DE21) -> 0 | DH21: =SUM(CX21,CZ21,DB21,DD21,DF21) -> 0 | DS21: =SUM(DI21,DK21,DM21,DO21,DQ21) -> 0 | DT21: =SUM(DJ21,DL21,DN21,DP21,DR21) -> 0 | EE21: =SUM(DU21,DW21,DY21,EA21,EC21) -> 0 | EF21: =SUM(DV21,DX21,DZ21,EB21,ED21) -> 0 | EQ21: =SUM(EG21,EI21,EK21,EM21,EO21) -> 0 | ER21: =SUM(EH21,EJ21,EL21,EN21,EP21) -> 0 | FC21: =SUM(ES21,EU21,EW21,EY21,FA21) -> 0 | FD21: =SUM(ET21,EV21,EX21,EZ21,FB21) -> 0 | FO21: =SUM(FE21,FG21,FI21,FK21,FM21) -> 0 | FP21: =SUM(FF21,FH21,FJ21,FL21,FN21) -> 0 | GA21: =SUM(FQ21,FS21,FU21,FW21,FY21) -> 0 | GB21: =SUM(FR21,FT21,FV21,FX21,FZ21) -> 0
A22: Equipment Maintenance | B22: 5101 | C22: =SUM(O22,AA22,AM22,AY22,BK22,BW22,CI22,CU22,DG22,DS22,EE22,EQ22,FC22,FO22,GA22) -> 0 | D22: =SUM(P22,AB22,AN22,AZ22,BL22,BX22,CJ22,CV22,DH22,DT22,EF22,ER22,FD22,FP22,GB22) -> 0 | O22: =SUM(E22,G22,I22,K22,M22) -> 0 | P22: =SUM(F22,H22,J22,L22,N22) -> 0 | AA22: =SUM(Q22,S22,U22,W22,Y22) -> 0 | AB22: =SUM(R22,T22,V22,X22,Z22) -> 0 | AM22: =SUM(AC22,AE22,AG22,AI22,AK22) -> 0 | AN22: =SUM(AD22,AF22,AH22,AJ22,AL22) -> 0 | AY22: =SUM(AO22,AQ22,AS22,AU22,AW22) -> 0 | AZ22: =SUM(AP22,AR22,AT22,AV22,AX22) -> 0 | BK22: =SUM(BA22,BC22,BE22,BG22,BI22) -> 0 | BL22: =SUM(BB22,BD22,BF22,BH22,BJ22) -> 0 | BW22: =SUM(BM22,BO22,BQ22,BS22,BU22) -> 0 | BX22: =SUM(BN22,BP22,BR22,BT22,BV22) -> 0 | CI22: =SUM(BY22,CA22,CC22,CE22,CG22) -> 0 | CJ22: =SUM(BZ22,CB22,CD22,CF22,CH22) -> 0 | CU22: =SUM(CK22,CM22,CO22,CQ22,CS22) -> 0 | CV22: =SUM(CL22,CN22,CP22,CR22,CT22) -> 0 | DG22: =SUM(CW22,CY22,DA22,DC22,DE22) -> 0 | DH22: =SUM(CX22,CZ22,DB22,DD22,DF22) -> 0 | DS22: =SUM(DI22,DK22,DM22,DO22,DQ22) -> 0 | DT22: =SUM(DJ22,DL22,DN22,DP22,DR22) -> 0 | EE22: =SUM(DU22,DW22,DY22,EA22,EC22) -> 0 | EF22: =SUM(DV22,DX22,DZ22,EB22,ED22) -> 0 | EQ22: =SUM(EG22,EI22,EK22,EM22,EO22) -> 0 | ER22: =SUM(EH22,EJ22,EL22,EN22,EP22) -> 0 | FC22: =SUM(ES22,EU22,EW22,EY22,FA22) -> 0 | FD22: =SUM(ET22,EV22,EX22,EZ22,FB22) -> 0 | FO22: =SUM(FE22,FG22,FI22,FK22,FM22) -> 0 | FP22: =SUM(FF22,FH22,FJ22,FL22,FN22) -> 0 | GA22: =SUM(FQ22,FS22,FU22,FW22,FY22) -> 0 | GB22: =SUM(FR22,FT22,FV22,FX22,FZ22) -> 0
A23: Publications, Translations, Dissemination and reporting costs | B23: 5201 | C23: =SUM(O23,AA23,AM23,AY23,BK23,BW23,CI23,CU23,DG23,DS23,EE23,EQ23,FC23,FO23,GA23) -> 36500 | D23: =SUM(P23,AB23,AN23,AZ23,BL23,BX23,CJ23,CV23,DH23,DT23,EF23,ER23,FD23,FP23,GB23) -> 109500 | E23: 1000 | F23: 3000 | G23: 7500 | H23: 22500 | I23: 7000 | J23: 21000 | K23: 1000 | L23: 3000 | O23: =SUM(E23,G23,I23,K23,M23) -> 16500 | P23: =SUM(F23,H23,J23,L23,N23) -> 49500 | Q23: 3000 | R23: 9000 | S23: 7000 | T23: 21000 | U23: 7000 | V23: 21000 | W23: 3000 | X23: 9000 | AA23: =SUM(Q23,S23,U23,W23,Y23) -> 20000 | AB23: =SUM(R23,T23,V23,X23,Z23) -> 60000 | AM23: =SUM(AC23,AE23,AG23,AI23,AK23) -> 0 | AN23: =SUM(AD23,AF23,AH23,AJ23,AL23) -> 0 | AY23: =SUM(AO23,AQ23,AS23,AU23,AW23) -> 0 | AZ23: =SUM(AP23,AR23,AT23,AV23,AX23) -> 0 | BK23: =SUM(BA23,BC23,BE23,BG23,BI23) -> 0 | BL23: =SUM(BB23,BD23,BF23,BH23,BJ23) -> 0 | BW23: =SUM(BM23,BO23,BQ23,BS23,BU23) -> 0 | BX23: =SUM(BN23,BP23,BR23,BT23,BV23) -> 0 | CI23: =SUM(BY23,CA23,CC23,CE23,CG23) -> 0 | CJ23: =SUM(BZ23,CB23,CD23,CF23,CH23) -> 0 | CU23: =SUM(CK23,CM23,CO23,CQ23,CS23) -> 0 | CV23: =SUM(CL23,CN23,CP23,CR23,CT23) -> 0 | DG23: =SUM(CW23,CY23,DA23,DC23,DE23) -> 0 | DH23: =SUM(CX23,CZ23,DB23,DD23,DF23) -> 0 | DS23: =SUM(DI23,DK23,DM23,DO23,DQ23) -> 0 | DT23: =SUM(DJ23,DL23,DN23,DP23,DR23) -> 0 | EE23: =SUM(DU23,DW23,DY23,EA23,EC23) -> 0 | EF23: =SUM(DV23,DX23,DZ23,EB23,ED23) -> 0 | EQ23: =SUM(EG23,EI23,EK23,EM23,EO23) -> 0 | ER23: =SUM(EH23,EJ23,EL23,EN23,EP23) -> 0 | FC23: =SUM(ES23,EU23,EW23,EY23,FA23) -> 0 | FD23: =SUM(ET23,EV23,EX23,EZ23,FB23) -> 0 | FO23: =SUM(FE23,FG23,FI23,FK23,FM23) -> 0 | FP23: =SUM(FF23,FH23,FJ23,FL23,FN23) -> 0 | GA23: =SUM(FQ23,FS23,FU23,FW23,FY23) -> 0 | GB23: =SUM(FR23,FT23,FV23,FX23,FZ23) -> 0
A24: Audit Reports | B24: 5202 | C24: =SUM(O24,AA24,AM24,AY24,BK24,BW24,CI24,CU24,DG24,DS24,EE24,EQ24,FC24,FO24,GA24) -> 0 | D24: =SUM(P24,AB24,AN24,AZ24,BL24,BX24,CJ24,CV24,DH24,DT24,EF24,ER24,FD24,FP24,GB24) -> 3000 | O24: =SUM(E24,G24,I24,K24,M24) -> 0 | P24: =SUM(F24,H24,J24,L24,N24) -> 0 | V24: 3000 | AA24: =SUM(Q24,S24,U24,W24,Y24) -> 0 | AB24: =SUM(R24,T24,V24,X24,Z24) -> 3000 | AM24: =SUM(AC24,AE24,AG24,AI24,AK24) -> 0 | AN24: =SUM(AD24,AF24,AH24,AJ24,AL24) -> 0 | AY24: =SUM(AO24,AQ24,AS24,AU24,AW24) -> 0 | AZ24: =SUM(AP24,AR24,AT24,AV24,AX24) -> 0 | BK24: =SUM(BA24,BC24,BE24,BG24,BI24) -> 0 | BL24: =SUM(BB24,BD24,BF24,BH24,BJ24) -> 0 | BW24: =SUM(BM24,BO24,BQ24,BS24,BU24) -> 0 | BX24: =SUM(BN24,BP24,BR24,BT24,BV24) -> 0 | CI24: =SUM(BY24,CA24,CC24,CE24,CG24) -> 0 | CJ24: =SUM(BZ24,CB24,CD24,CF24,CH24) -> 0 | CU24: =SUM(CK24,CM24,CO24,CQ24,CS24) -> 0 | CV24: =SUM(CL24,CN24,CP24,CR24,CT24) -> 0 | DG24: =SUM(CW24,CY24,DA24,DC24,DE24) -> 0 | DH24: =SUM(CX24,CZ24,DB24,DD24,DF24) -> 0 | DS24: =SUM(DI24,DK24,DM24,DO24,DQ24) -> 0 | DT24: =SUM(DJ24,DL24,DN24,DP24,DR24) -> 0 | EE24: =SUM(DU24,DW24,DY24,EA24,EC24) -> 0 | EF24: =SUM(DV24,DX24,DZ24,EB24,ED24) -> 0 | EQ24: =SUM(EG24,EI24,EK24,EM24,EO24) -> 0 | ER24: =SUM(EH24,EJ24,EL24,EN24,EP24) -> 0 | FC24: =SUM(ES24,EU24,EW24,EY24,FA24) -> 0 | FD24: =SUM(ET24,EV24,EX24,EZ24,FB24) -> 0 | FO24: =SUM(FE24,FG24,FI24,FK24,FM24) -> 0 | FP24: =SUM(FF24,FH24,FJ24,FL24,FN24) -> 0 | GA24: =SUM(FQ24,FS24,FU24,FW24,FY24) -> 0 | GB24: =SUM(FR24,FT24,FV24,FX24,FZ24) -> 0
A25: Communications (tel, fax, e-mail, etc..) | B25: 5301 | C25: =SUM(O25,AA25,AM25,AY25,BK25,BW25,CI25,CU25,DG25,DS25,EE25,EQ25,FC25,FO25,GA25) -> 6000 | D25: =SUM(P25,AB25,AN25,AZ25,BL25,BX25,CJ25,CV25,DH25,DT25,EF25,ER25,FD25,FP25,GB25) -> 22500 | E25: 500 | F25: 1500 | G25: 1000 | H25: 3000 | I25: 1000 | J25: 3000 | K25: 500 | L25: 1500 | O25: =SUM(E25,G25,I25,K25,M25) -> 3000 | P25: =SUM(F25,H25,J25,L25,N25) -> 9000 | Q25: 500 | R25: 1500 | S25: 1000 | T25: 3000 | U25: 1000 | V25: 7500 | W25: 500 | X25: 1500 | AA25: =SUM(Q25,S25,U25,W25,Y25) -> 3000 | AB25: =SUM(R25,T25,V25,X25,Z25) -> 13500 | AM25: =SUM(AC25,AE25,AG25,AI25,AK25) -> 0 | AN25: =SUM(AD25,AF25,AH25,AJ25,AL25) -> 0 | AY25: =SUM(AO25,AQ25,AS25,AU25,AW25) -> 0 | AZ25: =SUM(AP25,AR25,AT25,AV25,AX25) -> 0 | BK25: =SUM(BA25,BC25,BE25,BG25,BI25) -> 0 | BL25: =SUM(BB25,BD25,BF25,BH25,BJ25) -> 0 | BW25: =SUM(BM25,BO25,BQ25,BS25,BU25) -> 0 | BX25: =SUM(BN25,BP25,BR25,BT25,BV25) -> 0 | CI25: =SUM(BY25,CA25,CC25,CE25,CG25) -> 0 | CJ25: =SUM(BZ25,CB25,CD25,CF25,CH25) -> 0 | CU25: =SUM(CK25,CM25,CO25,CQ25,CS25) -> 0 | CV25: =SUM(CL25,CN25,CP25,CR25,CT25) -> 0 | DG25: =SUM(CW25,CY25,DA25,DC25,DE25) -> 0 | DH25: =SUM(CX25,CZ25,DB25,DD25,DF25) -> 0 | DS25: =SUM(DI25,DK25,DM25,DO25,DQ25) -> 0 | DT25: =SUM(DJ25,DL25,DN25,DP25,DR25) -> 0 | EE25: =SUM(DU25,DW25,DY25,EA25,EC25) -> 0 | EF25: =SUM(DV25,DX25,DZ25,EB25,ED25) -> 0 | EQ25: =SUM(EG25,EI25,EK25,EM25,EO25) -> 0 | ER25: =SUM(EH25,EJ25,EL25,EN25,EP25) -> 0 | FC25: =SUM(ES25,EU25,EW25,EY25,FA25) -> 0 | FD25: =SUM(ET25,EV25,EX25,EZ25,FB25) -> 0 | FO25: =SUM(FE25,FG25,FI25,FK25,FM25) -> 0 | FP25: =SUM(FF25,FH25,FJ25,FL25,FN25) -> 0 | GA25: =SUM(FQ25,FS25,FU25,FW25,FY25) -> 0 | GB25: =SUM(FR25,FT25,FV25,FX25,FZ25) -> 0
A26: Others | B26: 5302 | C26: =SUM(O26,AA26,AM26,AY26,BK26,BW26,CI26,CU26,DG26,DS26,EE26,EQ26,FC26,FO26,GA26) -> 0 | D26: =SUM(P26,AB26,AN26,AZ26,BL26,BX26,CJ26,CV26,DH26,DT26,EF26,ER26,FD26,FP26,GB26) -> 22500 | H26: 7500 | J26: 7500 | O26: =SUM(E26,G26,I26,K26,M26) -> 0 | P26: =SUM(F26,H26,J26,L26,N26) -> 15000 | T26: 7500 | AA26: =SUM(Q26,S26,U26,W26,Y26) -> 0 | AB26: =SUM(R26,T26,V26,X26,Z26) -> 7500 | AM26: =SUM(AC26,AE26,AG26,AI26,AK26) -> 0 | AN26: =SUM(AD26,AF26,AH26,AJ26,AL26) -> 0 | AY26: =SUM(AO26,AQ26,AS26,AU26,AW26) -> 0 | AZ26: =SUM(AP26,AR26,AT26,AV26,AX26) -> 0 | BK26: =SUM(BA26,BC26,BE26,BG26,BI26) -> 0 | BL26: =SUM(BB26,BD26,BF26,BH26,BJ26) -> 0 | BW26: =SUM(BM26,BO26,BQ26,BS26,BU26) -> 0 | BX26: =SUM(BN26,BP26,BR26,BT26,BV26) -> 0 | CI26: =SUM(BY26,CA26,CC26,CE26,CG26) -> 0 | CJ26: =SUM(BZ26,CB26,CD26,CF26,CH26) -> 0 | CU26: =SUM(CK26,CM26,CO26,CQ26,CS26) -> 0 | CV26: =SUM(CL26,CN26,CP26,CR26,CT26) -> 0 | DG26: =SUM(CW26,CY26,DA26,DC26,DE26) -> 0 | DH26: =SUM(CX26,CZ26,DB26,DD26,DF26) -> 0 | DS26: =SUM(DI26,DK26,DM26,DO26,DQ26) -> 0 | DT26: =SUM(DJ26,DL26,DN26,DP26,DR26) -> 0 | EE26: =SUM(DU26,DW26,DY26,EA26,EC26) -> 0 | EF26: =SUM(DV26,DX26,DZ26,EB26,ED26) -> 0 | EQ26: =SUM(EG26,EI26,EK26,EM26,EO26) -> 0 | ER26: =SUM(EH26,EJ26,EL26,EN26,EP26) -> 0 | FC26: =SUM(ES26,EU26,EW26,EY26,FA26) -> 0 | FD26: =SUM(ET26,EV26,EX26,EZ26,FB26) -> 0 | FO26: =SUM(FE26,FG26,FI26,FK26,FM26) -> 0 | FP26: =SUM(FF26,FH26,FJ26,FL26,FN26) -> 0 | GA26: =SUM(FQ26,FS26,FU26,FW26,FY26) -> 0 | GB26: =SUM(FR26,FT26,FV26,FX26,FZ26) -> 0
A27: Tech.Supp./Evaluation | B27: 5303 | C27: =SUM(O27,AA27,AM27,AY27,BK27,BW27,CI27,CU27,DG27,DS27,EE27,EQ27,FC27,FO27,GA27) -> 0 | D27: =SUM(P27,AB27,AN27,AZ27,BL27,BX27,CJ27,CV27,DH27,DT27,EF27,ER27,FD27,FP27,GB27) -> 0 | O27: =SUM(E27,G27,I27,K27,M27) -> 0 | P27: =SUM(F27,H27,J27,L27,N27) -> 0 | AA27: =SUM(Q27,S27,U27,W27,Y27) -> 0 | AB27: =SUM(R27,T27,V27,X27,Z27) -> 0 | AM27: =SUM(AC27,AE27,AG27,AI27,AK27) -> 0 | AN27: =SUM(AD27,AF27,AH27,AJ27,AL27) -> 0 | AY27: =SUM(AO27,AQ27,AS27,AU27,AW27) -> 0 | AZ27: =SUM(AP27,AR27,AT27,AV27,AX27) -> 0 | BK27: =SUM(BA27,BC27,BE27,BG27,BI27) -> 0 | BL27: =SUM(BB27,BD27,BF27,BH27,BJ27) -> 0 | BW27: =SUM(BM27,BO27,BQ27,BS27,BU27) -> 0 | BX27: =SUM(BN27,BP27,BR27,BT27,BV27) -> 0 | CI27: =SUM(BY27,CA27,CC27,CE27,CG27) -> 0 | CJ27: =SUM(BZ27,CB27,CD27,CF27,CH27) -> 0 | CU27: =SUM(CK27,CM27,CO27,CQ27,CS27) -> 0 | CV27: =SUM(CL27,CN27,CP27,CR27,CT27) -> 0 | DG27: =SUM(CW27,CY27,DA27,DC27,DE27) -> 0 | DH27: =SUM(CX27,CZ27,DB27,DD27,DF27) -> 0 | DS27: =SUM(DI27,DK27,DM27,DO27,DQ27) -> 0 | DT27: =SUM(DJ27,DL27,DN27,DP27,DR27) -> 0 | EE27: =SUM(DU27,DW27,DY27,EA27,EC27) -> 0 | EF27: =SUM(DV27,DX27,DZ27,EB27,ED27) -> 0 | EQ27: =SUM(EG27,EI27,EK27,EM27,EO27) -> 0 | ER27: =SUM(EH27,EJ27,EL27,EN27,EP27) -> 0 | FC27: =SUM(ES27,EU27,EW27,EY27,FA27) -> 0 | FD27: =SUM(ET27,EV27,EX27,EZ27,FB27) -> 0 | FO27: =SUM(FE27,FG27,FI27,FK27,FM27) -> 0 | FP27: =SUM(FF27,FH27,FJ27,FL27,FN27) -> 0 | GA27: =SUM(FQ27,FS27,FU27,FW27,FY27) -> 0 | GB27: =SUM(FR27,FT27,FV27,FX27,FZ27) -> 0
A28: UN Agencies Support Charge | B28: 5375 | C28: =SUM(O28,AA28,AM28,AY28,BK28,BW28,CI28,CU28,DG28,DS28,EE28,EQ28,FC28,FO28,GA28) -> 0 | D28: =SUM(P28,AB28,AN28,AZ28,BL28,BX28,CJ28,CV28,DH28,DT28,EF28,ER28,FD28,FP28,GB28) -> 0 | O28: =SUM(E28,G28,I28,K28,M28) -> 0 | P28: =SUM(F28,H28,J28,L28,N28) -> 0 | AA28: =SUM(Q28,S28,U28,W28,Y28) -> 0 | AB28: =SUM(R28,T28,V28,X28,Z28) -> 0 | AM28: =SUM(AC28,AE28,AG28,AI28,AK28) -> 0 | AN28: =SUM(AD28,AF28,AH28,AJ28,AL28) -> 0 | AY28: =SUM(AO28,AQ28,AS28,AU28,AW28) -> 0 | AZ28: =SUM(AP28,AR28,AT28,AV28,AX28) -> 0 | BK28: =SUM(BA28,BC28,BE28,BG28,BI28) -> 0 | BL28: =SUM(BB28,BD28,BF28,BH28,BJ28) -> 0 | BW28: =SUM(BM28,BO28,BQ28,BS28,BU28) -> 0 | BX28: =SUM(BN28,BP28,BR28,BT28,BV28) -> 0 | CI28: =SUM(BY28,CA28,CC28,CE28,CG28) -> 0 | CJ28: =SUM(BZ28,CB28,CD28,CF28,CH28) -> 0 | CU28: =SUM(CK28,CM28,CO28,CQ28,CS28) -> 0 | CV28: =SUM(CL28,CN28,CP28,CR28,CT28) -> 0 | DG28: =SUM(CW28,CY28,DA28,DC28,DE28) -> 0 | DH28: =SUM(CX28,CZ28,DB28,DD28,DF28) -> 0 | DS28: =SUM(DI28,DK28,DM28,DO28,DQ28) -> 0 | DT28: =SUM(DJ28,DL28,DN28,DP28,DR28) -> 0 | EE28: =SUM(DU28,DW28,DY28,EA28,EC28) -> 0 | EF28: =SUM(DV28,DX28,DZ28,EB28,ED28) -> 0 | EQ28: =SUM(EG28,EI28,EK28,EM28,EO28) -> 0 | ER28: =SUM(EH28,EJ28,EL28,EN28,EP28) -> 0 | FC28: =SUM(ES28,EU28,EW28,EY28,FA28) -> 0 | FD28: =SUM(ET28,EV28,EX28,EZ28,FB28) -> 0 | FO28: =SUM(FE28,FG28,FI28,FK28,FM28) -> 0 | FP28: =SUM(FF28,FH28,FJ28,FL28,FN28) -> 0 | GA28: =SUM(FQ28,FS28,FU28,FW28,FY28) -> 0 | GB28: =SUM(FR28,FT28,FV28,FX28,FZ28) -> 0
A29: TOTAL | B29: 9999 | C29: =SUM(O29,AA29,AM29,AY29,BK29,BW29,CI29,CU29,DG29,DS29,EE29,EQ29,FC29,FO29,GA29) -> 140000 | D29: =SUM(P29,AB29,AN29,AZ29,BL29,BX29,CJ29,CV29,DH29,DT29,EF29,ER29,FD29,FP29,GB29) -> 450000 | E29: =SUM(E6:E28) -> 6500 | F29: =SUM(F6:F28) -> 19500 | G29: =SUM(G6:G28) -> 30500 | H29: =SUM(H6:H28) -> 99000 | I29: =SUM(I6:I28) -> 26500 | J29: =SUM(J6:J28) -> 87000 | K29: =SUM(K6:K28) -> 6500 | L29: =SUM(L6:L28) -> 19500 | ... N29: =SUM(N6:N28) -> 0 | O29: =IF(SUM(O6:O28)=SUM(E29,G29,I29,K29,M29),SUM(O6:O28),"[ERROR]") -> 70000 | P29: =SUM(P6:P28) -> 225000 | Q29: =SUM(Q6:Q28) -> 7000 | R29: =SUM(R6:R28) -> 21000 | S29: =SUM(S6:S28) -> 32500 | T29: =SUM(T6:T28) -> 105000 | U29: =SUM(U6:U28) -> 22000 | V29: =SUM(V6:V28) -> 73500 | W29: =SUM(W6:W28) -> 8500 | ... Z29: =SUM(Z6:Z28) -> 0 | AA29: =IF(SUM(AA6:AA28)=SUM(Q29,S29,U29,W29,Y29),SUM(AA6:AA28),"[ERROR]") -> 70000 | AB29: =SUM(AB6:AB28) -> 225000 | AC29: =SUM(AC6:AC28) -> 0 | AD29: =SUM(AD6:AD28) -> 0 | AE29: =SUM(AE6:AE28) -> 0 | AF29: =SUM(AF6:AF28) -> 0 | AG29: =SUM(AG6:AG28) -> 0 | AH29: =SUM(AH6:AH28) -> 0 | AI29: =SUM(AI6:AI28) -> 0 | ... AL29: =SUM(AL6:AL28) -> 0 | AM29: =IF(SUM(AM6:AM28)=SUM(AC29,AE29,AG29,AI29,AK29),SUM(AM6:AM28),"[ERROR]") -> 0 | AN29: =SUM(AN6:AN28) -> 0 | AO29: =SUM(AO6:AO28) -> 0 | AP29: =SUM(AP6:AP28) -> 0 | AQ29: =SUM(AQ6:AQ28) -> 0 | AR29: =SUM(AR6:AR28) -> 0 | AS29: =SUM(AS6:AS28) -> 0 | AT29: =SUM(AT6:AT28) -> 0 | AU29: =SUM(AU6:AU28) -> 0 | ... AX29: =SUM(AX6:AX28) -> 0 | AY29: =IF(SUM(AY6:AY28)=SUM(AO29,AQ29,AS29,AU29,AW29),SUM(AY6:AY28),"[ERROR]") -> 0 | AZ29: =SUM(AZ6:AZ28) -> 0 | BA29: =SUM(BA6:BA28) -> 0 | BB29: =SUM(BB6:BB28) -> 0 | BC29: =SUM(BC6:BC28) -> 0 | BD29: =SUM(BD6:BD28) -> 0 | BE29: =SUM(BE6:BE28) -> 0 | BF29: =SUM(BF6:BF28) -> 0 | BG29: =SUM(BG6:BG28) -> 0 | ... BJ29: =SUM(BJ6:BJ28) -> 0 | BK29: =IF(SUM(BK6:BK28)=SUM(BA29,BC29,BE29,BG29,BI29),SUM(BK6:BK28),"[ERROR]") -> 0 | BL29: =SUM(BL6:BL28) -> 0 | BM29: =SUM(BM6:BM28) -> 0 | BN29: =SUM(BN6:BN28) -> 0 | BO29: =SUM(BO6:BO28) -> 0 | BP29: =SUM(BP6:BP28) -> 0 | BQ29: =SUM(BQ6:BQ28) -> 0 | BR29: =SUM(BR6:BR28) -> 0 | BS29: =SUM(BS6:BS28) -> 0 | ... BV29: =SUM(BV6:BV28) -> 0 | BW29: =IF(SUM(BW6:BW28)=SUM(BM29,BO29,BQ29,BS29,BU29),SUM(BW6:BW28),"[ERROR]") -> 0 | BX29: =SUM(BX6:BX28) -> 0 | BY29: =SUM(BY6:BY28) -> 0 | BZ29: =SUM(BZ6:BZ28) -> 0 | CA29: =SUM(CA6:CA28) -> 0 | CB29: =SUM(CB6:CB28) -> 0 | CC29: =SUM(CC6:CC28) -> 0 | CD29: =SUM(CD6:CD28) -> 0 | CE29: =SUM(CE6:CE28) -> 0 | ... CH29: =SUM(CH6:CH28) -> 0 | CI29: =IF(SUM(CI6:CI28)=SUM(BY29,CA29,CC29,CE29,CG29),SUM(CI6:CI28),"[ERROR]") -> 0 | CJ29: =SUM(CJ6:CJ28) -> 0 | CK29: =SUM(CK6:CK28) -> 0 | CL29: =SUM(CL6:CL28) -> 0 | CM29: =SUM(CM6:CM28) -> 0 | CN29: =SUM(CN6:CN28) -> 0 | CO29: =SUM(CO6:CO28) -> 0 | CP29: =SUM(CP6:CP28) -> 0 | CQ29: =SUM(CQ6:CQ28) -> 0 | ... CT29: =SUM(CT6:CT28) -> 0 | CU29: =IF(SUM(CU6:CU28)=SUM(CK29,CM29,CO29,CQ29,CS29),SUM(CU6:CU28),"[ERROR]") -> 0 | CV29: =SUM(CV6:CV28) -> 0 | CW29: =SUM(CW6:CW28) -> 0 | CX29: =SUM(CX6:CX28) -> 0 | CY29: =SUM(CY6:CY28) -> 0 | CZ29: =SUM(CZ6:CZ28) -> 0 | DA29: =SUM(DA6:DA28) -> 0 | DB29: =SUM(DB6:DB28) -> 0 | DC29: =SUM(DC6:DC28) -> 0 | ... DF29: =SUM(DF6:DF28) -> 0 | DG29: =IF(SUM(DG6:DG28)=SUM(CW29,CY29,DA29,DC29,DE29),SUM(DG6:DG28),"[ERROR]") -> 0 | DH29: =SUM(DH6:DH28) -> 0 | DI29: =SUM(DI6:DI28) -> 0 | DJ29: =SUM(DJ6:DJ28) -> 0 | DK29: =SUM(DK6:DK28) -> 0 | DL29: =SUM(DL6:DL28) -> 0 | DM29: =SUM(DM6:DM28) -> 0 | DN29: =SUM(DN6:DN28) -> 0 | DO29: =SUM(DO6:DO28) -> 0 | ... DR29: =SUM(DR6:DR28) -> 0 | DS29: =IF(SUM(DS6:DS28)=SUM(DI29,DK29,DM29,DO29,DQ29),SUM(DS6:DS28),"[ERROR]") -> 0 | DT29: =SUM(DT6:DT28) -> 0 | DU29: =SUM(DU6:DU28) -> 0 | DV29: =SUM(DV6:DV28) -> 0 | DW29: =SUM(DW6:DW28) -> 0 | DX29: =SUM(DX6:DX28) -> 0 | DY29: =SUM(DY6:DY28) -> 0 | DZ29: =SUM(DZ6:DZ28) -> 0 | EA29: =SUM(EA6:EA28) -> 0 | ... ED29: =SUM(ED6:ED28) -> 0 | EE29: =IF(SUM(EE6:EE28)=SUM(DU29,DW29,DY29,EA29,EC29),SUM(EE6:EE28),"[ERROR]") -> 0 | EF29: =SUM(EF6:EF28) -> 0 | EG29: =SUM(EG6:EG28) -> 0 | EH29: =SUM(EH6:EH28) -> 0 | EI29: =SUM(EI6:EI28) -> 0 | EJ29: =SUM(EJ6:EJ28) -> 0 | EK29: =SUM(EK6:EK28) -> 0 | EL29: =SUM(EL6:EL28) -> 0 | EM29: =SUM(EM6:EM28) -> 0 | ... EP29: =SUM(EP6:EP28) -> 0 | EQ29: =IF(SUM(EQ6:EQ28)=SUM(EG29,EI29,EK29,EM29,EO29),SUM(EQ6:EQ28),"[ERROR]") -> 0 | ER29: =SUM(ER6:ER28) -> 0 | ES29: =SUM(ES6:ES28) -> 0 | ET29: =SUM(ET6:ET28) -> 0 | EU29: =SUM(EU6:EU28) -> 0 | EV29: =SUM(EV6:EV28) -> 0 | EW29: =SUM(EW6:EW28) -> 0 | EX29: =SUM(EX6:EX28) -> 0 | EY29: =SUM(EY6:EY28) -> 0 | ... FB29: =SUM(FB6:FB28) -> 0 | FC29: =IF(SUM(FC6:FC28)=SUM(ES29,EU29,EW29,EY29,FA29),SUM(FC6:FC28),"[ERROR]") -> 0 | FD29: =SUM(FD6:FD28) -> 0 | FE29: =SUM(FE6:FE28) -> 0 | FF29: =SUM(FF6:FF28) -> 0 | FG29: =SUM(FG6:FG28) -> 0 | FH29: =SUM(FH6:FH28) -> 0 | FI29: =SUM(FI6:FI28) -> 0 | FJ29: =SUM(FJ6:FJ28) -> 0 | FK29: =SUM(FK6:FK28) -> 0 | ... FN29: =SUM(FN6:FN28) -> 0 | FO29: =IF(SUM(FO6:FO28)=SUM(FE29,FG29,FI29,FK29,FM29),SUM(FO6:FO28),"[ERROR]") -> 0 | FP29: =SUM(FP6:FP28) -> 0 | FQ29: =SUM(FQ6:FQ28) -> 0 | FR29: =SUM(FR6:FR28) -> 0 | FS29: =SUM(FS6:FS28) -> 0 | FT29: =SUM(FT6:FT28) -> 0 | FU29: =SUM(FU6:FU28) -> 0 | FV29: =SUM(FV6:FV28) -> 0 | FW29: =SUM(FW6:FW28) -> 0 | ... FZ29: =SUM(FZ6:FZ28) -> 0 | GA29: =IF(SUM(GA6:GA28)=SUM(FQ29,FS29,FU29,FW29,FY29),SUM(GA6:GA28),"[ERROR]") -> 0 | GB29: =SUM(GB6:GB28) -> 0
E33: Total Activity C by year
E34: YEAR 1 | G34: YEAR 2 | I34: YEAR 3 | K34: YEAR 4 | M34: YEAR 5
D35: BL number | E35: GEF (US$) | F35: GOV (US$) | G35: GEF (US$) | H35: GOV (US$) | I35: GEF (US$) | J35: GOV (US$) | K35: GEF (US$) | L35: GOV (US$) | M35: GEF (US$) | N35: GOV (US$)
D37: 1101 | E37: =SUM(E6,Q6,AC6,AO6,BA6,BM6,BY6,CK6,CW6,DI6,DU6, EG6, ES6, FE6, FQ6) -> 0 | F37: =SUM(F6,R6,AD6,AP6,BB6,BN6,BZ6,CL6,CX6,DJ6,DV6, EH6, ET6, FF6, FR6) -> 0 | G37: =SUM(G6,S6,AE6,AQ6,BC6,BO6,CA6,CM6,CY6,DK6,DW6, EI6, EU6, FG6, FS6) -> 0 | H37: =SUM(H6,T6,AF6,AR6,BD6,BP6,CB6,CN6,CZ6,DL6,DX6, EJ6, EV6, FH6, FT6) -> 0 | I37: =SUM(I6,U6,AG6,AS6,BE6,BQ6,CC6,CO6,DA6,DM6,DY6, EK6, EW6, FI6, FU6) -> 0 | J37: =SUM(J6,V6,AH6,AT6,BF6,BR6,CD6,CP6,DB6,DN6,DZ6, EL6, EX6, FJ6, FV6) -> 0 | K37: =SUM(K6,W6,AI6,AU6,BG6,BS6,CE6,CQ6,DC6,DO6,EA6, EM6, EY6, FK6, FW6) -> 0 | L37: =SUM(L6,X6,AJ6,AV6,BH6,BT6,CF6,CR6,DD6,DP6,EB6, EN6, EZ6, FL6, FX6) -> 0 | ... N37: =SUM(N6,Z6,AL6,AX6,BJ6,BV6,CH6,CT6,DF6,DR6,ED6, EP6, FB6, FN6, FZ6) -> 0
D38: 1102 | E38: =SUM(E7,Q7,AC7,AO7,BA7,BM7,BY7,CK7,CW7,DI7,DU7, EG7, ES7, FE7, FQ7) -> 0 | F38: =SUM(F7,R7,AD7,AP7,BB7,BN7,BZ7,CL7,CX7,DJ7,DV7, EH7, ET7, FF7, FR7) -> 4500 | G38: =SUM(G7,S7,AE7,AQ7,BC7,BO7,CA7,CM7,CY7,DK7,DW7, EI7, EU7, FG7, FS7) -> 0 | H38: =SUM(H7,T7,AF7,AR7,BD7,BP7,CB7,CN7,CZ7,DL7,DX7, EJ7, EV7, FH7, FT7) -> 31500 | I38: =SUM(I7,U7,AG7,AS7,BE7,BQ7,CC7,CO7,DA7,DM7,DY7, EK7, EW7, FI7, FU7) -> 0 | J38: =SUM(J7,V7,AH7,AT7,BF7,BR7,CD7,CP7,DB7,DN7,DZ7, EL7, EX7, FJ7, FV7) -> 30000 | K38: =SUM(K7,W7,AI7,AU7,BG7,BS7,CE7,CQ7,DC7,DO7,EA7, EM7, EY7, FK7, FW7) -> 0 | L38: =SUM(L7,X7,AJ7,AV7,BH7,BT7,CF7,CR7,DD7,DP7,EB7, EN7, EZ7, FL7, FX7) -> 6000 | ... N38: =SUM(N7,Z7,AL7,AX7,BJ7,BV7,CH7,CT7,DF7,DR7,ED7, EP7, FB7, FN7, FZ7) -> 0
D39: 1120 | E39: =SUM(E8,Q8,AC8,AO8,BA8,BM8,BY8,CK8,CW8,DI8,DU8, EG8, ES8, FE8, FQ8) -> 0 | F39: =SUM(F8,R8,AD8,AP8,BB8,BN8,BZ8,CL8,CX8,DJ8,DV8, EH8, ET8, FF8, FR8) -> 0 | G39: =SUM(G8,S8,AE8,AQ8,BC8,BO8,CA8,CM8,CY8,DK8,DW8, EI8, EU8, FG8, FS8) -> 0 | H39: =SUM(H8,T8,AF8,AR8,BD8,BP8,CB8,CN8,CZ8,DL8,DX8, EJ8, EV8, FH8, FT8) -> 0 | I39: =SUM(I8,U8,AG8,AS8,BE8,BQ8,CC8,CO8,DA8,DM8,DY8, EK8, EW8, FI8, FU8) -> 0 | J39: =SUM(J8,V8,AH8,AT8,BF8,BR8,CD8,CP8,DB8,DN8,DZ8, EL8, EX8, FJ8, FV8) -> 0 | K39: =SUM(K8,W8,AI8,AU8,BG8,BS8,CE8,CQ8,DC8,DO8,EA8, EM8, EY8, FK8, FW8) -> 0 | L39: =SUM(L8,X8,AJ8,AV8,BH8,BT8,CF8,CR8,DD8,DP8,EB8, EN8, EZ8, FL8, FX8) -> 0 | ... N39: =SUM(N8,Z8,AL8,AX8,BJ8,BV8,CH8,CT8,DF8,DR8,ED8, EP8, FB8, FN8, FZ8) -> 0
D40: 1201 | E40: =SUM(E9,Q9,AC9,AO9,BA9,BM9,BY9,CK9,CW9,DI9,DU9, EG9, ES9, FE9, FQ9) -> 0 | F40: =SUM(F9,R9,AD9,AP9,BB9,BN9,BZ9,CL9,CX9,DJ9,DV9, EH9, ET9, FF9, FR9) -> 0 | G40: =SUM(G9,S9,AE9,AQ9,BC9,BO9,CA9,CM9,CY9,DK9,DW9, EI9, EU9, FG9, FS9) -> 2000 | H40: =SUM(H9,T9,AF9,AR9,BD9,BP9,CB9,CN9,CZ9,DL9,DX9, EJ9, EV9, FH9, FT9) -> 0 | I40: =SUM(I9,U9,AG9,AS9,BE9,BQ9,CC9,CO9,DA9,DM9,DY9, EK9, EW9, FI9, FU9) -> 2000 | J40: =SUM(J9,V9,AH9,AT9,BF9,BR9,CD9,CP9,DB9,DN9,DZ9, EL9, EX9, FJ9, FV9) -> 0 | K40: =SUM(K9,W9,AI9,AU9,BG9,BS9,CE9,CQ9,DC9,DO9,EA9, EM9, EY9, FK9, FW9) -> 0 | L40: =SUM(L9,X9,AJ9,AV9,BH9,BT9,CF9,CR9,DD9,DP9,EB9, EN9, EZ9, FL9, FX9) -> 0 | ... N40: =SUM(N9,Z9,AL9,AX9,BJ9,BV9,CH9,CT9,DF9,DR9,ED9, EP9, FB9, FN9, FZ9) -> 0
D41: 1202 | E41: =SUM(E10,Q10,AC10,AO10,BA10,BM10,BY10,CK10,CW10,DI10,DU10, EG10, ES10, FE10, FQ10) -> 1500 | F41: =SUM(F10,R10,AD10,AP10,BB10,BN10,BZ10,CL10,CX10,DJ10,DV10, EH10, ET10, FF10, FR10) -> 0 | G41: =SUM(G10,S10,AE10,AQ10,BC10,BO10,CA10,CM10,CY10,DK10,DW10, EI10, EU10, FG10, FS10) -> 8500 | H41: =SUM(H10,T10,AF10,AR10,BD10,BP10,CB10,CN10,CZ10,DL10,DX10, EJ10, EV10, FH10, FT10) -> 0 | I41: =SUM(I10,U10,AG10,AS10,BE10,BQ10,CC10,CO10,DA10,DM10,DY10, EK10, EW10, FI10, FU10) -> 8000 | J41: =SUM(J10,V10,AH10,AT10,BF10,BR10,CD10,CP10,DB10,DN10,DZ10, EL10, EX10, FJ10, FV10) -> 0 | K41: =SUM(K10,W10,AI10,AU10,BG10,BS10,CE10,CQ10,DC10,DO10,EA10, EM10, EY10, FK10, FW10) -> 2000 | L41: =SUM(L10,X10,AJ10,AV10,BH10,BT10,CF10,CR10,DD10,DP10,EB10, EN10, EZ10, FL10, FX10) -> 0 | ... N41: =SUM(N10,Z10,AL10,AX10,BJ10,BV10,CH10,CT10,DF10,DR10,ED10, EP10, FB10, FN10, FZ10) -> 0
D42: 1601 | E42: =SUM(E11,Q11,AC11,AO11,BA11,BM11,BY11,CK11,CW11,DI11,DU11, EG11, ES11, FE11, FQ11) -> 0 | F42: =SUM(F11,R11,AD11,AP11,BB11,BN11,BZ11,CL11,CX11,DJ11,DV11, EH11, ET11, FF11, FR11) -> 0 | G42: =SUM(G11,S11,AE11,AQ11,BC11,BO11,CA11,CM11,CY11,DK11,DW11, EI11, EU11, FG11, FS11) -> 7000 | H42: =SUM(H11,T11,AF11,AR11,BD11,BP11,CB11,CN11,CZ11,DL11,DX11, EJ11, EV11, FH11, FT11) -> 21000 | I42: =SUM(I11,U11,AG11,AS11,BE11,BQ11,CC11,CO11,DA11,DM11,DY11, EK11, EW11, FI11, FU11) -> 0 | J42: =SUM(J11,V11,AH11,AT11,BF11,BR11,CD11,CP11,DB11,DN11,DZ11, EL11, EX11, FJ11, FV11) -> 0 | K42: =SUM(K11,W11,AI11,AU11,BG11,BS11,CE11,CQ11,DC11,DO11,EA11, EM11, EY11, FK11, FW11) -> 0 | L42: =SUM(L11,X11,AJ11,AV11,BH11,BT11,CF11,CR11,DD11,DP11,EB11, EN11, EZ11, FL11, FX11) -> 0 | ... N42: =SUM(N11,Z11,AL11,AX11,BJ11,BV11,CH11,CT11,DF11,DR11,ED11, EP11, FB11, FN11, FZ11) -> 0
D43: 2201 | E43: =SUM(E12,Q12,AC12,AO12,BA12,BM12,BY12,CK12,CW12,DI12,DU12, EG12, ES12, FE12, FQ12) -> 2000 | F43: =SUM(F12,R12,AD12,AP12,BB12,BN12,BZ12,CL12,CX12,DJ12,DV12, EH12, ET12, FF12, FR12) -> 6000 | G43: =SUM(G12,S12,AE12,AQ12,BC12,BO12,CA12,CM12,CY12,DK12,DW12, EI12, EU12, FG12, FS12) -> 8000 | H43: =SUM(H12,T12,AF12,AR12,BD12,BP12,CB12,CN12,CZ12,DL12,DX12, EJ12, EV12, FH12, FT12) -> 24000 | I43: =SUM(I12,U12,AG12,AS12,BE12,BQ12,CC12,CO12,DA12,DM12,DY12, EK12, EW12, FI12, FU12) -> 4500 | J43: =SUM(J12,V12,AH12,AT12,BF12,BR12,CD12,CP12,DB12,DN12,DZ12, EL12, EX12, FJ12, FV12) -> 13500 | K43: =SUM(K12,W12,AI12,AU12,BG12,BS12,CE12,CQ12,DC12,DO12,EA12, EM12, EY12, FK12, FW12) -> 3000 | L43: =SUM(L12,X12,AJ12,AV12,BH12,BT12,CF12,CR12,DD12,DP12,EB12, EN12, EZ12, FL12, FX12) -> 9000 | ... N43: =SUM(N12,Z12,AL12,AX12,BJ12,BV12,CH12,CT12,DF12,DR12,ED12, EP12, FB12, FN12, FZ12) -> 0
D44: 2301 | E44: =SUM(E13,Q13,AC13,AO13,BA13,BM13,BY13,CK13,CW13,DI13,DU13, EG13, ES13, FE13, FQ13) -> 0 | F44: =SUM(F13,R13,AD13,AP13,BB13,BN13,BZ13,CL13,CX13,DJ13,DV13, EH13, ET13, FF13, FR13) -> 0 | G44: =SUM(G13,S13,AE13,AQ13,BC13,BO13,CA13,CM13,CY13,DK13,DW13, EI13, EU13, FG13, FS13) -> 5000 | H44: =SUM(H13,T13,AF13,AR13,BD13,BP13,CB13,CN13,CZ13,DL13,DX13, EJ13, EV13, FH13, FT13) -> 15000 | I44: =SUM(I13,U13,AG13,AS13,BE13,BQ13,CC13,CO13,DA13,DM13,DY13, EK13, EW13, FI13, FU13) -> 4000 | J44: =SUM(J13,V13,AH13,AT13,BF13,BR13,CD13,CP13,DB13,DN13,DZ13, EL13, EX13, FJ13, FV13) -> 12000 | K44: =SUM(K13,W13,AI13,AU13,BG13,BS13,CE13,CQ13,DC13,DO13,EA13, EM13, EY13, FK13, FW13) -> 0 | L44: =SUM(L13,X13,AJ13,AV13,BH13,BT13,CF13,CR13,DD13,DP13,EB13, EN13, EZ13, FL13, FX13) -> 0 | ... N44: =SUM(N13,Z13,AL13,AX13,BJ13,BV13,CH13,CT13,DF13,DR13,ED13, EP13, FB13, FN13, FZ13) -> 0
D45: 3201 | E45: =SUM(E14,Q14,AC14,AO14,BA14,BM14,BY14,CK14,CW14,DI14,DU14, EG14, ES14, FE14, FQ14) -> 500 | F45: =SUM(F14,R14,AD14,AP14,BB14,BN14,BZ14,CL14,CX14,DJ14,DV14, EH14, ET14, FF14, FR14) -> 1500 | G45: =SUM(G14,S14,AE14,AQ14,BC14,BO14,CA14,CM14,CY14,DK14,DW14, EI14, EU14, FG14, FS14) -> 4000 | H45: =SUM(H14,T14,AF14,AR14,BD14,BP14,CB14,CN14,CZ14,DL14,DX14, EJ14, EV14, FH14, FT14) -> 12000 | I45: =SUM(I14,U14,AG14,AS14,BE14,BQ14,CC14,CO14,DA14,DM14,DY14, EK14, EW14, FI14, FU14) -> 2000 | J45: =SUM(J14,V14,AH14,AT14,BF14,BR14,CD14,CP14,DB14,DN14,DZ14, EL14, EX14, FJ14, FV14) -> 6000 | K45: =SUM(K14,W14,AI14,AU14,BG14,BS14,CE14,CQ14,DC14,DO14,EA14, EM14, EY14, FK14, FW14) -> 500 | L45: =SUM(L14,X14,AJ14,AV14,BH14,BT14,CF14,CR14,DD14,DP14,EB14, EN14, EZ14, FL14, FX14) -> 1500 | ... N45: =SUM(N14,Z14,AL14,AX14,BJ14,BV14,CH14,CT14,DF14,DR14,ED14, EP14, FB14, FN14, FZ14) -> 0
D46: 3301 | E46: =SUM(E15,Q15,AC15,AO15,BA15,BM15,BY15,CK15,CW15,DI15,DU15, EG15, ES15, FE15, FQ15) -> 2000 | F46: =SUM(F15,R15,AD15,AP15,BB15,BN15,BZ15,CL15,CX15,DJ15,DV15, EH15, ET15, FF15, FR15) -> 6000 | G46: =SUM(G15,S15,AE15,AQ15,BC15,BO15,CA15,CM15,CY15,DK15,DW15, EI15, EU15, FG15, FS15) -> 7000 | H46: =SUM(H15,T15,AF15,AR15,BD15,BP15,CB15,CN15,CZ15,DL15,DX15, EJ15, EV15, FH15, FT15) -> 21000 | I46: =SUM(I15,U15,AG15,AS15,BE15,BQ15,CC15,CO15,DA15,DM15,DY15, EK15, EW15, FI15, FU15) -> 7000 | J46: =SUM(J15,V15,AH15,AT15,BF15,BR15,CD15,CP15,DB15,DN15,DZ15, EL15, EX15, FJ15, FV15) -> 21000 | K46: =SUM(K15,W15,AI15,AU15,BG15,BS15,CE15,CQ15,DC15,DO15,EA15, EM15, EY15, FK15, FW15) -> 2000 | L46: =SUM(L15,X15,AJ15,AV15,BH15,BT15,CF15,CR15,DD15,DP15,EB15, EN15, EZ15, FL15, FX15) -> 6000 | ... N46: =SUM(N15,Z15,AL15,AX15,BJ15,BV15,CH15,CT15,DF15,DR15,ED15, EP15, FB15, FN15, FZ15) -> 0
D47: 4101 | E47: =SUM(E16,Q16,AC16,AO16,BA16,BM16,BY16,CK16,CW16,DI16,DU16, EG16, ES16, FE16, FQ16) -> 0 | F47: =SUM(F16,R16,AD16,AP16,BB16,BN16,BZ16,CL16,CX16,DJ16,DV16, EH16, ET16, FF16, FR16) -> 0 | G47: =SUM(G16,S16,AE16,AQ16,BC16,BO16,CA16,CM16,CY16,DK16,DW16, EI16, EU16, FG16, FS16) -> 0 | H47: =SUM(H16,T16,AF16,AR16,BD16,BP16,CB16,CN16,CZ16,DL16,DX16, EJ16, EV16, FH16, FT16) -> 0 | I47: =SUM(I16,U16,AG16,AS16,BE16,BQ16,CC16,CO16,DA16,DM16,DY16, EK16, EW16, FI16, FU16) -> 0 | J47: =SUM(J16,V16,AH16,AT16,BF16,BR16,CD16,CP16,DB16,DN16,DZ16, EL16, EX16, FJ16, FV16) -> 0 | K47: =SUM(K16,W16,AI16,AU16,BG16,BS16,CE16,CQ16,DC16,DO16,EA16, EM16, EY16, FK16, FW16) -> 0 | L47: =SUM(L16,X16,AJ16,AV16,BH16,BT16,CF16,CR16,DD16,DP16,EB16, EN16, EZ16, FL16, FX16) -> 0 | ... N47: =SUM(N16,Z16,AL16,AX16,BJ16,BV16,CH16,CT16,DF16,DR16,ED16, EP16, FB16, FN16, FZ16) -> 0
D48: 4102 | E48: =SUM(E17,Q17,AC17,AO17,BA17,BM17,BY17,CK17,CW17,DI17,DU17, EG17, ES17, FE17, FQ17) -> 0 | F48: =SUM(F17,R17,AD17,AP17,BB17,BN17,BZ17,CL17,CX17,DJ17,DV17, EH17, ET17, FF17, FR17) -> 0 | G48: =SUM(G17,S17,AE17,AQ17,BC17,BO17,CA17,CM17,CY17,DK17,DW17, EI17, EU17, FG17, FS17) -> 0 | H48: =SUM(H17,T17,AF17,AR17,BD17,BP17,CB17,CN17,CZ17,DL17,DX17, EJ17, EV17, FH17, FT17) -> 0 | I48: =SUM(I17,U17,AG17,AS17,BE17,BQ17,CC17,CO17,DA17,DM17,DY17, EK17, EW17, FI17, FU17) -> 0 | J48: =SUM(J17,V17,AH17,AT17,BF17,BR17,CD17,CP17,DB17,DN17,DZ17, EL17, EX17, FJ17, FV17) -> 0 | K48: =SUM(K17,W17,AI17,AU17,BG17,BS17,CE17,CQ17,DC17,DO17,EA17, EM17, EY17, FK17, FW17) -> 0 | L48: =SUM(L17,X17,AJ17,AV17,BH17,BT17,CF17,CR17,DD17,DP17,EB17, EN17, EZ17, FL17, FX17) -> 0 | ... N48: =SUM(N17,Z17,AL17,AX17,BJ17,BV17,CH17,CT17,DF17,DR17,ED17, EP17, FB17, FN17, FZ17) -> 0
... D53: 5101 | E53: =SUM(E22,Q22,AC22,AO22,BA22,BM22,BY22,CK22,CW22,DI22,DU22, EG22, ES22, FE22, FQ22) -> 0 | F53: =SUM(F22,R22,AD22,AP22,BB22,BN22,BZ22,CL22,CX22,DJ22,DV22, EH22, ET22, FF22, FR22) -> 0 | G53: =SUM(G22,S22,AE22,AQ22,BC22,BO22,CA22,CM22,CY22,DK22,DW22, EI22, EU22, FG22, FS22) -> 0 | H53: =SUM(H22,T22,AF22,AR22,BD22,BP22,CB22,CN22,CZ22,DL22,DX22, EJ22, EV22, FH22, FT22) -> 0 | I53: =SUM(I22,U22,AG22,AS22,BE22,BQ22,CC22,CO22,DA22,DM22,DY22, EK22, EW22, FI22, FU22) -> 0 | J53: =SUM(J22,V22,AH22,AT22,BF22,BR22,CD22,CP22,DB22,DN22,DZ22, EL22, EX22, FJ22, FV22) -> 0 | K53: =SUM(K22,W22,AI22,AU22,BG22,BS22,CE22,CQ22,DC22,DO22,EA22, EM22, EY22, FK22, FW22) -> 0 | L53: =SUM(L22,X22,AJ22,AV22,BH22,BT22,CF22,CR22,DD22,DP22,EB22, EN22, EZ22, FL22, FX22) -> 0 | ... N53: =SUM(N22,Z22,AL22,AX22,BJ22,BV22,CH22,CT22,DF22,DR22,ED22, EP22, FB22, FN22, FZ22) -> 0
D54: 5201 | E54: =SUM(E23,Q23,AC23,AO23,BA23,BM23,BY23,CK23,CW23,DI23,DU23, EG23, ES23, FE23, FQ23) -> 4000 | F54: =SUM(F23,R23,AD23,AP23,BB23,BN23,BZ23,CL23,CX23,DJ23,DV23, EH23, ET23, FF23, FR23) -> 12000 | G54: =SUM(G23,S23,AE23,AQ23,BC23,BO23,CA23,CM23,CY23,DK23,DW23, EI23, EU23, FG23, FS23) -> 14500 | H54: =SUM(H23,T23,AF23,AR23,BD23,BP23,CB23,CN23,CZ23,DL23,DX23, EJ23, EV23, FH23, FT23) -> 43500 | I54: =SUM(I23,U23,AG23,AS23,BE23,BQ23,CC23,CO23,DA23,DM23,DY23, EK23, EW23, FI23, FU23) -> 14000 | J54: =SUM(J23,V23,AH23,AT23,BF23,BR23,CD23,CP23,DB23,DN23,DZ23, EL23, EX23, FJ23, FV23) -> 42000 | K54: =SUM(K23,W23,AI23,AU23,BG23,BS23,CE23,CQ23,DC23,DO23,EA23, EM23, EY23, FK23, FW23) -> 4000 | L54: =SUM(L23,X23,AJ23,AV23,BH23,BT23,CF23,CR23,DD23,DP23,EB23, EN23, EZ23, FL23, FX23) -> 12000 | ... N54: =SUM(N23,Z23,AL23,AX23,BJ23,BV23,CH23,CT23,DF23,DR23,ED23, EP23, FB23, FN23, FZ23) -> 0
D55: 5202 | E55: =SUM(E24,Q24,AC24,AO24,BA24,BM24,BY24,CK24,CW24,DI24,DU24, EG24, ES24, FE24, FQ24) -> 0 | F55: =SUM(F24,R24,AD24,AP24,BB24,BN24,BZ24,CL24,CX24,DJ24,DV24, EH24, ET24, FF24, FR24) -> 0 | G55: =SUM(G24,S24,AE24,AQ24,BC24,BO24,CA24,CM24,CY24,DK24,DW24, EI24, EU24, FG24, FS24) -> 0 | H55: =SUM(H24,T24,AF24,AR24,BD24,BP24,CB24,CN24,CZ24,DL24,DX24, EJ24, EV24, FH24, FT24) -> 0 | I55: =SUM(I24,U24,AG24,AS24,BE24,BQ24,CC24,CO24,DA24,DM24,DY24, EK24, EW24, FI24, FU24) -> 0 | J55: =SUM(J24,V24,AH24,AT24,BF24,BR24,CD24,CP24,DB24,DN24,DZ24, EL24, EX24, FJ24, FV24) -> 3000 | K55: =SUM(K24,W24,AI24,AU24,BG24,BS24,CE24,CQ24,DC24,DO24,EA24, EM24, EY24, FK24, FW24) -> 0 | L55: =SUM(L24,X24,AJ24,AV24,BH24,BT24,CF24,CR24,DD24,DP24,EB24, EN24, EZ24, FL24, FX24) -> 0 | ... N55: =SUM(N24,Z24,AL24,AX24,BJ24,BV24,CH24,CT24,DF24,DR24,ED24, EP24, FB24, FN24, FZ24) -> 0
D56: 5301 | E56: =SUM(E25,Q25,AC25,AO25,BA25,BM25,BY25,CK25,CW25,DI25,DU25, EG25, ES25, FE25, FQ25) -> 1000 | F56: =SUM(F25,R25,AD25,AP25,BB25,BN25,BZ25,CL25,CX25,DJ25,DV25, EH25, ET25, FF25, FR25) -> 3000 | G56: =SUM(G25,S25,AE25,AQ25,BC25,BO25,CA25,CM25,CY25,DK25,DW25, EI25, EU25, FG25, FS25) -> 2000 | H56: =SUM(H25,T25,AF25,AR25,BD25,BP25,CB25,CN25,CZ25,DL25,DX25, EJ25, EV25, FH25, FT25) -> 6000 | I56: =SUM(I25,U25,AG25,AS25,BE25,BQ25,CC25,CO25,DA25,DM25,DY25, EK25, EW25, FI25, FU25) -> 2000 | J56: =SUM(J25,V25,AH25,AT25,BF25,BR25,CD25,CP25,DB25,DN25,DZ25, EL25, EX25, FJ25, FV25) -> 10500 | K56: =SUM(K25,W25,AI25,AU25,BG25,BS25,CE25,CQ25,DC25,DO25,EA25, EM25, EY25, FK25, FW25) -> 1000 | L56: =SUM(L25,X25,AJ25,AV25,BH25,BT25,CF25,CR25,DD25,DP25,EB25, EN25, EZ25, FL25, FX25) -> 3000 | ... N56: =SUM(N25,Z25,AL25,AX25,BJ25,BV25,CH25,CT25,DF25,DR25,ED25, EP25, FB25, FN25, FZ25) -> 0
D57: 5302 | E57: =SUM(E26,Q26,AC26,AO26,BA26,BM26,BY26,CK26,CW26,DI26,DU26, EG26, ES26, FE26, FQ26) -> 0 | F57: =SUM(F26,R26,AD26,AP26,BB26,BN26,BZ26,CL26,CX26,DJ26,DV26, EH26, ET26, FF26, FR26) -> 0 | G57: =SUM(G26,S26,AE26,AQ26,BC26,BO26,CA26,CM26,CY26,DK26,DW26, EI26, EU26, FG26, FS26) -> 0 | H57: =SUM(H26,T26,AF26,AR26,BD26,BP26,CB26,CN26,CZ26,DL26,DX26, EJ26, EV26, FH26, FT26) -> 15000 | I57: =SUM(I26,U26,AG26,AS26,BE26,BQ26,CC26,CO26,DA26,DM26,DY26, EK26, EW26, FI26, FU26) -> 0 | J57: =SUM(J26,V26,AH26,AT26,BF26,BR26,CD26,CP26,DB26,DN26,DZ26, EL26, EX26, FJ26, FV26) -> 7500 | K57: =SUM(K26,W26,AI26,AU26,BG26,BS26,CE26,CQ26,DC26,DO26,EA26, EM26, EY26, FK26, FW26) -> 0 | L57: =SUM(L26,X26,AJ26,AV26,BH26,BT26,CF26,CR26,DD26,DP26,EB26, EN26, EZ26, FL26, FX26) -> 0 | ... N57: =SUM(N26,Z26,AL26,AX26,BJ26,BV26,CH26,CT26,DF26,DR26,ED26, EP26, FB26, FN26, FZ26) -> 0
D58: 5303 | E58: =SUM(E27,Q27,AC27,AO27,BA27,BM27,BY27,CK27,CW27,DI27,DU27, EG27, ES27, FE27, FQ27) -> 0 | F58: =SUM(F27,R27,AD27,AP27,BB27,BN27,BZ27,CL27,CX27,DJ27,DV27, EH27, ET27, FF27, FR27) -> 0 | G58: =SUM(G27,S27,AE27,AQ27,BC27,BO27,CA27,CM27,CY27,DK27,DW27, EI27, EU27, FG27, FS27) -> 0 | H58: =SUM(H27,T27,AF27,AR27,BD27,BP27,CB27,CN27,CZ27,DL27,DX27, EJ27, EV27, FH27, FT27) -> 0 | I58: =SUM(I27,U27,AG27,AS27,BE27,BQ27,CC27,CO27,DA27,DM27,DY27, EK27, EW27, FI27, FU27) -> 0 | J58: =SUM(J27,V27,AH27,AT27,BF27,BR27,CD27,CP27,DB27,DN27,DZ27, EL27, EX27, FJ27, FV27) -> 0 | K58: =SUM(K27,W27,AI27,AU27,BG27,BS27,CE27,CQ27,DC27,DO27,EA27, EM27, EY27, FK27, FW27) -> 0 | L58: =SUM(L27,X27,AJ27,AV27,BH27,BT27,CF27,CR27,DD27,DP27,EB27, EN27, EZ27, FL27, FX27) -> 0 | ... N58: =SUM(N27,Z27,AL27,AX27,BJ27,BV27,CH27,CT27,DF27,DR27,ED27, EP27, FB27, FN27, FZ27) -> 0
D59: 5375 | E59: =SUM(E28,Q28,AC28,AO28,BA28,BM28,BY28,CK28,CW28,DI28,DU28, EG28, ES28, FE28, FQ28) -> 0 | F59: =SUM(F28,R28,AD28,AP28,BB28,BN28,BZ28,CL28,CX28,DJ28,DV28, EH28, ET28, FF28, FR28) -> 0 | G59: =SUM(G28,S28,AE28,AQ28,BC28,BO28,CA28,CM28,CY28,DK28,DW28, EI28, EU28, FG28, FS28) -> 0 | H59: =SUM(H28,T28,AF28,AR28,BD28,BP28,CB28,CN28,CZ28,DL28,DX28, EJ28, EV28, FH28, FT28) -> 0 | I59: =SUM(I28,U28,AG28,AS28,BE28,BQ28,CC28,CO28,DA28,DM28,DY28, EK28, EW28, FI28, FU28) -> 0 | J59: =SUM(J28,V28,AH28,AT28,BF28,BR28,CD28,CP28,DB28,DN28,DZ28, EL28, EX28, FJ28, FV28) -> 0 | K59: =SUM(K28,W28,AI28,AU28,BG28,BS28,CE28,CQ28,DC28,DO28,EA28, EM28, EY28, FK28, FW28) -> 0 | L59: =SUM(L28,X28,AJ28,AV28,BH28,BT28,CF28,CR28,DD28,DP28,EB28, EN28, EZ28, FL28, FX28) -> 0 | ... N59: =SUM(N28,Z28,AL28,AX28,BJ28,BV28,CH28,CT28,DF28,DR28,ED28, EP28, FB28, FN28, FZ28) -> 0
D60: 9999 | E60: =SUM(E29,Q29,AC29,AO29,BA29,BM29,BY29,CK29,CW29,DI29,DU29,EG29,ES29,FE29) -> 13500 | F60: =SUM(F29,R29,AD29,AP29,BB29,BN29,BZ29,CL29,CX29,DJ29,DV29,EH29,ET29,FF29) -> 40500 | G60: =SUM(G29,S29,AE29,AQ29,BC29,BO29,CA29,CM29,CY29,DK29,DW29,EI29,EU29,FG29) -> 63000 | H60: =SUM(H29,T29,AF29,AR29,BD29,BP29,CB29,CN29,CZ29,DL29,DX29,EJ29,EV29,FH29) -> 204000 | I60: =SUM(I29,U29,AG29,AS29,BE29,BQ29,CC29,CO29,DA29,DM29,DY29,EK29,EW29,FI29) -> 48500 | J60: =SUM(J29,V29,AH29,AT29,BF29,BR29,CD29,CP29,DB29,DN29,DZ29,EL29,EX29,FJ29) -> 160500 | K60: =SUM(K29,W29,AI29,AU29,BG29,BS29,CE29,CQ29,DC29,DO29,EA29,EM29,EY29,FK29) -> 15000 | L60: =SUM(L29,X29,AJ29,AV29,BH29,BT29,CF29,CR29,DD29,DP29,EB29,EN29,EZ29,FL29) -> 45000 | ... N60: =SUM(N29,Z29,AL29,AX29,BJ29,BV29,CH29,CT29,DF29,DR29,ED29,EP29,FB29,FN29) -> 0

Sheet Activity D
A1: =CONCATENATE("ACTIVITY ", 'ALL Activities'!A59, ": ", 'ALL Activities'!C59) -> ACTIVITY D: Institutional Capacity Building | C1: Code: | E1: D1 | Q1: D2 | AC1: D3 | AO1: D4 | BA1: D5 | BM1: D6 | BY1: D7 | CK1: D8 | CW1: D9 | DI1: D10 | DU1: D11 | EG1: D12 | ES1: D13 | FE1: D14 | FQ1: D15
C2: SubActivity description: | E2: ='ALL Activities'!C60 -> To enhance institutional capacity on biosafety especially in the areas of risk evaluation and enforcement measures | Q2: ='ALL Activities'!C61 -> 0 | AC2: ='ALL Activities'!C62 -> 0 | AO2: ='ALL Activities'!C63 -> 0 | BA2: ='ALL Activities'!C64 -> 0 | BM2: ='ALL Activities'!C65 -> 0 | BY2: ='ALL Activities'!C66 -> 0 | CK2: ='ALL Activities'!C67 -> 0 | CW2: ='ALL Activities'!C68 -> 0 | DI2: ='ALL Activities'!C69 -> 0 | DU2: ='ALL Activities'!C70 -> 0 | EG2: ='ALL Activities'!C71 -> 0 | ES2: ='ALL Activities'!C72 -> 0 | FE2: ='ALL Activities'!C73 -> 0 | FQ2: ='ALL Activities'!C74 -> 0
C3: Year: | E3: YEAR 1 | G3: YEAR 2 | I3: YEAR 3 | K3: YEAR 4 | M3: YEAR 5 | O3: TOTAL (specific activity) | Q3: YEAR 1 | S3: YEAR 2 | U3: YEAR 3 | W3: YEAR 4 | Y3: YEAR 5 | AA3: TOTAL (specific activity) | AC3: YEAR 1 | AE3: YEAR 2 | AG3: YEAR 3 | AI3: YEAR 4 | AK3: YEAR 5 | AM3: TOTAL (specific activity) | AO3: YEAR 1 | AQ3: YEAR 2 | AS3: YEAR 3 | AU3: YEAR 4 | AW3: YEAR 5 | AY3: TOTAL (specific activity) | BA3: YEAR 1 | BC3: YEAR 2 | BE3: YEAR 3 | BG3: YEAR 4 | BI3: YEAR 5 | BK3: TOTAL (specific activity) | BM3: YEAR 1 | BO3: YEAR 2 | BQ3: YEAR 3 | BS3: YEAR 4 | BU3: YEAR 5 | BW3: TOTAL (specific activity) | BY3: YEAR 1 | CA3: YEAR 2 | CC3: YEAR 3 | CE3: YEAR 4 | CG3: YEAR 5 | CI3: TOTAL (specific activity) | CK3: YEAR 1 | CM3: YEAR 2 | CO3: YEAR 3 | CQ3: YEAR 4 | CS3: YEAR 5 | CU3: TOTAL (specific activity) | CW3: YEAR 1 | CY3: YEAR 2 | DA3: YEAR 3 | DC3: YEAR 4 | DE3: YEAR 5 | DG3: TOTAL (specific activity) | DI3: YEAR 1 | DK3: YEAR 2 | DM3: YEAR 3 | DO3: YEAR 4 | DQ3: YEAR 5 | DS3: TOTAL (specific activity) | DU3: YEAR 1 | DW3: YEAR 2 | DY3: YEAR 3 | EA3: YEAR 4 | EC3: YEAR 5 | EE3: TOTAL (specific activity) | EG3: YEAR 1 | EI3: YEAR 2 | EK3: YEAR 3 | EM3: YEAR 4 | EO3: YEAR 5 | EQ3: TOTAL (specific activity) | ES3: YEAR 1 | EU3: YEAR 2 | EW3: YEAR 3 | EY3: YEAR 4 | FA3: YEAR 5 | FC3: TOTAL (specific activity) | FE3: YEAR 1 | FG3: YEAR 2 | FI3: YEAR 3 | FK3: YEAR 4 | FM3: YEAR 5 | FO3: TOTAL (specific activity) | FQ3: YEAR 1 | FS3: YEAR 2 | FU3: YEAR 3 | FW3: YEAR 4 | FY3: YEAR 5 | GA3: TOTAL (specific activity)
A4: Budget line justification | B4: BL number | C4: TOTAL (all sub-activities) | E4: GEF (US$) | F4: GOV (US$) | G4: GEF (US$) | H4: GOV (US$) | I4: GEF (US$) | J4: GOV (US$) | K4: GEF (US$) | L4: GOV (US$) | M4: GEF (US$) | N4: GOV (US$) | O4: GEF (US$) | P4: GOV (US$) | Q4: GEF (US$) | R4: GOV (US$) | S4: GEF (US$) | T4: GOV (US$) | U4: GEF (US$) | V4: GOV (US$) | W4: GEF (US$) | X4: GOV (US$) | Y4: GEF (US$) | Z4: GOV (US$) | AA4: GEF (US$) | AB4: GOV (US$) | AC4: GEF (US$) | AD4: GOV (US$) | AE4: GEF (US$) | AF4: GOV (US$) | AG4: GEF (US$) | AH4: GOV (US$) | AI4: GEF (US$) | AJ4: GOV (US$) | AK4: GEF (US$) | AL4: GOV (US$) | AM4: GEF (US$) | AN4: GOV (US$) | AO4: GEF (US$) | AP4: GOV (US$) | AQ4: GEF (US$) | AR4: GOV (US$) | AS4: GEF (US$) | AT4: GOV (US$) | AU4: GEF (US$) | AV4: GOV (US$) | AW4: GEF (US$) | AX4: GOV (US$) | AY4: GEF (US$) | AZ4: GOV (US$) | BA4: GEF (US$) | BB4: GOV (US$) | BC4: GEF (US$) | BD4: GOV (US$) | BE4: GEF (US$) | BF4: GOV (US$) | BG4: GEF (US$) | BH4: GOV (US$) | BI4: GEF (US$) | BJ4: GOV (US$) | BK4: GEF (US$) | BL4: GOV (US$) | BM4: GEF (US$) | BN4: GOV (US$) | BO4: GEF (US$) | BP4: GOV (US$) | BQ4: GEF (US$) | BR4: GOV (US$) | BS4: GEF (US$) | BT4: GOV (US$) | BU4: GEF (US$) | BV4: GOV (US$) | BW4: GEF (US$) | BX4: GOV (US$) | BY4: GEF (US$) | BZ4: GOV (US$) | CA4: GEF (US$) | CB4: GOV (US$) | CC4: GEF (US$) | CD4: GOV (US$) | CE4: GEF (US$) | CF4: GOV (US$) | CG4: GEF (US$) | CH4: GOV (US$) | CI4: GEF (US$) | CJ4: GOV (US$) | CK4: GEF (US$) | CL4: GOV (US$) | CM4: GEF (US$) | CN4: GOV (US$) | CO4: GEF (US$) | CP4: GOV (US$) | CQ4: GEF (US$) | CR4: GOV (US$) | CS4: GEF (US$) | CT4: GOV (US$) | CU4: GEF (US$) | CV4: GOV (US$) | CW4: GEF (US$) | CX4: GOV (US$) | CY4: GEF (US$) | CZ4: GOV (US$) | DA4: GEF (US$) | DB4: GOV (US$) | DC4: GEF (US$) | DD4: GOV (US$) | DE4: GEF (US$) | DF4: GOV (US$) | DG4: GEF (US$) | DH4: GOV (US$) | DI4: GEF (US$) | DJ4: GOV (US$) | DK4: GEF (US$) | DL4: GOV (US$) | DM4: GEF (US$) | DN4: GOV (US$) | DO4: GEF (US$) | DP4: GOV (US$) | DQ4: GEF (US$) | DR4: GOV (US$) | DS4: GEF (US$) | DT4: GOV (US$) | DU4: GEF (US$) | DV4: GOV (US$) | DW4: GEF (US$) | DX4: GOV (US$) | DY4: GEF (US$) | DZ4: GOV (US$) | EA4: GEF (US$) | EB4: GOV (US$) | EC4: GEF (US$) | ED4: GOV (US$) | EE4: GEF (US$) | EF4: GOV (US$) | EG4: GEF (US$) | EH4: GOV (US$) | EI4: GEF (US$) | EJ4: GOV (US$) | EK4: GEF (US$) | EL4: GOV (US$) | EM4: GEF (US$) | EN4: GOV (US$) | EO4: GEF (US$) | EP4: GOV (US$) | EQ4: GEF (US$) | ER4: GOV (US$) | ES4: GEF (US$) | ET4: GOV (US$) | EU4: GEF (US$) | EV4: GOV (US$) | EW4: GEF (US$) | EX4: GOV (US$) | EY4: GEF (US$) | EZ4: GOV (US$) | FA4: GEF (US$) | FB4: GOV (US$) | FC4: GEF (US$) | FD4: GOV (US$) | FE4: GEF (US$) | FF4: GOV (US$) | FG4: GEF (US$) | FH4: GOV (US$) | FI4: GEF (US$) | FJ4: GOV (US$) | FK4: GEF (US$) | FL4: GOV (US$) | FM4: GEF (US$) | FN4: GOV (US$) | FO4: GEF (US$) | FP4: GOV (US$) | FQ4: GEF (US$) | FR4: GOV (US$) | FS4: GEF (US$) | FT4: GOV (US$) | FU4: GEF (US$) | FV4: GOV (US$) | FW4: GEF (US$) | FX4: GOV (US$) | FY4: GEF (US$) | FZ4: GOV (US$) | GA4: GEF (US$) | GB4: GOV (US$)
C5: GEF (US$) | D5: GOV (US$)
A6: National Project Coordinator | B6: 1101 | C6: =SUM(O6,AA6,AM6,AY6,BK6,BW6,CI6,CU6,DG6,DS6,EE6,EQ6,FC6,FO6,GA6) -> 0 | D6: =SUM(P6,AB6,AN6,AZ6,BL6,BX6,CJ6,CV6,DH6,DT6,EF6,ER6,FD6,FP6,GB6) -> 0 | O6: =SUM(E6,G6,I6,K6,M6) -> 0 | P6: =SUM(F6,H6,J6,L6,N6) -> 0 | AA6: =SUM(Q6,S6,U6,W6,Y6) -> 0 | AB6: =SUM(R6,T6,V6,X6,Z6) -> 0 | AM6: =SUM(AC6,AE6,AG6,AI6,AK6) -> 0 | AN6: =SUM(AD6,AF6,AH6,AJ6,AL6) -> 0 | AY6: =SUM(AO6,AQ6,AS6,AU6,AW6) -> 0 | AZ6: =SUM(AP6,AR6,AT6,AV6,AX6) -> 0 | BK6: =SUM(BA6,BC6,BE6,BG6,BI6) -> 0 | BL6: =SUM(BB6,BD6,BF6,BH6,BJ6) -> 0 | BW6: =SUM(BM6,BO6,BQ6,BS6,BU6) -> 0 | BX6: =SUM(BN6,BP6,BR6,BT6,BV6) -> 0 | CI6: =SUM(BY6,CA6,CC6,CE6,CG6) -> 0 | CJ6: =SUM(BZ6,CB6,CD6,CF6,CH6) -> 0 | CU6: =SUM(CK6,CM6,CO6,CQ6,CS6) -> 0 | CV6: =SUM(CL6,CN6,CP6,CR6,CT6) -> 0 | DG6: =SUM(CW6,CY6,DA6,DC6,DE6) -> 0 | DH6: =SUM(CX6,CZ6,DB6,DD6,DF6) -> 0 | DS6: =SUM(DI6,DK6,DM6,DO6,DQ6) -> 0 | DT6: =SUM(DJ6,DL6,DN6,DP6,DR6) -> 0 | EE6: =SUM(DU6,DW6,DY6,EA6,EC6) -> 0 | EF6: =SUM(DV6,DX6,DZ6,EB6,ED6) -> 0 | EQ6: =SUM(EG6,EI6,EK6,EM6,EO6) -> 0 | ER6: =SUM(EH6,EJ6,EL6,EN6,EP6) -> 0 | FC6: =SUM(ES6,EU6,EW6,EY6,FA6) -> 0 | FD6: =SUM(ET6,EV6,EX6,EZ6,FB6) -> 0 | FO6: =SUM(FE6,FG6,FI6,FK6,FM6) -> 0 | FP6: =SUM(FF6,FH6,FJ6,FL6,FN6) -> 0 | GA6: =SUM(FQ6,FS6,FU6,FW6,FY6) -> 0 | GB6: =SUM(FR6,FT6,FV6,FX6,FZ6) -> 0
A7: Project Staff | B7: 1102 | C7: =SUM(O7,AA7,AM7,AY7,BK7,BW7,CI7,CU7,DG7,DS7,EE7,EQ7,FC7,FO7,GA7) -> 0 | D7: =SUM(P7,AB7,AN7,AZ7,BL7,BX7,CJ7,CV7,DH7,DT7,EF7,ER7,FD7,FP7,GB7) -> 6000 | H7: 6000 | O7: =SUM(E7,G7,I7,K7,M7) -> 0 | P7: =SUM(F7,H7,J7,L7,N7) -> 6000 | AA7: =SUM(Q7,S7,U7,W7,Y7) -> 0 | AB7: =SUM(R7,T7,V7,X7,Z7) -> 0 | AM7: =SUM(AC7,AE7,AG7,AI7,AK7) -> 0 | AN7: =SUM(AD7,AF7,AH7,AJ7,AL7) -> 0 | AY7: =SUM(AO7,AQ7,AS7,AU7,AW7) -> 0 | AZ7: =SUM(AP7,AR7,AT7,AV7,AX7) -> 0 | BK7: =SUM(BA7,BC7,BE7,BG7,BI7) -> 0 | BL7: =SUM(BB7,BD7,BF7,BH7,BJ7) -> 0 | BW7: =SUM(BM7,BO7,BQ7,BS7,BU7) -> 0 | BX7: =SUM(BN7,BP7,BR7,BT7,BV7) -> 0 | CI7: =SUM(BY7,CA7,CC7,CE7,CG7) -> 0 | CJ7: =SUM(BZ7,CB7,CD7,CF7,CH7) -> 0 | CU7: =SUM(CK7,CM7,CO7,CQ7,CS7) -> 0 | CV7: =SUM(CL7,CN7,CP7,CR7,CT7) -> 0 | DG7: =SUM(CW7,CY7,DA7,DC7,DE7) -> 0 | DH7: =SUM(CX7,CZ7,DB7,DD7,DF7) -> 0 | DS7: =SUM(DI7,DK7,DM7,DO7,DQ7) -> 0 | DT7: =SUM(DJ7,DL7,DN7,DP7,DR7) -> 0 | EE7: =SUM(DU7,DW7,DY7,EA7,EC7) -> 0 | EF7: =SUM(DV7,DX7,DZ7,EB7,ED7) -> 0 | EQ7: =SUM(EG7,EI7,EK7,EM7,EO7) -> 0 | ER7: =SUM(EH7,EJ7,EL7,EN7,EP7) -> 0 | FC7: =SUM(ES7,EU7,EW7,EY7,FA7) -> 0 | FD7: =SUM(ET7,EV7,EX7,EZ7,FB7) -> 0 | FO7: =SUM(FE7,FG7,FI7,FK7,FM7) -> 0 | FP7: =SUM(FF7,FH7,FJ7,FL7,FN7) -> 0 | GA7: =SUM(FQ7,FS7,FU7,FW7,FY7) -> 0 | GB7: =SUM(FR7,FT7,FV7,FX7,FZ7) -> 0
A8: Administrative Staff | B8: 1120 | C8: =SUM(O8,AA8,AM8,AY8,BK8,BW8,CI8,CU8,DG8,DS8,EE8,EQ8,FC8,FO8,GA8) -> 0 | D8: =SUM(P8,AB8,AN8,AZ8,BL8,BX8,CJ8,CV8,DH8,DT8,EF8,ER8,FD8,FP8,GB8) -> 0 | O8: =SUM(E8,G8,I8,K8,M8) -> 0 | P8: =SUM(F8,H8,J8,L8,N8) -> 0 | AA8: =SUM(Q8,S8,U8,W8,Y8) -> 0 | AB8: =SUM(R8,T8,V8,X8,Z8) -> 0 | AM8: =SUM(AC8,AE8,AG8,AI8,AK8) -> 0 | AN8: =SUM(AD8,AF8,AH8,AJ8,AL8) -> 0 | AY8: =SUM(AO8,AQ8,AS8,AU8,AW8) -> 0 | AZ8: =SUM(AP8,AR8,AT8,AV8,AX8) -> 0 | BK8: =SUM(BA8,BC8,BE8,BG8,BI8) -> 0 | BL8: =SUM(BB8,BD8,BF8,BH8,BJ8) -> 0 | BW8: =SUM(BM8,BO8,BQ8,BS8,BU8) -> 0 | BX8: =SUM(BN8,BP8,BR8,BT8,BV8) -> 0 | CI8: =SUM(BY8,CA8,CC8,CE8,CG8) -> 0 | CJ8: =SUM(BZ8,CB8,CD8,CF8,CH8) -> 0 | CU8: =SUM(CK8,CM8,CO8,CQ8,CS8) -> 0 | CV8: =SUM(CL8,CN8,CP8,CR8,CT8) -> 0 | DG8: =SUM(CW8,CY8,DA8,DC8,DE8) -> 0 | DH8: =SUM(CX8,CZ8,DB8,DD8,DF8) -> 0 | DS8: =SUM(DI8,DK8,DM8,DO8,DQ8) -> 0 | DT8: =SUM(DJ8,DL8,DN8,DP8,DR8) -> 0 | EE8: =SUM(DU8,DW8,DY8,EA8,EC8) -> 0 | EF8: =SUM(DV8,DX8,DZ8,EB8,ED8) -> 0 | EQ8: =SUM(EG8,EI8,EK8,EM8,EO8) -> 0 | ER8: =SUM(EH8,EJ8,EL8,EN8,EP8) -> 0 | FC8: =SUM(ES8,EU8,EW8,EY8,FA8) -> 0 | FD8: =SUM(ET8,EV8,EX8,EZ8,FB8) -> 0 | FO8: =SUM(FE8,FG8,FI8,FK8,FM8) -> 0 | FP8: =SUM(FF8,FH8,FJ8,FL8,FN8) -> 0 | GA8: =SUM(FQ8,FS8,FU8,FW8,FY8) -> 0 | GB8: =SUM(FR8,FT8,FV8,FX8,FZ8) -> 0
A9: International Consultants | B9: 1201 | C9: =SUM(O9,AA9,AM9,AY9,BK9,BW9,CI9,CU9,DG9,DS9,EE9,EQ9,FC9,FO9,GA9) -> 2000 | D9: =SUM(P9,AB9,AN9,AZ9,BL9,BX9,CJ9,CV9,DH9,DT9,EF9,ER9,FD9,FP9,GB9) -> 0 | G9: 2000 | O9: =SUM(E9,G9,I9,K9,M9) -> 2000 | P9: =SUM(F9,H9,J9,L9,N9) -> 0 | AA9: =SUM(Q9,S9,U9,W9,Y9) -> 0 | AB9: =SUM(R9,T9,V9,X9,Z9) -> 0 | AM9: =SUM(AC9,AE9,AG9,AI9,AK9) -> 0 | AN9: =SUM(AD9,AF9,AH9,AJ9,AL9) -> 0 | AY9: =SUM(AO9,AQ9,AS9,AU9,AW9) -> 0 | AZ9: =SUM(AP9,AR9,AT9,AV9,AX9) -> 0 | BK9: =SUM(BA9,BC9,BE9,BG9,BI9) -> 0 | BL9: =SUM(BB9,BD9,BF9,BH9,BJ9) -> 0 | BW9: =SUM(BM9,BO9,BQ9,BS9,BU9) -> 0 | BX9: =SUM(BN9,BP9,BR9,BT9,BV9) -> 0 | CI9: =SUM(BY9,CA9,CC9,CE9,CG9) -> 0 | CJ9: =SUM(BZ9,CB9,CD9,CF9,CH9) -> 0 | CU9: =SUM(CK9,CM9,CO9,CQ9,CS9) -> 0 | CV9: =SUM(CL9,CN9,CP9,CR9,CT9) -> 0 | DG9: =SUM(CW9,CY9,DA9,DC9,DE9) -> 0 | DH9: =SUM(CX9,CZ9,DB9,DD9,DF9) -> 0 | DS9: =SUM(DI9,DK9,DM9,DO9,DQ9) -> 0 | DT9: =SUM(DJ9,DL9,DN9,DP9,DR9) -> 0 | EE9: =SUM(DU9,DW9,DY9,EA9,EC9) -> 0 | EF9: =SUM(DV9,DX9,DZ9,EB9,ED9) -> 0 | EQ9: =SUM(EG9,EI9,EK9,EM9,EO9) -> 0 | ER9: =SUM(EH9,EJ9,EL9,EN9,EP9) -> 0 | FC9: =SUM(ES9,EU9,EW9,EY9,FA9) -> 0 | FD9: =SUM(ET9,EV9,EX9,EZ9,FB9) -> 0 | FO9: =SUM(FE9,FG9,FI9,FK9,FM9) -> 0 | FP9: =SUM(FF9,FH9,FJ9,FL9,FN9) -> 0 | GA9: =SUM(FQ9,FS9,FU9,FW9,FY9) -> 0 | GB9: =SUM(FR9,FT9,FV9,FX9,FZ9) -> 0
A10: National Consultants | B10: 1202 | C10: =SUM(O10,AA10,AM10,AY10,BK10,BW10,CI10,CU10,DG10,DS10,EE10,EQ10,FC10,FO10,GA10) -> 0 | D10: =SUM(P10,AB10,AN10,AZ10,BL10,BX10,CJ10,CV10,DH10,DT10,EF10,ER10,FD10,FP10,GB10) -> 0 | O10: =SUM(E10,G10,I10,K10,M10) -> 0 | P10: =SUM(F10,H10,J10,L10,N10) -> 0 | AA10: =SUM(Q10,S10,U10,W10,Y10) -> 0 | AB10: =SUM(R10,T10,V10,X10,Z10) -> 0 | AM10: =SUM(AC10,AE10,AG10,AI10,AK10) -> 0 | AN10: =SUM(AD10,AF10,AH10,AJ10,AL10) -> 0 | AY10: =SUM(AO10,AQ10,AS10,AU10,AW10) -> 0 | AZ10: =SUM(AP10,AR10,AT10,AV10,AX10) -> 0 | BK10: =SUM(BA10,BC10,BE10,BG10,BI10) -> 0 | BL10: =SUM(BB10,BD10,BF10,BH10,BJ10) -> 0 | BW10: =SUM(BM10,BO10,BQ10,BS10,BU10) -> 0 | BX10: =SUM(BN10,BP10,BR10,BT10,BV10) -> 0 | CI10: =SUM(BY10,CA10,CC10,CE10,CG10) -> 0 | CJ10: =SUM(BZ10,CB10,CD10,CF10,CH10) -> 0 | CU10: =SUM(CK10,CM10,CO10,CQ10,CS10) -> 0 | CV10: =SUM(CL10,CN10,CP10,CR10,CT10) -> 0 | DG10: =SUM(CW10,CY10,DA10,DC10,DE10) -> 0 | DH10: =SUM(CX10,CZ10,DB10,DD10,DF10) -> 0 | DS10: =SUM(DI10,DK10,DM10,DO10,DQ10) -> 0 | DT10: =SUM(DJ10,DL10,DN10,DP10,DR10) -> 0 | EE10: =SUM(DU10,DW10,DY10,EA10,EC10) -> 0 | EF10: =SUM(DV10,DX10,DZ10,EB10,ED10) -> 0 | EQ10: =SUM(EG10,EI10,EK10,EM10,EO10) -> 0 | ER10: =SUM(EH10,EJ10,EL10,EN10,EP10) -> 0 | FC10: =SUM(ES10,EU10,EW10,EY10,FA10) -> 0 | FD10: =SUM(ET10,EV10,EX10,EZ10,FB10) -> 0 | FO10: =SUM(FE10,FG10,FI10,FK10,FM10) -> 0 | FP10: =SUM(FF10,FH10,FJ10,FL10,FN10) -> 0 | GA10: =SUM(FQ10,FS10,FU10,FW10,FY10) -> 0 | GB10: =SUM(FR10,FT10,FV10,FX10,FZ10) -> 0
A11: Staff Travel & Transport | B11: 1601 | C11: =SUM(O11,AA11,AM11,AY11,BK11,BW11,CI11,CU11,DG11,DS11,EE11,EQ11,FC11,FO11,GA11) -> 8000 | D11: =SUM(P11,AB11,AN11,AZ11,BL11,BX11,CJ11,CV11,DH11,DT11,EF11,ER11,FD11,FP11,GB11) -> 24000 | E11: 2000 | F11: 6000 | G11: 2000 | H11: 6000 | I11: 2000 | J11: 6000 | K11: 2000 | L11: 6000 | O11: =SUM(E11,G11,I11,K11,M11) -> 8000 | P11: =SUM(F11,H11,J11,L11,N11) -> 24000 | AA11: =SUM(Q11,S11,U11,W11,Y11) -> 0 | AB11: =SUM(R11,T11,V11,X11,Z11) -> 0 | AM11: =SUM(AC11,AE11,AG11,AI11,AK11) -> 0 | AN11: =SUM(AD11,AF11,AH11,AJ11,AL11) -> 0 | AY11: =SUM(AO11,AQ11,AS11,AU11,AW11) -> 0 | AZ11: =SUM(AP11,AR11,AT11,AV11,AX11) -> 0 | BK11: =SUM(BA11,BC11,BE11,BG11,BI11) -> 0 | BL11: =SUM(BB11,BD11,BF11,BH11,BJ11) -> 0 | BW11: =SUM(BM11,BO11,BQ11,BS11,BU11) -> 0 | BX11: =SUM(BN11,BP11,BR11,BT11,BV11) -> 0 | CI11: =SUM(BY11,CA11,CC11,CE11,CG11) -> 0 | CJ11: =SUM(BZ11,CB11,CD11,CF11,CH11) -> 0 | CU11: =SUM(CK11,CM11,CO11,CQ11,CS11) -> 0 | CV11: =SUM(CL11,CN11,CP11,CR11,CT11) -> 0 | DG11: =SUM(CW11,CY11,DA11,DC11,DE11) -> 0 | DH11: =SUM(CX11,CZ11,DB11,DD11,DF11) -> 0 | DS11: =SUM(DI11,DK11,DM11,DO11,DQ11) -> 0 | DT11: =SUM(DJ11,DL11,DN11,DP11,DR11) -> 0 | EE11: =SUM(DU11,DW11,DY11,EA11,EC11) -> 0 | EF11: =SUM(DV11,DX11,DZ11,EB11,ED11) -> 0 | EQ11: =SUM(EG11,EI11,EK11,EM11,EO11) -> 0 | ER11: =SUM(EH11,EJ11,EL11,EN11,EP11) -> 0 | FC11: =SUM(ES11,EU11,EW11,EY11,FA11) -> 0 | FD11: =SUM(ET11,EV11,EX11,EZ11,FB11) -> 0 | FO11: =SUM(FE11,FG11,FI11,FK11,FM11) -> 0 | FP11: =SUM(FF11,FH11,FJ11,FL11,FN11) -> 0 | GA11: =SUM(FQ11,FS11,FU11,FW11,FY11) -> 0 | GB11: =SUM(FR11,FT11,FV11,FX11,FZ11) -> 0
A12: Sub-contract to GOV (US$)ernmental agencies | B12: 2201 | C12: =SUM(O12,AA12,AM12,AY12,BK12,BW12,CI12,CU12,DG12,DS12,EE12,EQ12,FC12,FO12,GA12) -> 30000 | D12: =SUM(P12,AB12,AN12,AZ12,BL12,BX12,CJ12,CV12,DH12,DT12,EF12,ER12,FD12,FP12,GB12) -> 90000 | E12: 5000 | F12: 15000 | G12: 10000 | H12: 30000 | I12: 10000 | J12: 30000 | K12: 5000 | L12: 15000 | O12: =SUM(E12,G12,I12,K12,M12) -> 30000 | P12: =SUM(F12,H12,J12,L12,N12) -> 90000 | AA12: =SUM(Q12,S12,U12,W12,Y12) -> 0 | AB12: =SUM(R12,T12,V12,X12,Z12) -> 0 | AM12: =SUM(AC12,AE12,AG12,AI12,AK12) -> 0 | AN12: =SUM(AD12,AF12,AH12,AJ12,AL12) -> 0 | AY12: =SUM(AO12,AQ12,AS12,AU12,AW12) -> 0 | AZ12: =SUM(AP12,AR12,AT12,AV12,AX12) -> 0 | BK12: =SUM(BA12,BC12,BE12,BG12,BI12) -> 0 | BL12: =SUM(BB12,BD12,BF12,BH12,BJ12) -> 0 | BW12: =SUM(BM12,BO12,BQ12,BS12,BU12) -> 0 | BX12: =SUM(BN12,BP12,BR12,BT12,BV12) -> 0 | CI12: =SUM(BY12,CA12,CC12,CE12,CG12) -> 0 | CJ12: =SUM(BZ12,CB12,CD12,CF12,CH12) -> 0 | CU12: =SUM(CK12,CM12,CO12,CQ12,CS12) -> 0 | CV12: =SUM(CL12,CN12,CP12,CR12,CT12) -> 0 | DG12: =SUM(CW12,CY12,DA12,DC12,DE12) -> 0 | DH12: =SUM(CX12,CZ12,DB12,DD12,DF12) -> 0 | DS12: =SUM(DI12,DK12,DM12,DO12,DQ12) -> 0 | DT12: =SUM(DJ12,DL12,DN12,DP12,DR12) -> 0 | EE12: =SUM(DU12,DW12,DY12,EA12,EC12) -> 0 | EF12: =SUM(DV12,DX12,DZ12,EB12,ED12) -> 0 | EQ12: =SUM(EG12,EI12,EK12,EM12,EO12) -> 0 | ER12: =SUM(EH12,EJ12,EL12,EN12,EP12) -> 0 | FC12: =SUM(ES12,EU12,EW12,EY12,FA12) -> 0 | FD12: =SUM(ET12,EV12,EX12,EZ12,FB12) -> 0 | FO12: =SUM(FE12,FG12,FI12,FK12,FM12) -> 0 | FP12: =SUM(FF12,FH12,FJ12,FL12,FN12) -> 0 | GA12: =SUM(FQ12,FS12,FU12,FW12,FY12) -> 0 | GB12: =SUM(FR12,FT12,FV12,FX12,FZ12) -> 0
A13: Sub-contract to private firms | B13: 2301 | C13: =SUM(O13,AA13,AM13,AY13,BK13,BW13,CI13,CU13,DG13,DS13,EE13,EQ13,FC13,FO13,GA13) -> 13000 | D13: =SUM(P13,AB13,AN13,AZ13,BL13,BX13,CJ13,CV13,DH13,DT13,EF13,ER13,FD13,FP13,GB13) -> 39000 | E13: 2000 | F13: 6000 | G13: 5000 | H13: 15000 | I13: 5000 | J13: 15000 | K13: 1000 | L13: 3000 | O13: =SUM(E13,G13,I13,K13,M13) -> 13000 | P13: =SUM(F13,H13,J13,L13,N13) -> 39000 | AA13: =SUM(Q13,S13,U13,W13,Y13) -> 0 | AB13: =SUM(R13,T13,V13,X13,Z13) -> 0 | AM13: =SUM(AC13,AE13,AG13,AI13,AK13) -> 0 | AN13: =SUM(AD13,AF13,AH13,AJ13,AL13) -> 0 | AY13: =SUM(AO13,AQ13,AS13,AU13,AW13) -> 0 | AZ13: =SUM(AP13,AR13,AT13,AV13,AX13) -> 0 | BK13: =SUM(BA13,BC13,BE13,BG13,BI13) -> 0 | BL13: =SUM(BB13,BD13,BF13,BH13,BJ13) -> 0 | BW13: =SUM(BM13,BO13,BQ13,BS13,BU13) -> 0 | BX13: =SUM(BN13,BP13,BR13,BT13,BV13) -> 0 | CI13: =SUM(BY13,CA13,CC13,CE13,CG13) -> 0 | CJ13: =SUM(BZ13,CB13,CD13,CF13,CH13) -> 0 | CU13: =SUM(CK13,CM13,CO13,CQ13,CS13) -> 0 | CV13: =SUM(CL13,CN13,CP13,CR13,CT13) -> 0 | DG13: =SUM(CW13,CY13,DA13,DC13,DE13) -> 0 | DH13: =SUM(CX13,CZ13,DB13,DD13,DF13) -> 0 | DS13: =SUM(DI13,DK13,DM13,DO13,DQ13) -> 0 | DT13: =SUM(DJ13,DL13,DN13,DP13,DR13) -> 0 | EE13: =SUM(DU13,DW13,DY13,EA13,EC13) -> 0 | EF13: =SUM(DV13,DX13,DZ13,EB13,ED13) -> 0 | EQ13: =SUM(EG13,EI13,EK13,EM13,EO13) -> 0 | ER13: =SUM(EH13,EJ13,EL13,EN13,EP13) -> 0 | FC13: =SUM(ES13,EU13,EW13,EY13,FA13) -> 0 | FD13: =SUM(ET13,EV13,EX13,EZ13,FB13) -> 0 | FO13: =SUM(FE13,FG13,FI13,FK13,FM13) -> 0 | FP13: =SUM(FF13,FH13,FJ13,FL13,FN13) -> 0 | GA13: =SUM(FQ13,FS13,FU13,FW13,FY13) -> 0 | GB13: =SUM(FR13,FT13,FV13,FX13,FZ13) -> 0
A14: Training | B14: 3201 | C14: =SUM(O14,AA14,AM14,AY14,BK14,BW14,CI14,CU14,DG14,DS14,EE14,EQ14,FC14,FO14,GA14) -> 100000 | D14: =SUM(P14,AB14,AN14,AZ14,BL14,BX14,CJ14,CV14,DH14,DT14,EF14,ER14,FD14,FP14,GB14) -> 300000 | E14: 20000 | F14: 60000 | G14: 30000 | H14: 90000 | I14: 30000 | J14: 90000 | K14: 20000 | L14: 60000 | O14: =SUM(E14,G14,I14,K14,M14) -> 100000 | P14: =SUM(F14,H14,J14,L14,N14) -> 300000 | AA14: =SUM(Q14,S14,U14,W14,Y14) -> 0 | AB14: =SUM(R14,T14,V14,X14,Z14) -> 0 | AM14: =SUM(AC14,AE14,AG14,AI14,AK14) -> 0 | AN14: =SUM(AD14,AF14,AH14,AJ14,AL14) -> 0 | AY14: =SUM(AO14,AQ14,AS14,AU14,AW14) -> 0 | AZ14: =SUM(AP14,AR14,AT14,AV14,AX14) -> 0 | BK14: =SUM(BA14,BC14,BE14,BG14,BI14) -> 0 | BL14: =SUM(BB14,BD14,BF14,BH14,BJ14) -> 0 | BW14: =SUM(BM14,BO14,BQ14,BS14,BU14) -> 0 | BX14: =SUM(BN14,BP14,BR14,BT14,BV14) -> 0 | CI14: =SUM(BY14,CA14,CC14,CE14,CG14) -> 0 | CJ14: =SUM(BZ14,CB14,CD14,CF14,CH14) -> 0 | CU14: =SUM(CK14,CM14,CO14,CQ14,CS14) -> 0 | CV14: =SUM(CL14,CN14,CP14,CR14,CT14) -> 0 | DG14: =SUM(CW14,CY14,DA14,DC14,DE14) -> 0 | DH14: =SUM(CX14,CZ14,DB14,DD14,DF14) -> 0 | DS14: =SUM(DI14,DK14,DM14,DO14,DQ14) -> 0 | DT14: =SUM(DJ14,DL14,DN14,DP14,DR14) -> 0 | EE14: =SUM(DU14,DW14,DY14,EA14,EC14) -> 0 | EF14: =SUM(DV14,DX14,DZ14,EB14,ED14) -> 0 | EQ14: =SUM(EG14,EI14,EK14,EM14,EO14) -> 0 | ER14: =SUM(EH14,EJ14,EL14,EN14,EP14) -> 0 | FC14: =SUM(ES14,EU14,EW14,EY14,FA14) -> 0 | FD14: =SUM(ET14,EV14,EX14,EZ14,FB14) -> 0 | FO14: =SUM(FE14,FG14,FI14,FK14,FM14) -> 0 | FP14: =SUM(FF14,FH14,FJ14,FL14,FN14) -> 0 | GA14: =SUM(FQ14,FS14,FU14,FW14,FY14) -> 0 | GB14: =SUM(FR14,FT14,FV14,FX14,FZ14) -> 0
A15: Meetings | B15: 3301 | C15: =SUM(O15,AA15,AM15,AY15,BK15,BW15,CI15,CU15,DG15,DS15,EE15,EQ15,FC15,FO15,GA15) -> 10000 | D15: =SUM(P15,AB15,AN15,AZ15,BL15,BX15,CJ15,CV15,DH15,DT15,EF15,ER15,FD15,FP15,GB15) -> 30000 | E15: 2000 | F15: 6000 | G15: 3000 | H15: 9000 | I15: 3000 | J15: 9000 | K15: 2000 | L15: 6000 | O15: =SUM(E15,G15,I15,K15,M15) -> 10000 | P15: =SUM(F15,H15,J15,L15,N15) -> 30000 | AA15: =SUM(Q15,S15,U15,W15,Y15) -> 0 | AB15: =SUM(R15,T15,V15,X15,Z15) -> 0 | AM15: =SUM(AC15,AE15,AG15,AI15,AK15) -> 0 | AN15: =SUM(AD15,AF15,AH15,AJ15,AL15) -> 0 | AY15: =SUM(AO15,AQ15,AS15,AU15,AW15) -> 0 | AZ15: =SUM(AP15,AR15,AT15,AV15,AX15) -> 0 | BK15: =SUM(BA15,BC15,BE15,BG15,BI15) -> 0 | BL15: =SUM(BB15,BD15,BF15,BH15,BJ15) -> 0 | BW15: =SUM(BM15,BO15,BQ15,BS15,BU15) -> 0 | BX15: =SUM(BN15,BP15,BR15,BT15,BV15) -> 0 | CI15: =SUM(BY15,CA15,CC15,CE15,CG15) -> 0 | CJ15: =SUM(BZ15,CB15,CD15,CF15,CH15) -> 0 | CU15: =SUM(CK15,CM15,CO15,CQ15,CS15) -> 0 | CV15: =SUM(CL15,CN15,CP15,CR15,CT15) -> 0 | DG15: =SUM(CW15,CY15,DA15,DC15,DE15) -> 0 | DH15: =SUM(CX15,CZ15,DB15,DD15,DF15) -> 0 | DS15: =SUM(DI15,DK15,DM15,DO15,DQ15) -> 0 | DT15: =SUM(DJ15,DL15,DN15,DP15,DR15) -> 0 | EE15: =SUM(DU15,DW15,DY15,EA15,EC15) -> 0 | EF15: =SUM(DV15,DX15,DZ15,EB15,ED15) -> 0 | EQ15: =SUM(EG15,EI15,EK15,EM15,EO15) -> 0 | ER15: =SUM(EH15,EJ15,EL15,EN15,EP15) -> 0 | FC15: =SUM(ES15,EU15,EW15,EY15,FA15) -> 0 | FD15: =SUM(ET15,EV15,EX15,EZ15,FB15) -> 0 | FO15: =SUM(FE15,FG15,FI15,FK15,FM15) -> 0 | FP15: =SUM(FF15,FH15,FJ15,FL15,FN15) -> 0 | GA15: =SUM(FQ15,FS15,FU15,FW15,FY15) -> 0 | GB15: =SUM(FR15,FT15,FV15,FX15,FZ15) -> 0
A16: Office supplies and consummables | B16: 4101 | C16: =SUM(O16,AA16,AM16,AY16,BK16,BW16,CI16,CU16,DG16,DS16,EE16,EQ16,FC16,FO16,GA16) -> 4000 | D16: =SUM(P16,AB16,AN16,AZ16,BL16,BX16,CJ16,CV16,DH16,DT16,EF16,ER16,FD16,FP16,GB16) -> 12000 | E16: 1000 | F16: 3000 | G16: 1000 | H16: 3000 | I16: 1000 | J16: 3000 | K16: 1000 | L16: 3000 | O16: =SUM(E16,G16,I16,K16,M16) -> 4000 | P16: =SUM(F16,H16,J16,L16,N16) -> 12000 | AA16: =SUM(Q16,S16,U16,W16,Y16) -> 0 | AB16: =SUM(R16,T16,V16,X16,Z16) -> 0 | AM16: =SUM(AC16,AE16,AG16,AI16,AK16) -> 0 | AN16: =SUM(AD16,AF16,AH16,AJ16,AL16) -> 0 | AY16: =SUM(AO16,AQ16,AS16,AU16,AW16) -> 0 | AZ16: =SUM(AP16,AR16,AT16,AV16,AX16) -> 0 | BK16: =SUM(BA16,BC16,BE16,BG16,BI16) -> 0 | BL16: =SUM(BB16,BD16,BF16,BH16,BJ16) -> 0 | BW16: =SUM(BM16,BO16,BQ16,BS16,BU16) -> 0 | BX16: =SUM(BN16,BP16,BR16,BT16,BV16) -> 0 | CI16: =SUM(BY16,CA16,CC16,CE16,CG16) -> 0 | CJ16: =SUM(BZ16,CB16,CD16,CF16,CH16) -> 0 | CU16: =SUM(CK16,CM16,CO16,CQ16,CS16) -> 0 | CV16: =SUM(CL16,CN16,CP16,CR16,CT16) -> 0 | DG16: =SUM(CW16,CY16,DA16,DC16,DE16) -> 0 | DH16: =SUM(CX16,CZ16,DB16,DD16,DF16) -> 0 | DS16: =SUM(DI16,DK16,DM16,DO16,DQ16) -> 0 | DT16: =SUM(DJ16,DL16,DN16,DP16,DR16) -> 0 | EE16: =SUM(DU16,DW16,DY16,EA16,EC16) -> 0 | EF16: =SUM(DV16,DX16,DZ16,EB16,ED16) -> 0 | EQ16: =SUM(EG16,EI16,EK16,EM16,EO16) -> 0 | ER16: =SUM(EH16,EJ16,EL16,EN16,EP16) -> 0 | FC16: =SUM(ES16,EU16,EW16,EY16,FA16) -> 0 | FD16: =SUM(ET16,EV16,EX16,EZ16,FB16) -> 0 | FO16: =SUM(FE16,FG16,FI16,FK16,FM16) -> 0 | FP16: =SUM(FF16,FH16,FJ16,FL16,FN16) -> 0 | GA16: =SUM(FQ16,FS16,FU16,FW16,FY16) -> 0 | GB16: =SUM(FR16,FT16,FV16,FX16,FZ16) -> 0
A17: Laboratory supplies and consummables | B17: 4102 | C17: =SUM(O17,AA17,AM17,AY17,BK17,BW17,CI17,CU17,DG17,DS17,EE17,EQ17,FC17,FO17,GA17) -> 0 | D17: =SUM(P17,AB17,AN17,AZ17,BL17,BX17,CJ17,CV17,DH17,DT17,EF17,ER17,FD17,FP17,GB17) -> 0 | O17: =SUM(E17,G17,I17,K17,M17) -> 0 | P17: =SUM(F17,H17,J17,L17,N17) -> 0 | AA17: =SUM(Q17,S17,U17,W17,Y17) -> 0 | AB17: =SUM(R17,T17,V17,X17,Z17) -> 0 | AM17: =SUM(AC17,AE17,AG17,AI17,AK17) -> 0 | AN17: =SUM(AD17,AF17,AH17,AJ17,AL17) -> 0 | AY17: =SUM(AO17,AQ17,AS17,AU17,AW17) -> 0 | AZ17: =SUM(AP17,AR17,AT17,AV17,AX17) -> 0 | BK17: =SUM(BA17,BC17,BE17,BG17,BI17) -> 0 | BL17: =SUM(BB17,BD17,BF17,BH17,BJ17) -> 0 | BW17: =SUM(BM17,BO17,BQ17,BS17,BU17) -> 0 | BX17: =SUM(BN17,BP17,BR17,BT17,BV17) -> 0 | CI17: =SUM(BY17,CA17,CC17,CE17,CG17) -> 0 | CJ17: =SUM(BZ17,CB17,CD17,CF17,CH17) -> 0 | CU17: =SUM(CK17,CM17,CO17,CQ17,CS17) -> 0 | CV17: =SUM(CL17,CN17,CP17,CR17,CT17) -> 0 | DG17: =SUM(CW17,CY17,DA17,DC17,DE17) -> 0 | DH17: =SUM(CX17,CZ17,DB17,DD17,DF17) -> 0 | DS17: =SUM(DI17,DK17,DM17,DO17,DQ17) -> 0 | DT17: =SUM(DJ17,DL17,DN17,DP17,DR17) -> 0 | EE17: =SUM(DU17,DW17,DY17,EA17,EC17) -> 0 | EF17: =SUM(DV17,DX17,DZ17,EB17,ED17) -> 0 | EQ17: =SUM(EG17,EI17,EK17,EM17,EO17) -> 0 | ER17: =SUM(EH17,EJ17,EL17,EN17,EP17) -> 0 | FC17: =SUM(ES17,EU17,EW17,EY17,FA17) -> 0 | FD17: =SUM(ET17,EV17,EX17,EZ17,FB17) -> 0 | FO17: =SUM(FE17,FG17,FI17,FK17,FM17) -> 0 | FP17: =SUM(FF17,FH17,FJ17,FL17,FN17) -> 0 | GA17: =SUM(FQ17,FS17,FU17,FW17,FY17) -> 0 | GB17: =SUM(FR17,FT17,FV17,FX17,FZ17) -> 0
